Workbook
Name BUCODE: [1]Parameter!$C$5
Name BUCODE: [1]Parameter!$C$5
Name BUCODE: [1]Parameter!$C$5
Name BUCODE: [2]Parameter!$C$5
Name BUCODE: [2]Parameter!$C$5
Name BUCODE: [2]Parameter!$C$5
Name BUCODE: [2]Parameter!$C$5
Name BUCODE: [1]Parameter!$C$5
Name BUCODE: [1]Parameter!$C$5
Name BUCODE: [1]Parameter!$C$5
Name BUCODE: [2]Parameter!$C$5
Name BUCODE: [1]Parameter!$C$5
Name BUCODE: [2]Parameter!$C$5
Name BUCODE: [2]Parameter!$C$5
Name BUCODE: [2]Parameter!$C$5
Name BUCODE: [2]Parameter!$C$5
Name BUCODE: [1]Parameter!$C$5
Name BUCODE: [1]Parameter!$C$5
Name BUCODE: [1]Parameter!$C$5
Name BUCODE: [2]Parameter!$C$5
Name BUCODE: [2]Parameter!$C$5
Name BUCODE: [2]Parameter!$C$5
Name BUCODE: [1]Parameter!$C$5
Name BUCODE: [1]Parameter!$C$5
Name BUCODE: Parameter!$C$5
Name BUCODE_2: [3]Parameter!$C$6
Name BUCODE_2: [3]Parameter!$C$6
Name BUCODE_2: [3]Parameter!$C$6
Name BUCODE_2: [3]Parameter!$C$6
Name BUCODE_2: [3]Parameter!$C$6
Name BUCODE_2: [3]Parameter!$C$6
Name BUCODE_2: [3]Parameter!$C$6
Name BUCODE_2: [4]Parameter!$C$6
Name CP: [1]Parameter!$C$7
Name CP: [1]Parameter!$C$7
Name CP: [1]Parameter!$C$7
Name CP: [2]Parameter!$C$7
Name CP: [2]Parameter!$C$7
Name CP: [2]Parameter!$C$7
Name CP: [2]Parameter!$C$7
Name CP: [1]Parameter!$C$7
Name CP: [1]Parameter!$C$7
Name CP: [1]Parameter!$C$7
Name CP: [2]Parameter!$C$7
Name CP: [1]Parameter!$C$7
Name CP: [2]Parameter!$C$7
Name CP: [2]Parameter!$C$7
Name CP: [2]Parameter!$C$7
Name CP: [2]Parameter!$C$7
Name CP: [1]Parameter!$C$7
Name CP: [1]Parameter!$C$7
Name CP: [1]Parameter!$C$7
Name CP: [2]Parameter!$C$7
Name CP: [2]Parameter!$C$7
Name CP: [2]Parameter!$C$7
Name CP: [1]Parameter!$C$7
Name CP: [1]Parameter!$C$7
Name CP: Parameter!$C$7
Name HotelnameC: Parameter!$C$3
Name HotelnameE: Parameter!$C$2

Sheet Ls_XLB_WorkbookFile

Sheet Ls_AgXLB_WorkbookFile

Sheet Version
A1: v1.0 | B1: 43136 | C1: Uranus | D1: First Release

Sheet Parameter
B2: Hotel Name | C2: DYTZH | F2: 修改内容如下： | G2: 修改前 | H2: 修改后
F3: 1.更改首页Period | G3: 2025001 | H3: 2025001
F4: 2修改每一个页面的D7 | G4: 2025 | H4: 2025
B5: Bsiness Unit
B7: Period: | C7: =H3 -> 2025001
B8: Year | C8: =LEFT(CP,4) -> 2025 | D8: 公式单元格，不需要输入
B9: First Period | C9: =LEFT(CP,4)&"001" -> 2025001 | D9: 公式单元格，不需要输入
B11: Current Period LY | C11: =CP-1000 -> 2024001 | D11: 公式单元格，不需要输入
B13: First Period LY | C13: =C9-1000 -> 2024001 | D13: 公式单元格，不需要输入
B15: Budget | C15: B

Sheet Summary
D1: DMH-DYTZH | R1: 2018001
R2: 2018012
R3: B
D4: Hotel Budget Report
D5: 酒店预算报表
D6: Income Statement
D7: =Parameter!H4 -> 2025
E9: 1 | F9: 2 | G9: 3 | H9: 4 | I9: 5 | J9: 6 | K9: 7 | L9: 8 | M9: 9 | N9: 10 | O9: 11 | P9: 12 | Q9: 2025 | R9: 2018
A10: Account | B10: Dept | E10: BUDGET | F10: BUDGET | G10: BUDGET | H10: BUDGET | I10: BUDGET | J10: BUDGET | K10: BUDGET | L10: BUDGET | M10: BUDGET | N10: BUDGET | O10: BUDGET | P10: BUDGET | Q10: BUDGET | R10: ACT + FCST
A11: <<30100110..30100192,38108100,39810200..39810300 | B11: <<10099..10999 | D11: Rooms Revenue 客房收入 | E11: ='Rooms Summary'!E20 -> 3495421.6 | F11: ='Rooms Summary'!F20 -> 5888439.7 | G11: ='Rooms Summary'!G20 -> 2564914 | H11: ='Rooms Summary'!H20 -> 2644855.4 | I11: ='Rooms Summary'!I20 -> 3714758.3 | J11: ='Rooms Summary'!J20 -> 2615673.5 | K11: ='Rooms Summary'!K20 -> 4363040 | L11: ='Rooms Summary'!L20 -> 4818913 | ... P11: ='Rooms Summary'!P20 -> 3915791 | Q11: =SUM(E11:P11) -> 43954744 | R11: 48895292 | S11: =Q11/$Q$16 -> 0.55184699
A12: <<30200210..30400050,38108100,39810200..39810300 | B12: <<20001..29999 | D12: Food and Beverage Revenue 餐饮收入 | E12: =+'F&B Summary'!E50 -> 2625339.6 | F12: =+'F&B Summary'!F50 -> 1944737.8 | G12: =+'F&B Summary'!G50 -> 2912613.6 | H12: =+'F&B Summary'!H50 -> 2523722 | I12: =+'F&B Summary'!I50 -> 3021363.6 | J12: =+'F&B Summary'!J50 -> 2773652 | K12: =+'F&B Summary'!K50 -> 2953527.6 | L12: =+'F&B Summary'!L50 -> 2719027.6 | ... P12: =+'F&B Summary'!P50 -> 3541547.6 | Q12: =SUM(E12:P12) -> 35114393 | R12: 39757381 | S12: =Q12/$Q$16 -> 0.44085736
A13: <<36010011..36800100,37013000,38108100,39810200..39810300 | B13: <<31099..39000 | D13: Other Operating Dept. Revenue 他运营部门收入 | E13: =+SUM(OOD!E12:E26) -> 17600 | F13: =+SUM(OOD!F12:F26) -> 24500 | G13: =+SUM(OOD!G12:G26) -> 29100 | H13: =+SUM(OOD!H12:H26) -> 35100 | I13: =+SUM(OOD!I12:I26) -> 43000 | J13: =+SUM(OOD!J12:J26) -> 47100 | K13: =+SUM(OOD!K12:K26) -> 54500 | L13: =+SUM(OOD!L12:L26) -> 48500 | ... P13: =+SUM(OOD!P12:P26) -> 77100 | Q13: =SUM(E13:P13) -> 581100 | R13: 2231199.1 | S13: =Q13/$Q$16 -> 0.0072956469
A14: <<37011000,38108100,39810200..39810300 | B14: <<39801 | D14: Shop&Showcase Revenue 零售和展柜收入 | Q14: =SUM(E14:P14) -> 0 | R14: 0 | S14: =Q14/$Q$16 -> 0
A15: <<36800200..37010000,37012000..39810300 | B15: <<39801 | D15: Hotel Miscellaneous Revenue 酒店杂项收入 | Q15: =SUM(E15:P15) -> 0 | R15: 44197.76 | S15: =Q15/$Q$16 -> 0
D16: Total Gross Operating Revenue 运营总收入 | E16: =SUBTOTAL(9,E11:E15) -> 6138361.2 | F16: =SUBTOTAL(9,F11:F15) -> 7857677.5 | G16: =SUBTOTAL(9,G11:G15) -> 5506627.6 | H16: =SUBTOTAL(9,H11:H15) -> 5203677.4 | I16: =SUBTOTAL(9,I11:I15) -> 6779121.9 | J16: =SUBTOTAL(9,J11:J15) -> 5436425.5 | K16: =SUBTOTAL(9,K11:K15) -> 7371067.6 | L16: =SUBTOTAL(9,L11:L15) -> 7586440.6 | ... Q16: =SUBTOTAL(9,Q11:Q15) -> 79650237 | R16: 90928070 | S16: =Q16/$Q$16 -> 1
A18: <<40200100..69999999 | B18: <<10099..10999 | D18: Rooms Expenses 客房费用 | E18: ='Rooms Summary'!E103+'Rooms Summary'!E156 -> 1227482.5 | F18: ='Rooms Summary'!F103+'Rooms Summary'!F156 -> 1418153.6 | G18: ='Rooms Summary'!G103+'Rooms Summary'!G156 -> 1139613.7 | H18: ='Rooms Summary'!H103+'Rooms Summary'!H156 -> 1168131.3 | I18: ='Rooms Summary'!I103+'Rooms Summary'!I156 -> 1290466.7 | J18: ='Rooms Summary'!J103+'Rooms Summary'!J156 -> 1140597.6 | K18: ='Rooms Summary'!K103+'Rooms Summary'!K156 -> 1442736.5 | L18: ='Rooms Summary'!L103+'Rooms Summary'!L156 -> 1502668.8 | ... P18: ='Rooms Summary'!P103+'Rooms Summary'!P156 -> 1318835.7 | Q18: =SUM(E18:P18) -> 15351156 | R18: 12968787 | S18: =Q18/Q11 -> 0.34924913 | X18: =V18-W18 -> 0
A19: <<40200100..69999999 | B19: <<20001..29999 | D19: Food and Beverage Expenses 餐饮费用 | E19: =+'F&B Summary'!E57+'F&B Summary'!E59+'F&B Summary'!E130 -> 2515819.2 | F19: =+'F&B Summary'!F57+'F&B Summary'!F59+'F&B Summary'!F130 -> 2083682.9 | G19: =+'F&B Summary'!G57+'F&B Summary'!G59+'F&B Summary'!G130 -> 2501953.4 | H19: =+'F&B Summary'!H57+'F&B Summary'!H59+'F&B Summary'!H130 -> 2389804.7 | I19: =+'F&B Summary'!I57+'F&B Summary'!I59+'F&B Summary'!I130 -> 2696792.1 | J19: =+'F&B Summary'!J57+'F&B Summary'!J59+'F&B Summary'!J130 -> 2537094.4 | K19: =+'F&B Summary'!K57+'F&B Summary'!K59+'F&B Summary'!K130 -> 2659110.3 | L19: =+'F&B Summary'!L57+'F&B Summary'!L59+'F&B Summary'!L130 -> 2566481.8 | ... P19: =+'F&B Summary'!P57+'F&B Summary'!P59+'F&B Summary'!P130 -> 2949229.3 | Q19: =SUM(E19:P19) -> 31616364 | R19: 30954638 | S19: =Q19/Q12 -> 0.90038191
A20: <<40200100..69999999 | B20: <<31099..39000 | D20: Other Operating Dept. Expenses 他运营部门费用 | E20: =+OOD!E98+OOD!E45 -> 99724.11 | F20: =+OOD!F98+OOD!F45 -> 89100.35 | G20: =+OOD!G98+OOD!G45 -> 89268.68 | H20: =+OOD!H98+OOD!H45 -> 100065.91 | I20: =+OOD!I98+OOD!I45 -> 127512.22 | J20: =+OOD!J98+OOD!J45 -> 115542.34 | K20: =+OOD!K98+OOD!K45 -> 115618.41 | L20: =+OOD!L98+OOD!L45 -> 116949.49 | ... P20: =+OOD!P98+OOD!P45 -> 95387.53 | Q20: =SUM(E20:P20) -> 1291386.7 | R20: 1022491.6 | S20: =Q20/Q13 -> 2.222314
D21: Total Gross Operating Expenses 运营总费用 | E21: =SUBTOTAL(9,E18:E20) -> 3843025.8 | F21: =SUBTOTAL(9,F18:F20) -> 3590936.9 | G21: =SUBTOTAL(9,G18:G20) -> 3730835.8 | H21: =SUBTOTAL(9,H18:H20) -> 3658001.9 | I21: =SUBTOTAL(9,I18:I20) -> 4114771 | J21: =SUBTOTAL(9,J18:J20) -> 3793234.4 | K21: =SUBTOTAL(9,K18:K20) -> 4217465.2 | L21: =SUBTOTAL(9,L18:L20) -> 4186100 | ... Q21: =SUBTOTAL(9,Q18:Q20) -> 48258907 | R21: 44945917 | S21: =Q21/Q16 -> 0.60588529
D23: Rooms Profit 客房利润 | E23: =E$11-E$18 -> 2267939.1 | F23: =F$11-F$18 -> 4470286.1 | G23: =G$11-G$18 -> 1425300.3 | H23: =H$11-H$18 -> 1476724.1 | I23: =I$11-I$18 -> 2424291.6 | J23: =J$11-J$18 -> 1475075.9 | K23: =K$11-K$18 -> 2920303.5 | L23: =L$11-L$18 -> 3316244.2 | ... P23: =P$11-P$18 -> 2596955.3 | Q23: =SUM(E23:P23) -> 28603588 | R23: 35926504 | S23: =Q23/Q11 -> 0.65075087
D24: Food and Beverage Profit 餐饮利润 | E24: =E$12-E$19 -> 109520.37 | F24: =F$12-F$19 -> -138945.12 | G24: =G$12-G$19 -> 410660.17 | H24: =H$12-H$19 -> 133917.28 | I24: =I$12-I$19 -> 324571.5 | J24: =J$12-J$19 -> 236557.55 | K24: =K$12-K$19 -> 294417.31 | L24: =L$12-L$19 -> 152545.84 | ... P24: =P$12-P$19 -> 592318.35 | Q24: =SUM(E24:P24) -> 3498028.7 | R24: 8802742.6 | S24: =Q24/Q12 -> 0.099618088
D25: Other Operating Dept. Profit 他运营部门利润 | E25: =E$13-E$20 -> -82124.11 | F25: =F$13-F$20 -> -64600.35 | G25: =G$13-G$20 -> -60168.68 | H25: =H$13-H$20 -> -64965.91 | I25: =I$13-I$20 -> -84512.22 | J25: =J$13-J$20 -> -68442.34 | K25: =K$13-K$20 -> -61118.41 | L25: =L$13-L$20 -> -68449.49 | ... P25: =P$13-P$20 -> -18287.53 | Q25: =SUM(E25:P25) -> -710286.65 | R25: 1208707.4 | S25: =Q25/Q13 -> -1.222314
D26: Shop&Showcase Profit 零售和展柜利润 | E26: =E$14 -> 0 | F26: =F$14 -> 0 | G26: =G$14 -> 0 | H26: =H$14 -> 0 | I26: =I$14 -> 0 | J26: =J$14 -> 0 | K26: =K$14 -> 0 | L26: =L$14 -> 0 | ... P26: =P$14 -> 0 | Q26: =SUM(E26:P26) -> 0 | R26: 0
D27: Miscellaneous Profit 杂项利润 | E27: =E$15 -> 0 | F27: =F$15 -> 0 | G27: =G$15 -> 0 | H27: =H$15 -> 0 | I27: =I$15 -> 0 | J27: =J$15 -> 0 | K27: =K$15 -> 0 | L27: =L$15 -> 0 | ... P27: =P$15 -> 0 | Q27: =SUM(E27:P27) -> 0 | R27: 44197.76
D28: Total Departmental Profit 部门利润合计 | E28: =SUBTOTAL(9,E23:E27) -> 2295335.4 | F28: =SUBTOTAL(9,F23:F27) -> 4266740.6 | G28: =SUBTOTAL(9,G23:G27) -> 1775791.8 | H28: =SUBTOTAL(9,H23:H27) -> 1545675.5 | I28: =SUBTOTAL(9,I23:I27) -> 2664350.9 | J28: =SUBTOTAL(9,J23:J27) -> 1643191.1 | K28: =SUBTOTAL(9,K23:K27) -> 3153602.4 | L28: =SUBTOTAL(9,L23:L27) -> 3400340.6 | ... Q28: =SUBTOTAL(9,Q23:Q27) -> 31391330 | R28: 45982152 | S28: =Q28/Q16 -> 0.39411471
A30: <<50010100..699999999 | B30: <<41001..41004,42004,43004 | D30: Administrative and General 行政部门费用 | E30: =+'A&G'!E159 -> 865404.52 | F30: =+'A&G'!F159 -> 850938.12 | G30: =+'A&G'!G159 -> 845911.92 | H30: =+'A&G'!H159 -> 869122.96 | I30: =+'A&G'!I159 -> 867076.91 | J30: =+'A&G'!J159 -> 852211.08 | K30: =+'A&G'!K159 -> 914143.3 | L30: =+'A&G'!L159 -> 844695.78 | ... P30: =+'A&G'!P159 -> 924122.76 | Q30: =SUM(E30:P30) -> 10517723 | R30: 12763695 | S30: =Q30/$Q$16 -> 0.13204887
A31: <<50010100..60014800,60014820..699999999 | B31: <<41071..41073 | D31: Marketing and Sales 营销费用 | E31: =+'S&M'!E158-'S&M'!E150 -> 571755.73 | F31: =+'S&M'!F158-'S&M'!F150 -> 630907.89 | G31: =+'S&M'!G158-'S&M'!G150 -> 628798.76 | H31: =+'S&M'!H158-'S&M'!H150 -> 702668.11 | I31: =+'S&M'!I158-'S&M'!I150 -> 601074.89 | J31: =+'S&M'!J158-'S&M'!J150 -> 719151.72 | K31: =+'S&M'!K158-'S&M'!K150 -> 523330.12 | L31: =+'S&M'!L158-'S&M'!L150 -> 522354.68 | ... P31: =+'S&M'!P158-'S&M'!P150 -> 770382.21 | Q31: =SUM(E31:P31) -> 7773172.1 | R31: 4610708.6 | S31: =Q31/$Q$16 -> 0.097591325
A32: <<60014810 | B32: <<41071..41073 | D32: Marketing Fund 市场营销基金 | E32: =+'S&M'!E150 -> 92075.418 | F32: =+'S&M'!F150 -> 117865.16 | G32: =+'S&M'!G150 -> 82599.414 | H32: =+'S&M'!H150 -> 78055.161 | I32: =+'S&M'!I150 -> 101686.83 | J32: =+'S&M'!J150 -> 81546.382 | K32: =+'S&M'!K150 -> 110566.01 | L32: =+'S&M'!L150 -> 113796.61 | ... P32: =+'S&M'!P150 -> 113016.58 | Q32: =SUM(E32:P32) -> 1194753.6 | R32: 1402591.1 | S32: =Q32/$Q$16 -> 0.015
A33: <<50010100..699999999 | B33: <<41006 | D33: Repairs and Maintenance 工程维修维护费 | E33: =+'R&M'!E159 -> 313749.97 | F33: =+'R&M'!F159 -> 286847.78 | G33: =+'R&M'!G159 -> 286100.06 | H33: =+'R&M'!H159 -> 294159.56 | I33: =+'R&M'!I159 -> 298804.26 | J33: =+'R&M'!J159 -> 288791.54 | K33: =+'R&M'!K159 -> 288418.4 | L33: =+'R&M'!L159 -> 288465.02 | ... P33: =+'R&M'!P159 -> 284279.36 | Q33: =SUM(E33:P33) -> 3517888.4 | R33: 3141775 | S33: =Q33/$Q$16 -> 0.044166704
A34: <<50010100..699999999 | B34: <<41005 | D34: Utilities 能源 | E34: =+Utilities!E18 -> 581200 | F34: =+Utilities!F18 -> 601200 | G34: =+Utilities!G18 -> 529200 | H34: =+Utilities!H18 -> 568200 | I34: =+Utilities!I18 -> 619200 | J34: =+Utilities!J18 -> 636200 | K34: =+Utilities!K18 -> 670200 | L34: =+Utilities!L18 -> 665200 | ... P34: =+Utilities!P18 -> 586200 | Q34: =SUM(E34:P34) -> 7284400 | R34: 8485679.3 | S34: =Q34/$Q$16 -> 0.091454844
D35: Total Undistributed Operating Expenses 其他费用合计 | E35: =SUBTOTAL(9,E30:E34) -> 2424185.6 | F35: =SUBTOTAL(9,F30:F34) -> 2487758.9 | G35: =SUBTOTAL(9,G30:G34) -> 2372610.2 | H35: =SUBTOTAL(9,H30:H34) -> 2512205.8 | I35: =SUBTOTAL(9,I30:I34) -> 2487842.9 | J35: =SUBTOTAL(9,J30:J34) -> 2577900.7 | K35: =SUBTOTAL(9,K30:K34) -> 2506657.8 | L35: =SUBTOTAL(9,L30:L34) -> 2434512.1 | ... Q35: =SUBTOTAL(9,Q30:Q34) -> 30287938 | R35: 30404449 | S35: =Q35/$Q$16 -> 0.38026174
D36: Gross Operating Profit 经营毛利额 | E36: =E28-E35 -> -128850.25 | F36: =F28-F35 -> 1778981.7 | G36: =G28-G35 -> -596818.32 | H36: =H28-H35 -> -966530.33 | I36: =I28-I35 -> 176508 | J36: =J28-J35 -> -934709.58 | K36: =K28-K35 -> 646944.57 | L36: =L28-L35 -> 965828.5 | ... Q36: =Q28-Q35 -> 1103392.3 | R36: 15577703 | S36: =Q36/$Q$16 -> 0.013852969
D37: Gross Operating Profit % 经营毛利率% | E37: =IF(E36=0,0,E36/E16) -> -0.020990986 | F37: =IF(F36=0,0,F36/F16) -> 0.22640045 | G37: =IF(G36=0,0,G36/G16) -> -0.10838182 | H37: =IF(H36=0,0,H36/H16) -> -0.18573986 | I37: =IF(I36=0,0,I36/I16) -> 0.026037 | J37: =IF(J36=0,0,J36/J16) -> -0.17193459 | K37: =IF(K36=0,0,K36/K16) -> 0.087768096 | L37: =IF(L36=0,0,L36/L16) -> 0.12730983 | ... Q37: =IF(Q36=0,0,Q36/Q16) -> 0.013852969 | R37: 0.17131896
A39: <<70010100 | B39: <<70011 | D39: Basic Management Fees 基本管理费 | E39: ='Fixed Charge'!E14 -> 210000 | F39: ='Fixed Charge'!F14 -> 210000 | G39: ='Fixed Charge'!G14 -> 210000 | H39: ='Fixed Charge'!H14 -> 210000 | I39: ='Fixed Charge'!I14 -> 210000 | J39: ='Fixed Charge'!J14 -> 210000 | K39: ='Fixed Charge'!K14 -> 210000 | L39: ='Fixed Charge'!L14 -> 210000 | ... P39: ='Fixed Charge'!P14 -> 210000 | Q39: =SUM(E39:P39) -> 2520000 | R39: 1756590.6 | S39: =Q39/$Q$16 -> 0.031638324
A40: <<70010200 | B40: <<70011 | D40: Incentive Management Fees 奖励管理费 | E40: ='Fixed Charge'!E15 -> 0 | F40: ='Fixed Charge'!F15 -> 0 | G40: ='Fixed Charge'!G15 -> 0 | H40: ='Fixed Charge'!H15 -> 0 | I40: ='Fixed Charge'!I15 -> 0 | J40: ='Fixed Charge'!J15 -> 0 | K40: ='Fixed Charge'!K15 -> 0 | L40: ='Fixed Charge'!L15 -> 0 | ... P40: ='Fixed Charge'!P15 -> 0 | Q40: =SUM(E40:P40) -> 0 | R40: 536009.06 | S40: =Q40/$Q$16 -> 0
D41: Profit Before Fixed Charges 固定费用前利润 | E41: =E36-E39-E40 -> -338850.25 | F41: =F36-F39-F40 -> 1568981.7 | G41: =G36-G39-G40 -> -806818.32 | H41: =H36-H39-H40 -> -1176530.3 | I41: =I36-I39-I40 -> -33492.001 | J41: =J36-J39-J40 -> -1144709.6 | K41: =K36-K39-K40 -> 436944.57 | L41: =L36-L39-L40 -> 755828.5 | ... Q41: =Q36-Q39-Q40 -> -1416607.7 | R41: 13285103 | S41: =Q41/$Q$16 -> -0.017785355
A43: <<70010300..70010400 | B43: <<70011 | D43: Rent 房租 | E43: ='Fixed Charge'!E17+'Fixed Charge'!E16 -> 108800 | F43: ='Fixed Charge'!F17+'Fixed Charge'!F16 -> 108800 | G43: ='Fixed Charge'!G17+'Fixed Charge'!G16 -> 108800 | H43: ='Fixed Charge'!H17+'Fixed Charge'!H16 -> 108800 | I43: ='Fixed Charge'!I17+'Fixed Charge'!I16 -> 108800 | J43: ='Fixed Charge'!J17+'Fixed Charge'!J16 -> 108800 | K43: ='Fixed Charge'!K17+'Fixed Charge'!K16 -> 108800 | L43: ='Fixed Charge'!L17+'Fixed Charge'!L16 -> 108800 | ... P43: ='Fixed Charge'!P17+'Fixed Charge'!P16 -> 108800 | Q43: =SUM(E43:P43) -> 1305600 | R43: 1629749.1 | S43: =Q43/$Q$16 -> 0.016391665
A44: <<70010010 | B44: <<70011 | D44: Tax and Related Fees 税金及相关附加费 | E44: ='Fixed Charge'!E13 -> 677.37464 | F44: ='Fixed Charge'!F13 -> 687.53035 | G44: ='Fixed Charge'!G13 -> 711.39236 | H44: ='Fixed Charge'!H13 -> 692.11262 | I44: ='Fixed Charge'!I13 -> 757.4447 | J44: ='Fixed Charge'!J13 -> 720.38948 | K44: ='Fixed Charge'!K13 -> 795.5104 | L44: ='Fixed Charge'!L13 -> 766.76552 | ... P44: ='Fixed Charge'!P13 -> 902.55026 | Q44: =SUM(E44:P44) -> 9189.3777 | R44: 262762.54 | S44: =Q44/$Q$16 -> 0.00011537163
A45: <<70010800..70011000 | B45: <<70011 | D45: Insurance 保险 | E45: ='Fixed Charge'!E22+'Fixed Charge'!E23+'Fixed Charge'!E21 -> 0 | F45: ='Fixed Charge'!F22+'Fixed Charge'!F23+'Fixed Charge'!F21 -> 0 | G45: ='Fixed Charge'!G22+'Fixed Charge'!G23+'Fixed Charge'!G21 -> 0 | H45: ='Fixed Charge'!H22+'Fixed Charge'!H23+'Fixed Charge'!H21 -> 0 | I45: ='Fixed Charge'!I22+'Fixed Charge'!I23+'Fixed Charge'!I21 -> 0 | J45: ='Fixed Charge'!J22+'Fixed Charge'!J23+'Fixed Charge'!J21 -> 0 | K45: ='Fixed Charge'!K22+'Fixed Charge'!K23+'Fixed Charge'!K21 -> 0 | L45: ='Fixed Charge'!L22+'Fixed Charge'!L23+'Fixed Charge'!L21 -> 0 | ... P45: ='Fixed Charge'!P22+'Fixed Charge'!P23+'Fixed Charge'!P21 -> 0 | Q45: =SUM(E45:P45) -> 0 | R45: 342064.34 | S45: =Q45/$Q$16 -> 0
A46: <<70010600 | B46: <<70011 | D46: Others 其他 | E46: ='Fixed Charge'!E18+'Fixed Charge'!E19 -> 0 | F46: ='Fixed Charge'!F18+'Fixed Charge'!F19 -> 0 | G46: ='Fixed Charge'!G18+'Fixed Charge'!G19 -> 0 | H46: ='Fixed Charge'!H18+'Fixed Charge'!H19 -> 0 | I46: ='Fixed Charge'!I18+'Fixed Charge'!I19 -> 0 | J46: ='Fixed Charge'!J18+'Fixed Charge'!J19 -> 0 | K46: ='Fixed Charge'!K18+'Fixed Charge'!K19 -> 0 | L46: ='Fixed Charge'!L18+'Fixed Charge'!L19 -> 0 | ... P46: ='Fixed Charge'!P18+'Fixed Charge'!P19 -> 0 | Q46: =SUM(E46:P46) -> 0 | R46: 0
D47: Total Fixed Charges 固定费用合计 | E47: =SUBTOTAL(9,E43:E46) -> 109477.37 | F47: =SUBTOTAL(9,F43:F46) -> 109487.53 | G47: =SUBTOTAL(9,G43:G46) -> 109511.39 | H47: =SUBTOTAL(9,H43:H46) -> 109492.11 | I47: =SUBTOTAL(9,I43:I46) -> 109557.44 | J47: =SUBTOTAL(9,J43:J46) -> 109520.39 | K47: =SUBTOTAL(9,K43:K46) -> 109595.51 | L47: =SUBTOTAL(9,L43:L46) -> 109566.77 | ... Q47: =SUBTOTAL(9,Q43:Q46) -> 1314789.4 | R47: 2234575.9 | S47: =Q47/$Q$16 -> 0.016507037
A49: <<39810601 | B49: <<70011 | D49: Interest (Income) 利息收入 | E49: ='Fixed Charge'!E27 -> 0 | F49: ='Fixed Charge'!F27 -> 0 | G49: ='Fixed Charge'!G27 -> 0 | H49: ='Fixed Charge'!H27 -> 0 | I49: ='Fixed Charge'!I27 -> 0 | J49: ='Fixed Charge'!J27 -> 0 | K49: ='Fixed Charge'!K27 -> 0 | L49: ='Fixed Charge'!L27 -> 0 | ... P49: ='Fixed Charge'!P27 -> 0 | Q49: =SUM(E49:P49) -> 0 | R49: 0
A50: None | D50: Interest Expense 利息费用 | E50: 0 | F50: 0 | G50: 0 | H50: 0 | I50: 0 | J50: 0 | K50: 0 | L50: 0 | M50: 0 | N50: 0 | O50: 0 | P50: 0 | Q50: =SUM(E50:P50) -> 0 | R50: 0
A51: <<70011100 | B51: <<70011 | D51: Other Non Operating (Income) Expenses 其他非营运费用 | E51: ='Fixed Charge'!E24 -> 0 | F51: ='Fixed Charge'!F24 -> 0 | G51: ='Fixed Charge'!G24 -> 0 | H51: ='Fixed Charge'!H24 -> 0 | I51: ='Fixed Charge'!I24 -> 0 | J51: ='Fixed Charge'!J24 -> 0 | K51: ='Fixed Charge'!K24 -> 0 | L51: ='Fixed Charge'!L24 -> 0 | ... P51: ='Fixed Charge'!P24 -> 0 | Q51: =SUM(E51:P51) -> 0 | R51: 0
D52: Total Non Operating (Income) Expenses 非营运费用(收入)合计 | E52: =E49-E50-E51 -> 0 | F52: =F49-F50-F51 -> 0 | G52: =G49-G50-G51 -> 0 | H52: =H49-H50-H51 -> 0 | I52: =I49-I50-I51 -> 0 | J52: =J49-J50-J51 -> 0 | K52: =K49-K50-K51 -> 0 | L52: =L49-L50-L51 -> 0 | ... Q52: =Q49-Q50-Q51 -> 0 | R52: 0
D53: Net Operating Income (Loss) 净利润(亏损) | E53: =E41-E47+E52 -> -448327.63 | F53: =F41-F47+F52 -> 1459494.2 | G53: =G41-G47+G52 -> -916329.72 | H53: =H41-H47+H52 -> -1286022.4 | I53: =I41-I47+I52 -> -143049.45 | J53: =J41-J47+J52 -> -1254230 | K53: =K41-K47+K52 -> 327349.06 | L53: =L41-L47+L52 -> 646261.73 | ... Q53: =Q41-Q47+Q52 -> -2731397.1 | R53: 11050527 | S53: =Q53/$Q$16 -> -0.034292392
D54: Net Operating Income (Loss) % 净利润(亏损)率% | E54: =IF(E53=0,0,E53/E16) -> -0.073037023 | F54: =IF(F53=0,0,F53/F16) -> 0.18574116 | G54: =IF(G53=0,0,G53/G16) -> -0.16640488 | H54: =IF(H53=0,0,H53/H16) -> -0.24713723 | I54: =IF(I53=0,0,I53/I16) -> -0.021101471 | J54: =IF(J53=0,0,J53/J16) -> -0.23070857 | K54: =IF(K53=0,0,K53/K16) -> 0.044409993 | L54: =IF(L53=0,0,L53/L16) -> 0.085186422 | ... Q54: =IF(Q53=0,0,Q53/Q16) -> -0.034292392 | R54: 0.12153043
A56: <<70020000 | B56: <<70100 | D56: Owner Office Expenses 业主办公室费用 | Q56: =SUM(E56:P56) -> 0 | R56: 0
R57: .
A58: <<70010500 | B58: <<70011 | D58: Pre-opening Expenses 预开业费用 | Q58: =SUM(E58:P58) -> 0 | R58: 0
A60: <<70010700 | B60: <<70011 | D60: FFE Reserve 资产储备 | E60: ='Fixed Charge'!E20 -> 61383.61 | F60: ='Fixed Charge'!F20 -> 78576.78 | G60: ='Fixed Charge'!G20 -> 55066.28 | H60: ='Fixed Charge'!H20 -> 52036.77 | I60: ='Fixed Charge'!I20 -> 67791.22 | J60: ='Fixed Charge'!J20 -> 54364.26 | K60: ='Fixed Charge'!K20 -> 73710.68 | L60: ='Fixed Charge'!L20 -> 75864.41 | ... P60: ='Fixed Charge'!P20 -> 75344.39 | Q60: =SUM(E60:P60) -> 796502.39 | R60: 1818561.4 | S60: =Q60/$Q$16 -> 0.01
D61: Adjusted Net Operating Income (Loss) 调整后净利润(亏损) | E61: =E53-E56-E58-E60 -> -509711.24 | F61: =F53-F56-F58-F60 -> 1380917.4 | G61: =G53-G56-G58-G60 -> -971396 | H61: =H53-H56-H58-H60 -> -1338059.2 | I61: =I53-I56-I58-I60 -> -210840.67 | J61: =J53-J56-J58-J60 -> -1308594.2 | K61: =K53-K56-K58-K60 -> 253638.38 | L61: =L53-L56-L58-L60 -> 570397.32 | ... R61: =R53-R56-R58-R60 -> 9231965.6 | S61: =Q61/$Q$16 -> -0.044292392
D62: Adjusted Net Operating Income (Loss) % 调整后净利润(亏损)率% | E62: =IF(E61=0,0,E61/E16) -> -0.083037022 | F62: =IF(F61=0,0,F61/F16) -> 0.17574116 | G62: =IF(G61=0,0,G61/G16) -> -0.17640488 | H62: =IF(H61=0,0,H61/H16) -> -0.25713723 | I62: =IF(I61=0,0,I61/I16) -> -0.031101471 | J62: =IF(J61=0,0,J61/J16) -> -0.24070857 | K62: =IF(K61=0,0,K61/K16) -> 0.034409992 | L62: =IF(L61=0,0,L61/L16) -> 0.075186422 | ... R62: =IF(R61=0,0,R61/R16) -> 0.10153043
A64: <<90010201 | B64: <<10100 | D64: Total Rooms 总房间数 | E64: ='Rooms Summary'!E107 -> 4526 | F64: ='Rooms Summary'!F107 -> 4088 | G64: ='Rooms Summary'!G107 -> 4526 | H64: ='Rooms Summary'!H107 -> 4380 | I64: ='Rooms Summary'!I107 -> 4526 | J64: ='Rooms Summary'!J107 -> 4380 | K64: ='Rooms Summary'!K107 -> 4526 | L64: ='Rooms Summary'!L107 -> 4526 | ... P64: ='Rooms Summary'!P107 -> 4526 | Q64: =SUM(E64:P64) -> 53290 | R64: 67962
A65: <<90010205 | B65: <<10100 | D65: Room Sold 付费房间数 | E65: ='Rooms Summary'!E111 -> 1790 | F65: ='Rooms Summary'!F111 -> 2528 | G65: ='Rooms Summary'!G111 -> 1941 | H65: ='Rooms Summary'!H111 -> 1984 | I65: ='Rooms Summary'!I111 -> 2233 | J65: ='Rooms Summary'!J111 -> 1940 | K65: ='Rooms Summary'!K111 -> 3002 | L65: ='Rooms Summary'!L111 -> 3199 | ... P65: ='Rooms Summary'!P111 -> 2482 | Q65: =SUM(E65:P65) -> 27429 | R65: 41723
D66: Paid Occupancy 付费房入出租率% | E66: =IF(E64=0,0,E65/E64) -> 0.39549271 | F66: =IF(F64=0,0,F65/F64) -> 0.6183953 | G66: =IF(G64=0,0,G65/G64) -> 0.4288555 | H66: =IF(H64=0,0,H65/H64) -> 0.45296804 | I66: =IF(I64=0,0,I65/I64) -> 0.49337163 | J66: =IF(J64=0,0,J65/J64) -> 0.44292237 | K66: =IF(K64=0,0,K65/K64) -> 0.66327883 | L66: =IF(L64=0,0,L65/L64) -> 0.70680513 | ... Q66: =IF(Q64=0,0,Q65/Q64) -> 0.51471195 | R66: 0.6139166
D67: Average Rate 平均房费 | E67: =IF(E65=0,0,ROUND(E11/E65,2)) -> 1952.75 | F67: =IF(F65=0,0,ROUND(F11/F65,2)) -> 2329.29 | G67: =IF(G65=0,0,ROUND(G11/G65,2)) -> 1321.44 | H67: =IF(H65=0,0,ROUND(H11/H65,2)) -> 1333.09 | I67: =IF(I65=0,0,ROUND(I11/I65,2)) -> 1663.57 | J67: =IF(J65=0,0,ROUND(J11/J65,2)) -> 1348.29 | K67: =IF(K65=0,0,ROUND(K11/K65,2)) -> 1453.38 | L67: =IF(L65=0,0,ROUND(L11/L65,2)) -> 1506.38 | ... Q67: =IF(Q65=0,0,ROUND(Q11/Q65,2)) -> 1602.49 | R67: 1171.9
D68: RevPAR 可用房平均房费 | E68: =ROUND(E67*E66,1) -> 772.3 | F68: =ROUND(F67*F66,1) -> 1440.4 | G68: =ROUND(G67*G66,1) -> 566.7 | H68: =ROUND(H67*H66,1) -> 603.8 | I68: =ROUND(I67*I66,1) -> 820.8 | J68: =ROUND(J67*J66,1) -> 597.2 | K68: =ROUND(K67*K66,1) -> 964 | L68: =ROUND(L67*L66,1) -> 1064.7 | ... Q68: =ROUND(Q67*Q66,1) -> 824.8 | R68: 719
A69: <<5..59999999 | B69: <ALL> | D69: Labor Cost 人工总成本（含外包工) | E69: ='Rooms Summary'!E156+'F&B Summary'!E203+OOD!E98+'A&G'!E196+'R&M'!E195+'S&M'!E194+Laundry!E193 -> 3478008 | F69: ='Rooms Summary'!F156+'F&B Summary'!F203+OOD!F98+'A&G'!F196+'R&M'!F195+'S&M'!F194+Laundry!F193 -> 3235290.6 | G69: ='Rooms Summary'!G156+'F&B Summary'!G203+OOD!G98+'A&G'!G196+'R&M'!G195+'S&M'!G194+Laundry!G193 -> 3252580.9 | H69: ='Rooms Summary'!H156+'F&B Summary'!H203+OOD!H98+'A&G'!H196+'R&M'!H195+'S&M'!H194+Laundry!H193 -> 3346799.5 | I69: ='Rooms Summary'!I156+'F&B Summary'!I203+OOD!I98+'A&G'!I196+'R&M'!I195+'S&M'!I194+Laundry!I193 -> 3506395.4 | J69: ='Rooms Summary'!J156+'F&B Summary'!J203+OOD!J98+'A&G'!J196+'R&M'!J195+'S&M'!J194+Laundry!J193 -> 3381305.9 | K69: ='Rooms Summary'!K156+'F&B Summary'!K203+OOD!K98+'A&G'!K196+'R&M'!K195+'S&M'!K194+Laundry!K193 -> 3449555.9 | L69: ='Rooms Summary'!L156+'F&B Summary'!L203+OOD!L98+'A&G'!L196+'R&M'!L195+'S&M'!L194+Laundry!L193 -> 3445566 | ... P69: ='Rooms Summary'!P156+'F&B Summary'!P203+OOD!P98+'A&G'!P196+'R&M'!P195+'S&M'!P194+Laundry!P193 -> 3489062.3 | Q69: =SUM(E69:P69) -> 41208354 | R69: 34417834 | S69: =Q69/$Q$16 -> 0.51736637
A70: <<90030100 | B70: <ALL> | D70: FTEs 全职员工人数 | E70: =+'Rooms Summary'!E159+'F&B Summary'!E205+OOD!E100+'A&G'!E198+'R&M'!E197+'S&M'!E196+Laundry!E195+'Staff Canteen'!E193 -> 289 | F70: =+'Rooms Summary'!F159+'F&B Summary'!F205+OOD!F100+'A&G'!F198+'R&M'!F197+'S&M'!F196+Laundry!F195+'Staff Canteen'!F193 -> 287 | G70: =+'Rooms Summary'!G159+'F&B Summary'!G205+OOD!G100+'A&G'!G198+'R&M'!G197+'S&M'!G196+Laundry!G195+'Staff Canteen'!G193 -> 293 | H70: =+'Rooms Summary'!H159+'F&B Summary'!H205+OOD!H100+'A&G'!H198+'R&M'!H197+'S&M'!H196+Laundry!H195+'Staff Canteen'!H193 -> 296 | I70: =+'Rooms Summary'!I159+'F&B Summary'!I205+OOD!I100+'A&G'!I198+'R&M'!I197+'S&M'!I196+Laundry!I195+'Staff Canteen'!I193 -> 310 | J70: =+'Rooms Summary'!J159+'F&B Summary'!J205+OOD!J100+'A&G'!J198+'R&M'!J197+'S&M'!J196+Laundry!J195+'Staff Canteen'!J193 -> 312 | K70: =+'Rooms Summary'!K159+'F&B Summary'!K205+OOD!K100+'A&G'!K198+'R&M'!K197+'S&M'!K196+Laundry!K195+'Staff Canteen'!K193 -> 320 | L70: =+'Rooms Summary'!L159+'F&B Summary'!L205+OOD!L100+'A&G'!L198+'R&M'!L197+'S&M'!L196+Laundry!L195+'Staff Canteen'!L193 -> 319 | ... P70: =+'Rooms Summary'!P159+'F&B Summary'!P205+OOD!P100+'A&G'!P198+'R&M'!P197+'S&M'!P196+Laundry!P195+'Staff Canteen'!P193 -> 327 | Q70: =SUM(E70:P70)/12 -> 309.25 | R70: 320.83333
P71: Total Salary | Q71: =+'Rooms Summary'!Q161+'F&B Summary'!Q208+OOD!Q103+'A&G'!Q201+'R&M'!Q199+'S&M'!Q198+Laundry!Q199 -> 29957195 | S71: =Q71/Q69 -> 0.72696898
P72: Total Benefits | Q72: =+'Rooms Summary'!Q162+'F&B Summary'!Q209+OOD!Q104+'A&G'!Q202+'R&M'!Q200+'S&M'!Q199+Laundry!Q200 -> 11251159 | S72: =Q72/Q69 -> 0.27303102
D74: Labor Cost 人工总成本（不含外包工） | E74: =E69-E77 -> 3081230.2 | F74: =F69-F77 -> 2837365.6 | G74: =G69-G77 -> 2836221.7 | H74: =H69-H77 -> 2917862 | I74: =I69-I77 -> 3037172.3 | J74: =J69-J77 -> 2932018.6 | K74: =K69-K77 -> 2969447.3 | L74: =L69-L77 -> 2969917.2 | ... Q74: =Q69-Q77 -> 35891598 | S74: =Q74/Q16 -> 0.45061509
D75: FTEs 全职员工人数（不含外包工） | E75: =E70-E78 -> 252 | F75: 258 | G75: =G70-G78 -> 255 | H75: =H70-H78 -> 256 | I75: =I70-I78 -> 263 | J75: =J70-J78 -> 267 | K75: =K70-K78+1 -> 273 | L75: =L70-L78 -> 272 | M75: =M70-M78+1 -> 274 | N75: =N70-N78 -> 276 | O75: =O70-O78 -> 277 | P75: =P70-P78 -> 280 | Q75: =Q70-Q78 -> 266.41667
D76: 其中： 外包人工成本 | E76: 358018.2 | F76: 363949.68 | G76: 377711.98 | H76: 388059.48 | I76: 422121.88 | J76: 404984.08 | K76: 433216.58 | L76: 429654.08 | M76: 369841.08 | N76: 417893.08 | O76: 412536.48 | P76: 426606.98 | Q76: =SUM(E76:P76) -> 4804593.6
D77: 其中： 外包人工成本（工资含餐费） | E77: =+E76+E79 -> 396777.81 | F77: =+F76+F79 -> 397924.91 | G77: =+G76+G79 -> 416359.21 | H77: =+H76+H79 -> 428937.49 | I77: =+I76+I79 -> 469223.06 | J77: =+J76+J79 -> 449287.32 | K77: =+K76+K79 -> 480108.61 | L77: =+L76+L79 -> 475648.81 | ... P77: =+P76+P79 -> 472417.63 | Q77: =SUM(E77:P77) -> 5316755.3
D78: 外包人数 | E78: 37 | F78: 33 | G78: 38 | H78: 40 | I78: 47 | J78: 45 | K78: 48 | L78: 47 | M78: 39 | N78: 48 | O78: 45 | P78: 47 | Q78: =SUM(E78:P78)/12 -> 42.833333
D79: 外包餐费 | E79: 38759.61 | F79: 33975.23 | G79: 38647.23 | H79: 40878.01 | I79: 47101.18 | J79: 44303.24 | K79: 46892.03 | L79: 45994.73 | M79: 38286.55 | N79: 47519.67 | O79: 43993.55 | P79: 45810.65 | Q79: =SUM(E79:P79) -> 512161.68
D80: Labor Cost 人工总成本（不含合同外包） | E80: =E69-E82 -> 3132545.5 | F80: =F69-F82 -> 2861900 | G80: =G69-G82 -> 2892820.4 | H80: =H69-H82 -> 2968476.5 | I80: =I69-I82 -> 3099645.3 | J80: =J69-J82 -> 2992320.5 | K80: =K69-K82 -> 3023694.7 | L80: =L69-L82 -> 3014715 | ... O80: =O69-O82 -> 3097591.9
D81: 正式员工人数 | E81: 257 | F81: 257 | G81: 257 | H81: 257 | I81: 257 | J81: 257 | K81: 257 | L81: 257 | M81: 257 | N81: 257 | O81: 257
D82: Outsourcing Contract 合同外包成本 | E82: ='Rooms Summary'!E135+'F&B Summary'!E182+OOD!E77+'A&G'!E174+'R&M'!E174+'S&M'!E173+Laundry!E172 -> 345462.46 | F82: ='Rooms Summary'!F135+'F&B Summary'!F182+OOD!F77+'A&G'!F174+'R&M'!F174+'S&M'!F173+Laundry!F172 -> 373390.61 | G82: ='Rooms Summary'!G135+'F&B Summary'!G182+OOD!G77+'A&G'!G174+'R&M'!G174+'S&M'!G173+Laundry!G172 -> 359760.42 | H82: ='Rooms Summary'!H135+'F&B Summary'!H182+OOD!H77+'A&G'!H174+'R&M'!H174+'S&M'!H173+Laundry!H172 -> 378322.99 | I82: ='Rooms Summary'!I135+'F&B Summary'!I182+OOD!I77+'A&G'!I174+'R&M'!I174+'S&M'!I173+Laundry!I172 -> 406750.06 | J82: ='Rooms Summary'!J135+'F&B Summary'!J182+OOD!J77+'A&G'!J174+'R&M'!J174+'S&M'!J173+Laundry!J172 -> 388985.43 | K82: ='Rooms Summary'!K135+'F&B Summary'!K182+OOD!K77+'A&G'!K174+'R&M'!K174+'S&M'!K173+Laundry!K172 -> 425861.22 | L82: ='Rooms Summary'!L135+'F&B Summary'!L182+OOD!L77+'A&G'!L174+'R&M'!L174+'S&M'!L173+Laundry!L172 -> 430851.01 | ... O82: ='Rooms Summary'!O135+'F&B Summary'!O182+OOD!O77+'A&G'!O174+'R&M'!O174+'S&M'!O173+Laundry!O172 -> 369365.35
D83: 合同外包人数 | E83: 60 | F83: 60 | G83: 62 | H83: 62 | I83: 67 | J83: 65 | K83: 67 | L83: 67 | M83: 60 | N83: 76 | O83: 68
D84: YTD GOP | E84: =E36 -> -128850.25 | F84: =SUM(E36:F36) -> 1650131.4 | G84: =SUM(E36:G36) -> 1053313.1 | H84: =SUM(E36:H36) -> 86782.789 | I84: =SUM(E36:I36) -> 263290.79 | J84: =SUM(E36:J36) -> -671418.79 | K84: =SUM(E36:K36) -> -24474.225 | L84: =SUM(E36:L36) -> 941354.27 | M84: =SUM(E36:M36) -> -426721.54 | N84: =SUM(E36:N36) -> 309161.15 | O84: =SUM(E36:O36) -> 610407.06
D85: YTD Rent | E85: =E43 -> 108800 | F85: =SUM(E43:F43) -> 217600 | G85: =SUM(E43:G43) -> 326400 | H85: =SUM(E43:H43) -> 435200 | I85: =SUM(E43:I43) -> 544000 | J85: =SUM(E43:J43) -> 652800 | K85: =SUM(E43:K43) -> 761600 | L85: =SUM(E43:L43) -> 870400 | M85: =SUM(E43:M43) -> 979200 | N85: =SUM(E43:N43) -> 1088000 | O85: =SUM(E43:O43) -> 1196800
D86: YTD Basic Management Fees | E86: =E39*1.06 -> 222600 | F86: =SUM(E39:F39)*1.06 -> 445200 | G86: =SUM(E39:G39)*1.06 -> 667800 | H86: =SUM(E39:H39)*1.06 -> 890400 | I86: =SUM(E39:I39)*1.06 -> 1113000 | J86: =SUM(E39:J39)*1.06 -> 1335600 | K86: =SUM(E39:K39)*1.06 -> 1558200 | L86: =SUM(E39:L39)*1.06 -> 1780800 | M86: =SUM(E39:M39)*1.06 -> 2003400 | N86: =SUM(E39:N39)*1.06 -> 2226000 | O86: =SUM(E39:O39)*1.06 -> 2448600
D87: YTD Adjust GOP | E87: =+E84-E85-E86 -> -460250.25 | F87: =+F84-F85-F86 -> 987331.44 | G87: =+G84-G85-G86 -> 59113.119 | H87: =+H84-H85-H86 -> -1238817.2 | I87: =+I84-I85-I86 -> -1393709.2 | J87: =+J84-J85-J86 -> -2659818.8 | K87: =+K84-K85-K86 -> -2344274.2 | L87: =+L84-L85-L86 -> -1709845.7 | ... O87: =+O84-O85-O86 -> -3034992.9

Sheet Rooms Summary
D4: =Summary!D4 -> Hotel Budget Report
D5: =Summary!$D$5 -> 酒店预算报表
D6: Rooms Summary 房务部损益
D7: =Parameter!H4 -> 2025 | Q7: =SUM(E7:P7) -> 0
E9: 1 | F9: 2 | G9: 3 | H9: 4 | I9: 5 | J9: 6 | K9: 7 | L9: 8 | M9: 9 | N9: 10 | O9: 11 | P9: 12 | Q9: 2025
A10: Account | B10: Dept | C10: L2 | E10: BUDGET | F10: BUDGET | G10: BUDGET | H10: BUDGET | I10: BUDGET | J10: BUDGET | K10: BUDGET | L10: BUDGET | M10: BUDGET | N10: BUDGET | O10: BUDGET | P10: BUDGET | Q10: BUDGET
D11: REVENUE 收入
A12: <<30100110..30100180 | B12: <<10100 | C12: <<LDTA,LDMW,LINW | D12: T&A 旅行社 | Q12: =SUM(E12:P12) -> 0 | R12: =Q12/$Q$17 -> 0
A13: <<30100110..30100180 | B13: <<10100 | C13: <<TFIT,LWMM,ADV,TPKG,OPKG,TGDS,TWMM,TDMH | D13: FIT 散客 | E13: 3000356 | F13: 5282327 | G13: 1997140 | H13: 2104214 | I13: 3084053 | J13: 2145885 | K13: 3680800 | L13: 4192630 | M13: 2186870 | N13: 3274091 | O13: 2501482 | P13: 3094610 | Q13: =SUM(E13:P13) -> 36544458 | R13: =Q13/$Q$17 -> 0.91455211
A14: <<30100110..30100180 | B14: <<10100 | C14: <<TSMG,LDMA,VCOR,VSMF,VASS,GOT,VINC,LDSE,LISE,LINA | D14: Group 团队 | E14: 177300 | F14: 70800 | G14: 334600 | H14: 300200 | I14: 293000 | J14: 232000 | K14: 285600 | L14: 188200 | M14: 108400 | N14: 503900 | O14: 455200 | P14: 465200 | Q14: =SUM(E14:P14) -> 3414400 | R14: =Q14/$Q$17 -> 0.085447887
A15: <<30100110..30100180 | B15: <<10100 | C15: <<TCOR,COA,COB,COC,COS,OOWN,TIND,TPAR | D15: Corp 商务 | Q15: =SUM(E15:P15) -> 0 | R15: =Q15/$Q$17 -> 0
A16: <<30100110..30100180 | B16: <<10100 | C16: <<LSG | D16: Contract 合同 | Q16: =SUM(E16:P16) -> 0 | R16: =Q16/$Q$17 -> 0
D17: Rooms Revenue 房费收入 | E17: =SUM(E12:E16) -> 3177656 | F17: =SUM(F12:F16) -> 5353127 | G17: =SUM(G12:G16) -> 2331740 | H17: =SUM(H12:H16) -> 2404414 | I17: =SUM(I12:I16) -> 3377053 | J17: =SUM(J12:J16) -> 2377885 | K17: =SUM(K12:K16) -> 3966400 | L17: =SUM(L12:L16) -> 4380830 | ... Q17: =SUM(Q12:Q16) -> 39958858 | R17: =Q17/$Q$17 -> 1
A18: <<38108100 | B18: <<10100 | D18: Service Charge 服务费 | E18: =ROUND(E17*0.1,2) -> 317765.6 | F18: =ROUND(F17*0.1,2) -> 535312.7 | G18: =ROUND(G17*0.1,2) -> 233174 | H18: =ROUND(H17*0.1,2) -> 240441.4 | I18: =ROUND(I17*0.1,2) -> 337705.3 | J18: =ROUND(J17*0.1,2) -> 237788.5 | K18: =ROUND(K17*0.1,2) -> 396640 | L18: =ROUND(L17*0.1,2) -> 438083 | ... P18: =ROUND(P17*0.1,2) -> 355981 | Q18: =SUM(E18:P18) -> 3995885.8
A19: <<30100190..30100192 | B19: <<10100 | D19: Other Revenue 其他收入 | J19: 0 | K19: 0 | L19: 0 | M19: 0 | N19: 0 | O19: 0 | P19: 0 | Q19: =SUM(E19:P19) -> 0
D20: Total Rooms Revenue 客房收入合计 | E20: =E17+E18+E19 -> 3495421.6 | F20: =F17+F18+F19 -> 5888439.7 | G20: =G17+G18+G19 -> 2564914 | H20: =H17+H18+H19 -> 2644855.4 | I20: =I17+I18+I19 -> 3714758.3 | J20: =J17+J18+J19 -> 2615673.5 | K20: =K17+K18+K19 -> 4363040 | L20: =L17+L18+L19 -> 4818913 | ... Q20: =Q17+Q18+Q19 -> 43954744
D22: Rooms Sold付费房间数
D23: T&A 旅行社 | Q23: =SUM(E23:P23) -> 0
D24: FIT 散客 | E24: 1610 | F24: 2468 | G24: 1570 | H24: 1634 | I24: 1943 | J24: 1690 | K24: 2692 | L24: 3009 | M24: 1705 | N24: 1796 | O24: 1724 | P24: 2002 | Q24: =SUM(E24:P24) -> 23843
D25: Group 团队 | E25: 180 | F25: 60 | G25: 371 | H25: 350 | I25: 290 | J25: 250 | K25: 310 | L25: 190 | M25: 130 | N25: 505 | O25: 470 | P25: 480 | Q25: =SUM(E25:P25) -> 3586
D26: Corp 商务 | Q26: =SUM(E26:P26) -> 0
D27: Contract 合同 | Q27: =SUM(E27:P27) -> 0
D28: Total Rooms Sold总付费房间数 | E28: =SUM(E23:E27) -> 1790 | F28: =SUM(F23:F27) -> 2528 | G28: =SUM(G23:G27) -> 1941 | H28: =SUM(H23:H27) -> 1984 | I28: =SUM(I23:I27) -> 2233 | J28: =SUM(J23:J27) -> 1940 | K28: =SUM(K23:K27) -> 3002 | L28: =SUM(L23:L27) -> 3199 | ... P28: =SUM(P23:P27) -> 2482 | Q28: =SUM(E28:P28) -> 27429
D29: Total Rooms 总房间数 | E29: =E107 -> 4526 | F29: =F107 -> 4088 | G29: =G107 -> 4526 | H29: =H107 -> 4380 | I29: =I107 -> 4526 | J29: =J107 -> 4380 | K29: =K107 -> 4526 | L29: =L107 -> 4526 | ... P29: =P107 -> 4526 | Q29: =SUM(E29:P29) -> 53290
D30: Paid Occupancy 付费房入住率 | E30: =E28/E29 -> 0.39549271 | F30: =F28/F29 -> 0.6183953 | G30: =G28/G29 -> 0.4288555 | H30: =H28/H29 -> 0.45296804 | I30: =I28/I29 -> 0.49337163 | J30: =J28/J29 -> 0.44292237 | K30: =K28/K29 -> 0.66327883 | L30: =L28/L29 -> 0.70680513 | ... Q30: =Q28/Q29 -> 0.51471195
D31: Average Rate 平均房费 | E31: =E20/E28 -> 1952.7495 | F31: =F20/F28 -> 2329.2879 | G31: =G20/G28 -> 1321.4395 | H31: =H20/H28 -> 1333.0924 | I31: =I20/I28 -> 1663.5729 | J31: =J20/J28 -> 1348.2853 | K31: =K20/K28 -> 1453.3777 | L31: =L20/L28 -> 1506.3811 | ... Q31: =Q20/Q28 -> 1602.4917
A33: <<5..59999999 | B33: <<10200,10300,10400,10099 | D33: Total Labour Costs 人工成本合计 | E33: ='Front Office'!E11+HSKP!E11+Reservation!E11+'ROOMS Admin'!E11 -> 668145.11 | F33: ='Front Office'!F11+HSKP!F11+Reservation!F11+'ROOMS Admin'!F11 -> 658633.78 | G33: ='Front Office'!G11+HSKP!G11+Reservation!G11+'ROOMS Admin'!G11 -> 627963.5 | H33: ='Front Office'!H11+HSKP!H11+Reservation!H11+'ROOMS Admin'!H11 -> 651130.75 | I33: ='Front Office'!I11+HSKP!I11+Reservation!I11+'ROOMS Admin'!I11 -> 668665.08 | J33: ='Front Office'!J11+HSKP!J11+Reservation!J11+'ROOMS Admin'!J11 -> 635219.01 | K33: ='Front Office'!K11+HSKP!K11+Reservation!K11+'ROOMS Admin'!K11 -> 678254.71 | L33: ='Front Office'!L11+HSKP!L11+Reservation!L11+'ROOMS Admin'!L11 -> 683278.47 | ... P33: ='Front Office'!P11+HSKP!P11+Reservation!P11+'ROOMS Admin'!P11 -> 654279.43 | Q33: =SUM(E33:P33) -> 7900705.6 | R33: =Q33/$Q$20 -> 0.17974637 | S33: =Q33/Q28 -> 288.04206
D35: OPERATING EXPENSES 营运费用 | R35: CPOR
A36: <<60010011 | B36: <<10200,10300,10400,10099 | D36: Comm - Travel Agents 佣金 - 旅行社 | E36: ='Front Office'!E14+HSKP!E14+Reservation!E14+'ROOMS Admin'!E14 -> 0 | F36: ='Front Office'!F14+HSKP!F14+Reservation!F14+'ROOMS Admin'!F14 -> 0 | G36: ='Front Office'!G14+HSKP!G14+Reservation!G14+'ROOMS Admin'!G14 -> 0 | H36: ='Front Office'!H14+HSKP!H14+Reservation!H14+'ROOMS Admin'!H14 -> 0 | I36: ='Front Office'!I14+HSKP!I14+Reservation!I14+'ROOMS Admin'!I14 -> 0 | J36: ='Front Office'!J14+HSKP!J14+Reservation!J14+'ROOMS Admin'!J14 -> 0 | K36: ='Front Office'!K14+HSKP!K14+Reservation!K14+'ROOMS Admin'!K14 -> 0 | L36: ='Front Office'!L14+HSKP!L14+Reservation!L14+'ROOMS Admin'!L14 -> 0 | ... P36: ='Front Office'!P14+HSKP!P14+Reservation!P14+'ROOMS Admin'!P14 -> 0 | Q36: =SUM(E36:P36) -> 0 | R36: =Q36/$Q$111 -> 0 | S36: =Q36/$Q$20 -> 0 | T36: 26.388484
A37: <<60010012 | B37: <<10200,10300,10400,10099 | D37: Comm - Reservation Assessments 客房系统预定费 | E37: ='Front Office'!E15+HSKP!E15+Reservation!E15+'ROOMS Admin'!E15 -> 0 | F37: ='Front Office'!F15+HSKP!F15+Reservation!F15+'ROOMS Admin'!F15 -> 0 | G37: ='Front Office'!G15+HSKP!G15+Reservation!G15+'ROOMS Admin'!G15 -> 0 | H37: ='Front Office'!H15+HSKP!H15+Reservation!H15+'ROOMS Admin'!H15 -> 0 | I37: ='Front Office'!I15+HSKP!I15+Reservation!I15+'ROOMS Admin'!I15 -> 0 | J37: ='Front Office'!J15+HSKP!J15+Reservation!J15+'ROOMS Admin'!J15 -> 0 | K37: ='Front Office'!K15+HSKP!K15+Reservation!K15+'ROOMS Admin'!K15 -> 0 | L37: ='Front Office'!L15+HSKP!L15+Reservation!L15+'ROOMS Admin'!L15 -> 0 | ... P37: ='Front Office'!P15+HSKP!P15+Reservation!P15+'ROOMS Admin'!P15 -> 0 | Q37: =SUM(E37:P37) -> 0 | R37: =Q37/$Q$111 -> 0 | S37: =Q37/$Q$20 -> 0 | T37: 0
A38: <<60010013 | B38: <<10200,10300,10400,10099 | D38: Comm - DMH Reservation Fees DMH预订系统费用 | E38: ='Front Office'!E16+HSKP!E16+Reservation!E16+'ROOMS Admin'!E16 -> 4273.5 | F38: ='Front Office'!F16+HSKP!F16+Reservation!F16+'ROOMS Admin'!F16 -> 11356.5 | G38: ='Front Office'!G16+HSKP!G16+Reservation!G16+'ROOMS Admin'!G16 -> 2025 | H38: ='Front Office'!H16+HSKP!H16+Reservation!H16+'ROOMS Admin'!H16 -> 2058 | I38: ='Front Office'!I16+HSKP!I16+Reservation!I16+'ROOMS Admin'!I16 -> 3036 | J38: ='Front Office'!J16+HSKP!J16+Reservation!J16+'ROOMS Admin'!J16 -> 1179 | K38: ='Front Office'!K16+HSKP!K16+Reservation!K16+'ROOMS Admin'!K16 -> 2880 | L38: ='Front Office'!L16+HSKP!L16+Reservation!L16+'ROOMS Admin'!L16 -> 4517.1 | ... P38: ='Front Office'!P16+HSKP!P16+Reservation!P16+'ROOMS Admin'!P16 -> 3798 | Q38: =SUM(E38:P38) -> 42884.1 | R38: =Q38/$Q$111 -> 1.5634584 | S38: =Q38/$Q$20 -> 0.00097564213 | T38: 0
A39: <<60010014 | B39: <<10200,10300,10400,10099 | D39: Comm - Other 佣金 - 其他 | E39: ='Front Office'!E17+HSKP!E17+Reservation!E17+'ROOMS Admin'!E17 -> 180918 | F39: ='Front Office'!F17+HSKP!F17+Reservation!F17+'ROOMS Admin'!F17 -> 318481.95 | G39: ='Front Office'!G17+HSKP!G17+Reservation!G17+'ROOMS Admin'!G17 -> 111522.4 | H39: ='Front Office'!H17+HSKP!H17+Reservation!H17+'ROOMS Admin'!H17 -> 119312.4 | I39: ='Front Office'!I17+HSKP!I17+Reservation!I17+'ROOMS Admin'!I17 -> 185456.72 | J39: ='Front Office'!J17+HSKP!J17+Reservation!J17+'ROOMS Admin'!J17 -> 115428.8 | K39: ='Front Office'!K17+HSKP!K17+Reservation!K17+'ROOMS Admin'!K17 -> 211006.4 | L39: ='Front Office'!L17+HSKP!L17+Reservation!L17+'ROOMS Admin'!L17 -> 237477.2 | ... P39: ='Front Office'!P17+HSKP!P17+Reservation!P17+'ROOMS Admin'!P17 -> 172657.56 | Q39: =SUM(E39:P39) -> 2111749.8 | R39: =Q39/$Q$111 -> 76.989676 | S39: =Q39/$Q$20 -> 0.04804373 | T39: 0
A40: <<60010021 | B40: <<10200,10300,10400,10099 | D40: Complimentaries - Give Away 免费赠送 | E40: ='Front Office'!E18+HSKP!E18+Reservation!E18+'ROOMS Admin'!E18 -> 55230 | F40: ='Front Office'!F18+HSKP!F18+Reservation!F18+'ROOMS Admin'!F18 -> 77056 | G40: ='Front Office'!G18+HSKP!G18+Reservation!G18+'ROOMS Admin'!G18 -> 59307 | H40: ='Front Office'!H18+HSKP!H18+Reservation!H18+'ROOMS Admin'!H18 -> 60468 | I40: ='Front Office'!I18+HSKP!I18+Reservation!I18+'ROOMS Admin'!I18 -> 67191 | J40: ='Front Office'!J18+HSKP!J18+Reservation!J18+'ROOMS Admin'!J18 -> 59280 | K40: ='Front Office'!K18+HSKP!K18+Reservation!K18+'ROOMS Admin'!K18 -> 92554 | L40: ='Front Office'!L18+HSKP!L18+Reservation!L18+'ROOMS Admin'!L18 -> 97873 | ... P40: ='Front Office'!P18+HSKP!P18+Reservation!P18+'ROOMS Admin'!P18 -> 74214 | Q40: =SUM(E40:P40) -> 835483 | R40: =Q40/$Q$111 -> 30.459842 | S40: =Q40/$Q$20 -> 0.0190078 | T40: 1.5628585
A41: <<60010022 | B41: <<10200,10300,10400,10099 | D41: Complimentary Food&Beverage 免费餐饮 | E41: ='Front Office'!E19+HSKP!E19+Reservation!E19+'ROOMS Admin'!E19 -> 48330 | F41: ='Front Office'!F19+HSKP!F19+Reservation!F19+'ROOMS Admin'!F19 -> 68256 | G41: ='Front Office'!G19+HSKP!G19+Reservation!G19+'ROOMS Admin'!G19 -> 52407 | H41: ='Front Office'!H19+HSKP!H19+Reservation!H19+'ROOMS Admin'!H19 -> 53568 | I41: ='Front Office'!I19+HSKP!I19+Reservation!I19+'ROOMS Admin'!I19 -> 60291 | J41: ='Front Office'!J19+HSKP!J19+Reservation!J19+'ROOMS Admin'!J19 -> 52380 | K41: ='Front Office'!K19+HSKP!K19+Reservation!K19+'ROOMS Admin'!K19 -> 81054 | L41: ='Front Office'!L19+HSKP!L19+Reservation!L19+'ROOMS Admin'!L19 -> 86373 | ... P41: ='Front Office'!P19+HSKP!P19+Reservation!P19+'ROOMS Admin'!P19 -> 67014 | Q41: =SUM(E41:P41) -> 740583 | R41: =Q41/$Q$111 -> 27 | S41: =Q41/$Q$20 -> 0.016848762 | T41: 1.4145028
A42: <<60010030 | B42: <<10200,10300,10400,10099 | D42: Competitor Survey竞争对手调研费 | E42: ='Front Office'!E20+HSKP!E20+Reservation!E20+'ROOMS Admin'!E20 -> 0 | F42: ='Front Office'!F20+HSKP!F20+Reservation!F20+'ROOMS Admin'!F20 -> 0 | G42: ='Front Office'!G20+HSKP!G20+Reservation!G20+'ROOMS Admin'!G20 -> 0 | H42: ='Front Office'!H20+HSKP!H20+Reservation!H20+'ROOMS Admin'!H20 -> 0 | I42: ='Front Office'!I20+HSKP!I20+Reservation!I20+'ROOMS Admin'!I20 -> 0 | J42: ='Front Office'!J20+HSKP!J20+Reservation!J20+'ROOMS Admin'!J20 -> 0 | K42: ='Front Office'!K20+HSKP!K20+Reservation!K20+'ROOMS Admin'!K20 -> 0 | L42: ='Front Office'!L20+HSKP!L20+Reservation!L20+'ROOMS Admin'!L20 -> 0 | ... P42: ='Front Office'!P20+HSKP!P20+Reservation!P20+'ROOMS Admin'!P20 -> 0 | Q42: =SUM(E42:P42) -> 0 | R42: =Q42/$Q$111 -> 0 | S42: =Q42/$Q$20 -> 0 | T42: 0
A43: <<60010040 | B43: <<10200,10300,10400,10099 | D43: Contract Cleaning 清洁合同 | E43: ='Front Office'!E21+HSKP!E21+Reservation!E21+'ROOMS Admin'!E21 -> 43905.66 | F43: ='Front Office'!F21+HSKP!F21+Reservation!F21+'ROOMS Admin'!F21 -> 62007.547 | G43: ='Front Office'!G21+HSKP!G21+Reservation!G21+'ROOMS Admin'!G21 -> 47609.434 | H43: ='Front Office'!H21+HSKP!H21+Reservation!H21+'ROOMS Admin'!H21 -> 48664.151 | I43: ='Front Office'!I21+HSKP!I21+Reservation!I21+'ROOMS Admin'!I21 -> 54771.698 | J43: ='Front Office'!J21+HSKP!J21+Reservation!J21+'ROOMS Admin'!J21 -> 47584.906 | K43: ='Front Office'!K21+HSKP!K21+Reservation!K21+'ROOMS Admin'!K21 -> 73633.962 | L43: ='Front Office'!L21+HSKP!L21+Reservation!L21+'ROOMS Admin'!L21 -> 78466.038 | ... P43: ='Front Office'!P21+HSKP!P21+Reservation!P21+'ROOMS Admin'!P21 -> 60879.245 | Q43: =SUM(E43:P43) -> 672786.79 | R43: =Q43/$Q$111 -> 24.528302 | S43: =Q43/$Q$20 -> 0.015306352 | T43: 13.459188
A44: <<60010050 | B44: <<10200,10300,10400,10099 | D44: Contract Services 服务合同 | E44: ='Front Office'!E22+HSKP!E22+Reservation!E22+'ROOMS Admin'!E22 -> 0 | F44: ='Front Office'!F22+HSKP!F22+Reservation!F22+'ROOMS Admin'!F22 -> 0 | G44: ='Front Office'!G22+HSKP!G22+Reservation!G22+'ROOMS Admin'!G22 -> 0 | H44: ='Front Office'!H22+HSKP!H22+Reservation!H22+'ROOMS Admin'!H22 -> 0 | I44: ='Front Office'!I22+HSKP!I22+Reservation!I22+'ROOMS Admin'!I22 -> 0 | J44: ='Front Office'!J22+HSKP!J22+Reservation!J22+'ROOMS Admin'!J22 -> 0 | K44: ='Front Office'!K22+HSKP!K22+Reservation!K22+'ROOMS Admin'!K22 -> 0 | L44: ='Front Office'!L22+HSKP!L22+Reservation!L22+'ROOMS Admin'!L22 -> 0 | ... P44: ='Front Office'!P22+HSKP!P22+Reservation!P22+'ROOMS Admin'!P22 -> 0 | Q44: =SUM(E44:P44) -> 0 | R44: =Q44/$Q$111 -> 0 | S44: =Q44/$Q$20 -> 0 | T44: 61.437753
A45: <<60010060 | B45: <<10200,10300,10400,10099 | D45: Promotion Decoration 推广装饰 | E45: ='Front Office'!E23+HSKP!E23+Reservation!E23+'ROOMS Admin'!E23 -> 60000 | F45: ='Front Office'!F23+HSKP!F23+Reservation!F23+'ROOMS Admin'!F23 -> 0 | G45: ='Front Office'!G23+HSKP!G23+Reservation!G23+'ROOMS Admin'!G23 -> 0 | H45: ='Front Office'!H23+HSKP!H23+Reservation!H23+'ROOMS Admin'!H23 -> 0 | I45: ='Front Office'!I23+HSKP!I23+Reservation!I23+'ROOMS Admin'!I23 -> 0 | J45: ='Front Office'!J23+HSKP!J23+Reservation!J23+'ROOMS Admin'!J23 -> 0 | K45: ='Front Office'!K23+HSKP!K23+Reservation!K23+'ROOMS Admin'!K23 -> 0 | L45: ='Front Office'!L23+HSKP!L23+Reservation!L23+'ROOMS Admin'!L23 -> 0 | ... P45: ='Front Office'!P23+HSKP!P23+Reservation!P23+'ROOMS Admin'!P23 -> 10000 | Q45: =SUM(E45:P45) -> 70000 | R45: =Q45/$Q$111 -> 2.5520435 | S45: =Q45/$Q$20 -> 0.0015925471 | T45: -0.67407057
A46: <<60010070 | B46: <<10200,10300,10400,10099 | D46: Dues & Subscriptions 会费/订阅 | E46: ='Front Office'!E24+HSKP!E24+Reservation!E24+'ROOMS Admin'!E24 -> 1688.3333 | F46: ='Front Office'!F24+HSKP!F24+Reservation!F24+'ROOMS Admin'!F24 -> 1688.3333 | G46: ='Front Office'!G24+HSKP!G24+Reservation!G24+'ROOMS Admin'!G24 -> 1688.3333 | H46: ='Front Office'!H24+HSKP!H24+Reservation!H24+'ROOMS Admin'!H24 -> 1688.3333 | I46: ='Front Office'!I24+HSKP!I24+Reservation!I24+'ROOMS Admin'!I24 -> 1688.3333 | J46: ='Front Office'!J24+HSKP!J24+Reservation!J24+'ROOMS Admin'!J24 -> 1688.3333 | K46: ='Front Office'!K24+HSKP!K24+Reservation!K24+'ROOMS Admin'!K24 -> 1688.3333 | L46: ='Front Office'!L24+HSKP!L24+Reservation!L24+'ROOMS Admin'!L24 -> 1688.3333 | ... P46: ='Front Office'!P24+HSKP!P24+Reservation!P24+'ROOMS Admin'!P24 -> 1688.3333 | Q46: =SUM(E46:P46) -> 20260 | R46: =Q46/$Q$111 -> 0.73863429 | S46: =Q46/$Q$20 -> 0.00046092863 | T46: 0.67974779
A47: <<60010080 | B47: <<10200,10300,10400,10099 | D47: Entertainment 招待 | E47: ='Front Office'!E25+HSKP!E25+Reservation!E25+'ROOMS Admin'!E25 -> 3600 | F47: ='Front Office'!F25+HSKP!F25+Reservation!F25+'ROOMS Admin'!F25 -> 4800 | G47: ='Front Office'!G25+HSKP!G25+Reservation!G25+'ROOMS Admin'!G25 -> 3600 | H47: ='Front Office'!H25+HSKP!H25+Reservation!H25+'ROOMS Admin'!H25 -> 3600 | I47: ='Front Office'!I25+HSKP!I25+Reservation!I25+'ROOMS Admin'!I25 -> 4800 | J47: ='Front Office'!J25+HSKP!J25+Reservation!J25+'ROOMS Admin'!J25 -> 3600 | K47: ='Front Office'!K25+HSKP!K25+Reservation!K25+'ROOMS Admin'!K25 -> 6000 | L47: ='Front Office'!L25+HSKP!L25+Reservation!L25+'ROOMS Admin'!L25 -> 6000 | ... P47: ='Front Office'!P25+HSKP!P25+Reservation!P25+'ROOMS Admin'!P25 -> 4600 | Q47: =SUM(E47:P47) -> 52400 | R47: =Q47/$Q$111 -> 1.9103868 | S47: =Q47/$Q$20 -> 0.0011921353 | T47: 0.13070449
... A98: <<60014102 | B98: <<10200,10300,10400,10099 | D98: License Fee 执照/许可证费 | E98: ='Front Office'!E76+HSKP!E76+Reservation!E76+'ROOMS Admin'!E76 -> 0 | F98: ='Front Office'!F76+HSKP!F76+Reservation!F76+'ROOMS Admin'!F76 -> 0 | G98: ='Front Office'!G76+HSKP!G76+Reservation!G76+'ROOMS Admin'!G76 -> 0 | H98: ='Front Office'!H76+HSKP!H76+Reservation!H76+'ROOMS Admin'!H76 -> 0 | I98: ='Front Office'!I76+HSKP!I76+Reservation!I76+'ROOMS Admin'!I76 -> 0 | J98: ='Front Office'!J76+HSKP!J76+Reservation!J76+'ROOMS Admin'!J76 -> 0 | K98: ='Front Office'!K76+HSKP!K76+Reservation!K76+'ROOMS Admin'!K76 -> 0 | L98: ='Front Office'!L76+HSKP!L76+Reservation!L76+'ROOMS Admin'!L76 -> 0 | ... P98: ='Front Office'!P76+HSKP!P76+Reservation!P76+'ROOMS Admin'!P76 -> 0 | Q98: =SUM(E98:P98) -> 0 | R98: =Q98/$Q$111 -> 0 | S98: =Q98/$Q$20 -> 0 | T98: 0
A99: <<60014104 | B99: <<10200,10300,10400,10099 | D99: Professional Services 专业服务 | E99: ='Front Office'!E24+HSKP!E77+Reservation!E77+'ROOMS Admin'!E77 -> 1688.3333 | F99: ='Front Office'!F24+HSKP!F77+Reservation!F77+'ROOMS Admin'!F77 -> 1688.3333 | G99: ='Front Office'!G24+HSKP!G77+Reservation!G77+'ROOMS Admin'!G77 -> 1688.3333 | H99: ='Front Office'!H24+HSKP!H77+Reservation!H77+'ROOMS Admin'!H77 -> 1688.3333 | I99: ='Front Office'!I24+HSKP!I77+Reservation!I77+'ROOMS Admin'!I77 -> 1688.3333 | J99: ='Front Office'!J24+HSKP!J77+Reservation!J77+'ROOMS Admin'!J77 -> 1688.3333 | K99: ='Front Office'!K24+HSKP!K77+Reservation!K77+'ROOMS Admin'!K77 -> 1688.3333 | L99: ='Front Office'!L24+HSKP!L77+Reservation!L77+'ROOMS Admin'!L77 -> 1688.3333 | ... P99: ='Front Office'!P24+HSKP!P77+Reservation!P77+'ROOMS Admin'!P77 -> 4688.3333 | Q99: =SUM(E99:P99) -> 26260 | R99: =Q99/$Q$111 -> 0.95738087 | S99: =Q99/$Q$20 -> 0.00059743267 | T99: 0
A100: <<60014115 | B100: <<10200,10300,10400,10099 | D100: Supervision Fee 监管费 | E100: ='Front Office'!E78+HSKP!E78+Reservation!E78+'ROOMS Admin'!E78 -> 0 | F100: ='Front Office'!F78+HSKP!F78+Reservation!F78+'ROOMS Admin'!F78 -> 0 | G100: ='Front Office'!G78+HSKP!G78+Reservation!G78+'ROOMS Admin'!G78 -> 0 | H100: ='Front Office'!H78+HSKP!H78+Reservation!H78+'ROOMS Admin'!H78 -> 0 | I100: ='Front Office'!I78+HSKP!I78+Reservation!I78+'ROOMS Admin'!I78 -> 0 | J100: ='Front Office'!J78+HSKP!J78+Reservation!J78+'ROOMS Admin'!J78 -> 0 | K100: ='Front Office'!K78+HSKP!K78+Reservation!K78+'ROOMS Admin'!K78 -> 0 | L100: ='Front Office'!L78+HSKP!L78+Reservation!L78+'ROOMS Admin'!L78 -> 0 | ... P100: ='Front Office'!P78+HSKP!P78+Reservation!P78+'ROOMS Admin'!P78 -> 0 | Q100: =SUM(E100:P100) -> 0 | R100: =Q100/$Q$111 -> 0 | S100: =Q100/$Q$20 -> 0 | T100: 0
A101: <<60014117 | B101: <<10200,10300,10400,10099 | D101: Corporate Office Charges 集团收费 | E101: ='Front Office'!E79+HSKP!E79+Reservation!E79+'ROOMS Admin'!E79 -> 0 | F101: ='Front Office'!F79+HSKP!F79+Reservation!F79+'ROOMS Admin'!F79 -> 0 | G101: ='Front Office'!G79+HSKP!G79+Reservation!G79+'ROOMS Admin'!G79 -> 0 | H101: ='Front Office'!H79+HSKP!H79+Reservation!H79+'ROOMS Admin'!H79 -> 0 | I101: ='Front Office'!I79+HSKP!I79+Reservation!I79+'ROOMS Admin'!I79 -> 0 | J101: ='Front Office'!J79+HSKP!J79+Reservation!J79+'ROOMS Admin'!J79 -> 0 | K101: ='Front Office'!K79+HSKP!K79+Reservation!K79+'ROOMS Admin'!K79 -> 0 | L101: ='Front Office'!L79+HSKP!L79+Reservation!L79+'ROOMS Admin'!L79 -> 0 | ... P101: ='Front Office'!P79+HSKP!P79+Reservation!P79+'ROOMS Admin'!P79 -> 0 | Q101: =SUM(E101:P101) -> 0 | R101: =Q101/$Q$111 -> 0 | S101: =Q101/$Q$20 -> 0 | T101: 0
A102: <<60011490 | B102: <<10200,10300,10400,10099 | D102: Miscellaneous Expenses 杂项 | E102: ='Front Office'!E80+HSKP!E80+Reservation!E80+'ROOMS Admin'!E80 -> 700 | F102: ='Front Office'!F80+HSKP!F80+Reservation!F80+'ROOMS Admin'!F80 -> 700 | G102: ='Front Office'!G80+HSKP!G80+Reservation!G80+'ROOMS Admin'!G80 -> 700 | H102: ='Front Office'!H80+HSKP!H80+Reservation!H80+'ROOMS Admin'!H80 -> 700 | I102: ='Front Office'!I80+HSKP!I80+Reservation!I80+'ROOMS Admin'!I80 -> 700 | J102: ='Front Office'!J80+HSKP!J80+Reservation!J80+'ROOMS Admin'!J80 -> 700 | K102: ='Front Office'!K80+HSKP!K80+Reservation!K80+'ROOMS Admin'!K80 -> 700 | L102: ='Front Office'!L80+HSKP!L80+Reservation!L80+'ROOMS Admin'!L80 -> 700 | ... P102: ='Front Office'!P80+HSKP!P80+Reservation!P80+'ROOMS Admin'!P80 -> 700 | Q102: =SUM(E102:P102) -> 8400 | R102: =Q102/$Q$111 -> 0.30624521 | S102: =Q102/$Q$20 -> 0.00019110565 | T102: 0.12815678
D103: Total Operating Expenses 营运费用合计 | E103: =SUM(E36:E102) -> 559337.37 | F103: =SUM(F36:F102) -> 759519.81 | G103: =SUM(G36:G102) -> 511650.17 | H103: =SUM(H36:H102) -> 517000.56 | I103: =SUM(I36:I102) -> 621801.62 | J103: =SUM(J36:J102) -> 505378.56 | K103: =SUM(K36:K102) -> 764481.78 | L103: =SUM(L36:L102) -> 819390.29 | ... Q103: =SUM(Q36:Q102) -> 7450450.4 | R103: =Q103/$Q$111 -> 271.62676 | S103: =Q103/$Q$20 -> 0.16950276
D104: Department Profit/(Loss) 部门利润（亏损） | E104: =E20-E33-E103 -> 2267939.1 | F104: =F20-F33-F103 -> 4470286.1 | G104: =G20-G33-G103 -> 1425300.3 | H104: =H20-H33-H103 -> 1476724.1 | I104: =I20-I33-I103 -> 2424291.6 | J104: =J20-J33-J103 -> 1475075.9 | K104: =K20-K33-K103 -> 2920303.5 | L104: =L20-L33-L103 -> 3316244.2 | ... Q104: =Q20-Q33-Q103 -> 28603588
D105: Department Profit/(Loss)% 部门利润（亏损）率% | E105: =+E104/E20 -> 0.64883135 | F105: =+F104/F20 -> 0.7591631 | G105: =+G104/G20 -> 0.55569128 | H105: =+H104/H20 -> 0.55833831 | I105: =+I104/I20 -> 0.65261086 | J105: =+J104/J20 -> 0.56393733 | K105: =+K104/K20 -> 0.66932769 | L105: =+L104/L20 -> 0.68817267 | ... Q105: =+Q104/Q20 -> 0.65075087
E106: 31 | F106: 28 | G106: 31 | H106: 30 | I106: 31 | J106: 30 | K106: 31 | L106: 31 | M106: 30 | N106: 31 | O106: 30 | P106: 31
A107: <<90010201 | B107: <<10100 | D107: Total Rooms 总房间数 | E107: =E106*$R$107 -> 4526 | F107: =F106*$R$107 -> 4088 | G107: =G106*$R$107 -> 4526 | H107: =H106*$R$107 -> 4380 | I107: =I106*$R$107 -> 4526 | J107: =J106*$R$107 -> 4380 | K107: =K106*$R$107 -> 4526 | L107: =L106*$R$107 -> 4526 | ... P107: =P106*$R$107 -> 4526 | Q107: =SUM(E107:P107) -> 53290 | R107: 146
A108: <<90010203 | B108: <<10100 | D108: Available Rooms 可用房数 | E108: 4526 | F108: 4088 | G108: 4526 | H108: 4380 | I108: 4526 | J108: 4380 | K108: 4526 | L108: 4526 | M108: 4380 | N108: 4526 | O108: 4380 | P108: 4526 | Q108: =SUM(E108:P108) -> 53290
A109: <<90010208 | B109: <<10100 | D109: Out of Order Rooms 大修房数 | Q109: =SUM(E109:P109) -> 0
A110: <<90010209 | B110: <<10100 | D110: Out of Service Rooms 小维修房数 | Q110: =SUM(E110:P110) -> 0
A111: <<90010205 | B111: <<10100 | D111: Room Sold 付费房数 | E111: 1790 | F111: 2528 | G111: 1941 | H111: 1984 | I111: 2233 | J111: 1940 | K111: 3002 | L111: 3199 | M111: 1835 | N111: 2301 | O111: 2194 | P111: 2482 | Q111: =SUM(E111:P111) -> 27429
A112: <<90010206 | B112: <<10100 | D112: Complimentary Rooms 免费房数 | E112: 90 | F112: 30 | G112: 50 | H112: 50 | I112: 50 | J112: 50 | K112: 50 | L112: 50 | M112: 50 | N112: 50 | O112: 50 | P112: 50 | Q112: =SUM(E112:P112) -> 620
A113: <<90010207 | B113: <<10100 | D113: House Use Rooms 自用房数 | E113: 31 | F113: 28 | G113: 31 | H113: 30 | I113: 31 | J113: 30 | K113: 31 | L113: 31 | M113: 30 | N113: 31 | O113: 30 | P113: 31 | Q113: =SUM(E113:P113) -> 365
D114: Total Occupied Rooms 占用房间合计 | E114: =E111+E112+E113 -> 1911 | F114: =F111+F112+F113 -> 2586 | G114: =G111+G112+G113 -> 2022 | H114: =H111+H112+H113 -> 2064 | I114: =I111+I112+I113 -> 2314 | J114: =J111+J112+J113 -> 2020 | K114: =K111+K112+K113 -> 3083 | L114: =L111+L112+L113 -> 3280 | ... P114: =P111+P112+P113 -> 2563 | Q114: =SUM(E114:P114) -> 28414
D115: Total Occupancy % 出租率合计 | E115: =IF(E114=0,0,E114/E$107) -> 0.42222713 | F115: =IF(F114=0,0,F114/F$107) -> 0.63258317 | G115: =IF(G114=0,0,G114/G$107) -> 0.4467521 | H115: =IF(H114=0,0,H114/H$107) -> 0.47123288 | I115: =IF(I114=0,0,I114/I$107) -> 0.51126823 | J115: =IF(J114=0,0,J114/J$107) -> 0.46118721 | K115: =IF(K114=0,0,K114/K$107) -> 0.68117543 | L115: =IF(L114=0,0,L114/L$107) -> 0.72470172 | ... Q115: =IF(Q114=0,0,Q114/Q$107) -> 0.53319572
D116: Paid Occupancy % 付费房出租率 | E116: =IF(E111=0,0,E111/E$107) -> 0.39549271 | F116: =IF(F111=0,0,F111/F$107) -> 0.6183953 | G116: =IF(G111=0,0,G111/G$107) -> 0.4288555 | H116: =IF(H111=0,0,H111/H$107) -> 0.45296804 | I116: =IF(I111=0,0,I111/I$107) -> 0.49337163 | J116: =IF(J111=0,0,J111/J$107) -> 0.44292237 | K116: =IF(K111=0,0,K111/K$107) -> 0.66327883 | L116: =IF(L111=0,0,L111/L$107) -> 0.70680513 | ... Q116: =IF(Q111=0,0,Q111/Q$107) -> 0.51471195
D117: Average Rate 平均房费 | E117: =E20/E111 -> 1952.7495 | F117: =F20/F111 -> 2329.2879 | G117: =G20/G111 -> 1321.4395 | H117: =H20/H111 -> 1333.0924 | I117: =I20/I111 -> 1663.5729 | J117: =J20/J111 -> 1348.2853 | K117: =K20/K111 -> 1453.3777 | L117: =L20/L111 -> 1506.3811 | ... Q117: =Q20/Q111 -> 1602.4917
D118: RevPAR 每间房平均房费 | E118: =E20/E107 -> 772.29819 | F118: =F20/F107 -> 1440.4207 | G118: =G20/G107 -> 566.70658 | H118: =H20/H107 -> 603.84826 | I118: =I20/I107 -> 820.75968 | J118: =J20/J107 -> 597.18573 | K118: =K20/K107 -> 963.9947 | L118: =L20/L107 -> 1064.7179 | ... Q118: =Q20/Q107 -> 824.82161
D119: Cost per Occupied Room 每个占用房间成本 | E119: =IF(E114=0,0,ROUND((E156+E103)/E114,2)) -> 642.32 | F119: =IF(F114=0,0,ROUND((F156+F103)/F114,2)) -> 548.4 | G119: =IF(G114=0,0,ROUND((G156+G103)/G114,2)) -> 563.61 | H119: =IF(H114=0,0,ROUND((H156+H103)/H114,2)) -> 565.96 | I119: =IF(I114=0,0,ROUND((I156+I103)/I114,2)) -> 557.68 | J119: =IF(J114=0,0,ROUND((J156+J103)/J114,2)) -> 564.65 | K119: =IF(K114=0,0,ROUND((K156+K103)/K114,2)) -> 467.97 | L119: =IF(L114=0,0,ROUND((L156+L103)/L114,2)) -> 458.13 | ... Q119: =IF(Q114=0,0,ROUND((Q156+Q103)/Q114,2)) -> 540.27
D121: LABOUR COST ANALYSIS 人工成本费用
D122: Salary & Wages 工资
A123: <<50010300,50010400 | B123: <<10099,10200,10300,10400 | D123: Managers 经理 | E123: ='Front Office'!E86+HSKP!E86+Reservation!E86+'ROOMS Admin'!E86 -> 110240 | F123: ='Front Office'!F86+HSKP!F86+Reservation!F86+'ROOMS Admin'!F86 -> 110240 | G123: ='Front Office'!G86+HSKP!G86+Reservation!G86+'ROOMS Admin'!G86 -> 110240 | H123: ='Front Office'!H86+HSKP!H86+Reservation!H86+'ROOMS Admin'!H86 -> 110240 | I123: ='Front Office'!I86+HSKP!I86+Reservation!I86+'ROOMS Admin'!I86 -> 110240 | J123: ='Front Office'!J86+HSKP!J86+Reservation!J86+'ROOMS Admin'!J86 -> 110240 | K123: ='Front Office'!K86+HSKP!K86+Reservation!K86+'ROOMS Admin'!K86 -> 110240 | L123: ='Front Office'!L86+HSKP!L86+Reservation!L86+'ROOMS Admin'!L86 -> 110240 | ... P123: ='Front Office'!P86+HSKP!P86+Reservation!P86+'ROOMS Admin'!P86 -> 110240 | Q123: =SUM(E123:P123) -> 1322880 | R123: =Q123/$Q$111 -> 48.229246
A124: <<50010100..50010200,50010500..50010700,50012500..50012600 | B124: <<10099,10200 | D124: Front Office 前厅 | E124: ='Front Office'!E87 -> 91900 | F124: ='Front Office'!F87 -> 91900 | G124: ='Front Office'!G87 -> 91900 | H124: ='Front Office'!H87 -> 94900 | I124: ='Front Office'!I87 -> 94900 | J124: ='Front Office'!J87 -> 94900 | K124: ='Front Office'!K87 -> 94900 | L124: ='Front Office'!L87 -> 94900 | ... P124: ='Front Office'!P87 -> 94900 | Q124: =SUM(E124:P124) -> 1129800 | R124: =Q124/$Q$111 -> 41.189981
A125: <<50010100..50010200,50010500..50010700,50012500..50012600 | B125: <<10300 | D125: Housekeeping 客房 | E125: =HSKP!E87 -> 59000 | F125: =HSKP!F87 -> 59000 | G125: =HSKP!G87 -> 59000 | H125: =HSKP!H87 -> 59000 | I125: =HSKP!I87 -> 59000 | J125: =HSKP!J87 -> 59000 | K125: =HSKP!K87 -> 62800 | L125: =HSKP!L87 -> 62800 | ... P125: =HSKP!P87 -> 62800 | Q125: =SUM(E125:P125) -> 730800 | R125: =Q125/$Q$111 -> 26.643334
A126: <<50010100..50010200,50010500..50010700,50012500..50012600 | B126: <<10400 | D126: Reservations 预定 | E126: =Reservation!E87 -> 16800 | F126: =Reservation!F87 -> 16800 | G126: =Reservation!G87 -> 16800 | H126: =Reservation!H87 -> 16800 | I126: =Reservation!I87 -> 16800 | J126: =Reservation!J87 -> 16800 | K126: =Reservation!K87 -> 16800 | L126: =Reservation!L87 -> 16800 | ... P126: =Reservation!P87 -> 16800 | Q126: =SUM(E126:P126) -> 201600 | R126: =Q126/$Q$111 -> 7.3498852
D127: Total Remuneration 薪酬小计 | E127: =SUM(E123:E126) -> 277940 | F127: =SUM(F123:F126) -> 277940 | G127: =SUM(G123:G126) -> 277940 | H127: =SUM(H123:H126) -> 280940 | I127: =SUM(I123:I126) -> 280940 | J127: =SUM(J123:J126) -> 280940 | K127: =SUM(K123:K126) -> 284740 | L127: =SUM(L123:L126) -> 284740 | ... Q127: =SUM(Q123:Q126) -> 3385080 | R127: =Q127/$Q$111 -> 123.41245
A129: <<50012300 | B129: <<10099,10200,10300,10400 | D129: Overtime 加班 | E129: ='Front Office'!E90+HSKP!E90+Reservation!E90+'ROOMS Admin'!E90 -> 46262.14 | F129: ='Front Office'!F90+HSKP!F90+Reservation!F90+'ROOMS Admin'!F90 -> 0 | G129: ='Front Office'!G90+HSKP!G90+Reservation!G90+'ROOMS Admin'!G90 -> 0 | H129: ='Front Office'!H90+HSKP!H90+Reservation!H90+'ROOMS Admin'!H90 -> 14126.89 | I129: ='Front Office'!I90+HSKP!I90+Reservation!I90+'ROOMS Admin'!I90 -> 23544.8 | J129: ='Front Office'!J90+HSKP!J90+Reservation!J90+'ROOMS Admin'!J90 -> 0 | K129: ='Front Office'!K90+HSKP!K90+Reservation!K90+'ROOMS Admin'!K90 -> 0 | L129: ='Front Office'!L90+HSKP!L90+Reservation!L90+'ROOMS Admin'!L90 -> 0 | ... P129: ='Front Office'!P90+HSKP!P90+Reservation!P90+'ROOMS Admin'!P90 -> 0 | Q129: =SUM(E129:P129) -> 132071.84 | R129: =Q129/$Q$111 -> 4.8150439
A130: <<50012100..50012200 | B130: <<10099,10200,10300,10400 | D130: Bonus 年终奖金 | E130: ='Front Office'!E91+HSKP!E91+Reservation!E91+'ROOMS Admin'!E91 -> 3474.25 | F130: ='Front Office'!F91+HSKP!F91+Reservation!F91+'ROOMS Admin'!F91 -> 3474.25 | G130: ='Front Office'!G91+HSKP!G91+Reservation!G91+'ROOMS Admin'!G91 -> 3474.25 | H130: ='Front Office'!H91+HSKP!H91+Reservation!H91+'ROOMS Admin'!H91 -> 3511.75 | I130: ='Front Office'!I91+HSKP!I91+Reservation!I91+'ROOMS Admin'!I91 -> 3511.75 | J130: ='Front Office'!J91+HSKP!J91+Reservation!J91+'ROOMS Admin'!J91 -> 3511.75 | K130: ='Front Office'!K91+HSKP!K91+Reservation!K91+'ROOMS Admin'!K91 -> 3559.25 | L130: ='Front Office'!L91+HSKP!L91+Reservation!L91+'ROOMS Admin'!L91 -> 3559.25 | ... P130: ='Front Office'!P91+HSKP!P91+Reservation!P91+'ROOMS Admin'!P91 -> 3559.27 | Q130: =SUM(E130:P130) -> 42313.52 | R130: =Q130/$Q$111 -> 1.5426563
A131: <<50021270 | B131: <<10099,10200,10300,10400 | D131: Allowance 津贴 | E131: ='Front Office'!E92+HSKP!E92+Reservation!E92+'ROOMS Admin'!E92 -> 7400 | F131: ='Front Office'!F92+HSKP!F92+Reservation!F92+'ROOMS Admin'!F92 -> 7400 | G131: ='Front Office'!G92+HSKP!G92+Reservation!G92+'ROOMS Admin'!G92 -> 7400 | H131: ='Front Office'!H92+HSKP!H92+Reservation!H92+'ROOMS Admin'!H92 -> 7400 | I131: ='Front Office'!I92+HSKP!I92+Reservation!I92+'ROOMS Admin'!I92 -> 7400 | J131: ='Front Office'!J92+HSKP!J92+Reservation!J92+'ROOMS Admin'!J92 -> 7400 | K131: ='Front Office'!K92+HSKP!K92+Reservation!K92+'ROOMS Admin'!K92 -> 7400 | L131: ='Front Office'!L92+HSKP!L92+Reservation!L92+'ROOMS Admin'!L92 -> 7400 | ... P131: ='Front Office'!P92+HSKP!P92+Reservation!P92+'ROOMS Admin'!P92 -> 7400 | Q131: =SUM(E131:P131) -> 88800 | R131: =Q131/$Q$111 -> 3.2374494
A132: <<50012400 | B132: <<10099,10200,10300,10400 | D132: Vacation Pay 假期工资 | E132: ='Front Office'!E93+HSKP!E93+Reservation!E93+'ROOMS Admin'!E93 -> 0 | F132: ='Front Office'!F93+HSKP!F93+Reservation!F93+'ROOMS Admin'!F93 -> 0 | G132: ='Front Office'!G93+HSKP!G93+Reservation!G93+'ROOMS Admin'!G93 -> 0 | H132: ='Front Office'!H93+HSKP!H93+Reservation!H93+'ROOMS Admin'!H93 -> 0 | I132: ='Front Office'!I93+HSKP!I93+Reservation!I93+'ROOMS Admin'!I93 -> 0 | J132: ='Front Office'!J93+HSKP!J93+Reservation!J93+'ROOMS Admin'!J93 -> 0 | K132: ='Front Office'!K93+HSKP!K93+Reservation!K93+'ROOMS Admin'!K93 -> 0 | L132: ='Front Office'!L93+HSKP!L93+Reservation!L93+'ROOMS Admin'!L93 -> 0 | ... P132: ='Front Office'!P93+HSKP!P93+Reservation!P93+'ROOMS Admin'!P93 -> 0 | Q132: =SUM(E132:P132) -> 0 | R132: =Q132/$Q$111 -> 0
A133: <<50021280 | B133: <<10099,10200,10300,10400 | D133: Incentive 奖金 | E133: ='Front Office'!E94+HSKP!E94+Reservation!E94+'ROOMS Admin'!E94 -> 0 | F133: ='Front Office'!F94+HSKP!F94+Reservation!F94+'ROOMS Admin'!F94 -> 0 | G133: ='Front Office'!G94+HSKP!G94+Reservation!G94+'ROOMS Admin'!G94 -> 0 | H133: ='Front Office'!H94+HSKP!H94+Reservation!H94+'ROOMS Admin'!H94 -> 0 | I133: ='Front Office'!I94+HSKP!I94+Reservation!I94+'ROOMS Admin'!I94 -> 0 | J133: ='Front Office'!J94+HSKP!J94+Reservation!J94+'ROOMS Admin'!J94 -> 0 | K133: ='Front Office'!K94+HSKP!K94+Reservation!K94+'ROOMS Admin'!K94 -> 0 | L133: ='Front Office'!L94+HSKP!L94+Reservation!L94+'ROOMS Admin'!L94 -> 0 | ... P133: ='Front Office'!P94+HSKP!P94+Reservation!P94+'ROOMS Admin'!P94 -> 0 | Q133: =SUM(E133:P133) -> 0 | R133: =Q133/$Q$111 -> 0
A134: 50010600 | B134: <<10099,10200,10300,10400 | D134: Salary & Wage - Others工资-其他-小时工 | E134: ='Front Office'!E95+HSKP!E95 -> 0 | F134: ='Front Office'!F95+HSKP!F95 -> 0 | G134: ='Front Office'!G95+HSKP!G95 -> 0 | H134: ='Front Office'!H95+HSKP!H95 -> 0 | I134: ='Front Office'!I95+HSKP!I95 -> 0 | J134: ='Front Office'!J95+HSKP!J95 -> 0 | K134: ='Front Office'!K95+HSKP!K95 -> 0 | L134: ='Front Office'!L95+HSKP!L95 -> 0 | ... P134: ='Front Office'!P95+HSKP!P95 -> 0 | Q134: =SUM(E134:P134) -> 0 | R134: =Q134/$Q$111 -> 0
A135: 50010600 | B135: <<10099,10200,10300,10400 | D135: Salary & Wage - Others工资-其他-外包 | E135: ='Front Office'!E96+HSKP!E96+Reservation!E96+'ROOMS Admin'!E96 -> 187042.25 | F135: ='Front Office'!F96+HSKP!F96+Reservation!F96+'ROOMS Admin'!F96 -> 223742.22 | G135: ='Front Office'!G96+HSKP!G96+Reservation!G96+'ROOMS Admin'!G96 -> 194503.66 | H135: ='Front Office'!H96+HSKP!H96+Reservation!H96+'ROOMS Admin'!H96 -> 198875.14 | I135: ='Front Office'!I96+HSKP!I96+Reservation!I96+'ROOMS Admin'!I96 -> 208258.28 | J135: ='Front Office'!J96+HSKP!J96+Reservation!J96+'ROOMS Admin'!J96 -> 199309.99 | K135: ='Front Office'!K96+HSKP!K96+Reservation!K96+'ROOMS Admin'!K96 -> 236377.26 | L135: ='Front Office'!L96+HSKP!L96+Reservation!L96+'ROOMS Admin'!L96 -> 241324.05 | ... P135: ='Front Office'!P96+HSKP!P96+Reservation!P96+'ROOMS Admin'!P96 -> 212804.01 | Q135: =SUM(E135:P135) -> 2503317.2 | R135: =Q135/$Q$111 -> 91.265347
D136: Total Salary & Wages 工资合计 | E136: =SUM(E129:E135) -> 244178.64 | F136: =SUM(F129:F135) -> 234616.47 | G136: =SUM(G129:G135) -> 205377.91 | H136: =SUM(H129:H135) -> 223913.78 | I136: =SUM(I129:I135) -> 242714.83 | J136: =SUM(J129:J135) -> 210221.74 | K136: =SUM(K129:K135) -> 247336.51 | L136: =SUM(L129:L135) -> 252283.3 | ... Q136: =SUM(Q129:Q135) -> 2766502.6 | R136: =Q136/$Q$111 -> 100.8605
A138: <<50013100 | B138: <<10099,10200,10300,10400 | D138: PRC - Retirement Insurance 养老保险 | E138: ='Front Office'!E99+HSKP!E99+Reservation!E97+'ROOMS Admin'!E97 -> 40381.95 | F138: ='Front Office'!F99+HSKP!F99+Reservation!F97+'ROOMS Admin'!F97 -> 40381.95 | G138: ='Front Office'!G99+HSKP!G99+Reservation!G97+'ROOMS Admin'!G97 -> 40381.95 | H138: ='Front Office'!H99+HSKP!H99+Reservation!H97+'ROOMS Admin'!H97 -> 40381.95 | I138: ='Front Office'!I99+HSKP!I99+Reservation!I97+'ROOMS Admin'!I97 -> 40381.95 | J138: ='Front Office'!J99+HSKP!J99+Reservation!J97+'ROOMS Admin'!J97 -> 40381.95 | K138: ='Front Office'!K99+HSKP!K99+Reservation!K97+'ROOMS Admin'!K97 -> 41063.85 | L138: ='Front Office'!L99+HSKP!L99+Reservation!L97+'ROOMS Admin'!L97 -> 41063.85 | ... P138: ='Front Office'!P99+HSKP!P99+Reservation!P97+'ROOMS Admin'!P97 -> 41063.85 | Q138: =SUM(E138:P138) -> 488674.8 | R138: =Q138/$Q$111 -> 17.81599
A139: <<50013200 | B139: <<10099,10200,10300,10400 | D139: PRC - Basic Medical Insurance 医疗保险 | E139: ='Front Office'!E100+HSKP!E100+Reservation!E98+'ROOMS Admin'!E98 -> 15391.26 | F139: ='Front Office'!F100+HSKP!F100+Reservation!F98+'ROOMS Admin'!F98 -> 15391.26 | G139: ='Front Office'!G100+HSKP!G100+Reservation!G98+'ROOMS Admin'!G98 -> 15391.26 | H139: ='Front Office'!H100+HSKP!H100+Reservation!H98+'ROOMS Admin'!H98 -> 15391.26 | I139: ='Front Office'!I100+HSKP!I100+Reservation!I98+'ROOMS Admin'!I98 -> 15391.26 | J139: ='Front Office'!J100+HSKP!J100+Reservation!J98+'ROOMS Admin'!J98 -> 15391.26 | K139: ='Front Office'!K100+HSKP!K100+Reservation!K98+'ROOMS Admin'!K98 -> 15628.74 | L139: ='Front Office'!L100+HSKP!L100+Reservation!L98+'ROOMS Admin'!L98 -> 15628.74 | ... P139: ='Front Office'!P100+HSKP!P100+Reservation!P98+'ROOMS Admin'!P98 -> 15628.74 | Q139: =SUM(E139:P139) -> 186120 | R139: =Q139/$Q$111 -> 6.785519
A140: <<50013300 | B140: <<10099,10200,10300,10400 | D140: PRC - Unemployement fund 失业保险 | E140: ='Front Office'!E101+HSKP!E101+Reservation!E99+'ROOMS Admin'!E99 -> 2127.52 | F140: ='Front Office'!F101+HSKP!F101+Reservation!F99+'ROOMS Admin'!F99 -> 2127.52 | G140: ='Front Office'!G101+HSKP!G101+Reservation!G99+'ROOMS Admin'!G99 -> 2127.52 | H140: ='Front Office'!H101+HSKP!H101+Reservation!H99+'ROOMS Admin'!H99 -> 2127.52 | I140: ='Front Office'!I101+HSKP!I101+Reservation!I99+'ROOMS Admin'!I99 -> 2127.52 | J140: ='Front Office'!J101+HSKP!J101+Reservation!J99+'ROOMS Admin'!J99 -> 2127.52 | K140: ='Front Office'!K101+HSKP!K101+Reservation!K99+'ROOMS Admin'!K99 -> 2157.92 | L140: ='Front Office'!L101+HSKP!L101+Reservation!L99+'ROOMS Admin'!L99 -> 2157.92 | ... P140: ='Front Office'!P101+HSKP!P101+Reservation!P99+'ROOMS Admin'!P99 -> 2157.92 | Q140: =SUM(E140:P140) -> 25712.64 | R140: =Q140/$Q$111 -> 0.93742535
A141: <<50013400 | B141: <<10099,10200,10300,10400 | D141: PRC - Employee Liability (Injury) 工伤保险 | E141: ='Front Office'!E102+HSKP!E102+Reservation!E100+'ROOMS Admin'!E100 -> 1063.76 | F141: ='Front Office'!F102+HSKP!F102+Reservation!F100+'ROOMS Admin'!F100 -> 1063.76 | G141: ='Front Office'!G102+HSKP!G102+Reservation!G100+'ROOMS Admin'!G100 -> 1063.76 | H141: ='Front Office'!H102+HSKP!H102+Reservation!H100+'ROOMS Admin'!H100 -> 1063.76 | I141: ='Front Office'!I102+HSKP!I102+Reservation!I100+'ROOMS Admin'!I100 -> 1063.76 | J141: ='Front Office'!J102+HSKP!J102+Reservation!J100+'ROOMS Admin'!J100 -> 1063.76 | K141: ='Front Office'!K102+HSKP!K102+Reservation!K100+'ROOMS Admin'!K100 -> 1078.96 | L141: ='Front Office'!L102+HSKP!L102+Reservation!L100+'ROOMS Admin'!L100 -> 1078.96 | ... P141: ='Front Office'!P102+HSKP!P102+Reservation!P100+'ROOMS Admin'!P100 -> 1078.96 | Q141: =SUM(E141:P141) -> 12856.32 | R141: =Q141/$Q$111 -> 0.46871268
A142: <<50013500 | B142: <<10099,10200,10300,10400 | D142: PRC - Birth Insurance 生育保险 | E142: ='Front Office'!E103+HSKP!E103+Reservation!E101+'ROOMS Admin'!E101 -> 0 | F142: ='Front Office'!F103+HSKP!F103+Reservation!F101+'ROOMS Admin'!F101 -> 0 | G142: ='Front Office'!G103+HSKP!G103+Reservation!G101+'ROOMS Admin'!G101 -> 0 | H142: ='Front Office'!H103+HSKP!H103+Reservation!H101+'ROOMS Admin'!H101 -> 0 | I142: ='Front Office'!I103+HSKP!I103+Reservation!I101+'ROOMS Admin'!I101 -> 0 | J142: ='Front Office'!J103+HSKP!J103+Reservation!J101+'ROOMS Admin'!J101 -> 0 | K142: ='Front Office'!K103+HSKP!K103+Reservation!K101+'ROOMS Admin'!K101 -> 0 | L142: ='Front Office'!L103+HSKP!L103+Reservation!L101+'ROOMS Admin'!L101 -> 0 | ... P142: ='Front Office'!P103+HSKP!P103+Reservation!P101+'ROOMS Admin'!P101 -> 0 | Q142: =SUM(E142:P142) -> 0 | R142: =Q142/$Q$111 -> 0
A143: <<50013600 | B143: <<10099,10200,10300,10400 | D143: PRC - Housing Fund 住房公积金 | E143: ='Front Office'!E104+HSKP!E104+Reservation!E102+'ROOMS Admin'!E102 -> 21275 | F143: ='Front Office'!F104+HSKP!F104+Reservation!F102+'ROOMS Admin'!F102 -> 21275 | G143: ='Front Office'!G104+HSKP!G104+Reservation!G102+'ROOMS Admin'!G102 -> 21275 | H143: ='Front Office'!H104+HSKP!H104+Reservation!H102+'ROOMS Admin'!H102 -> 21275 | I143: ='Front Office'!I104+HSKP!I104+Reservation!I102+'ROOMS Admin'!I102 -> 21275 | J143: ='Front Office'!J104+HSKP!J104+Reservation!J102+'ROOMS Admin'!J102 -> 21275 | K143: ='Front Office'!K104+HSKP!K104+Reservation!K102+'ROOMS Admin'!K102 -> 21579 | L143: ='Front Office'!L104+HSKP!L104+Reservation!L102+'ROOMS Admin'!L102 -> 21579 | ... P143: ='Front Office'!P104+HSKP!P104+Reservation!P102+'ROOMS Admin'!P102 -> 21579 | Q143: =SUM(E143:P143) -> 257124 | R143: =Q143/$Q$111 -> 9.374166
A144: <<50013700 | B144: <<10099,10200,10300,10400 | D144: PRC - Union Fee 工会经费 | E144: ='Front Office'!E105+HSKP!E105+Reservation!E103+'ROOMS Admin'!E103 -> 5558.8 | F144: ='Front Office'!F105+HSKP!F105+Reservation!F103+'ROOMS Admin'!F103 -> 5558.8 | G144: ='Front Office'!G105+HSKP!G105+Reservation!G103+'ROOMS Admin'!G103 -> 5558.8 | H144: ='Front Office'!H105+HSKP!H105+Reservation!H103+'ROOMS Admin'!H103 -> 5618.8 | I144: ='Front Office'!I105+HSKP!I105+Reservation!I103+'ROOMS Admin'!I103 -> 5618.8 | J144: ='Front Office'!J105+HSKP!J105+Reservation!J103+'ROOMS Admin'!J103 -> 5618.8 | K144: ='Front Office'!K105+HSKP!K105+Reservation!K103+'ROOMS Admin'!K103 -> 5694.8 | L144: ='Front Office'!L105+HSKP!L105+Reservation!L103+'ROOMS Admin'!L103 -> 5694.8 | ... P144: ='Front Office'!P105+HSKP!P105+Reservation!P103+'ROOMS Admin'!P103 -> 5694.8 | Q144: =SUM(E144:P144) -> 67701.6 | R144: =Q144/$Q$111 -> 2.4682489
A145: <<50013800 | B145: <<10099,10200,10300,10400 | D145: PRC - Education Fund 教育经费 | E145: ='Front Office'!E106+HSKP!E106+Reservation!E104+'ROOMS Admin'!E104 -> 0 | F145: ='Front Office'!F106+HSKP!F106+Reservation!F104+'ROOMS Admin'!F104 -> 0 | G145: ='Front Office'!G106+HSKP!G106+Reservation!G104+'ROOMS Admin'!G104 -> 0 | H145: ='Front Office'!H106+HSKP!H106+Reservation!H104+'ROOMS Admin'!H104 -> 0 | I145: ='Front Office'!I106+HSKP!I106+Reservation!I104+'ROOMS Admin'!I104 -> 0 | J145: ='Front Office'!J106+HSKP!J106+Reservation!J104+'ROOMS Admin'!J104 -> 0 | K145: ='Front Office'!K106+HSKP!K106+Reservation!K104+'ROOMS Admin'!K104 -> 0 | L145: ='Front Office'!L106+HSKP!L106+Reservation!L104+'ROOMS Admin'!L104 -> 0 | ... P145: ='Front Office'!P106+HSKP!P106+Reservation!P104+'ROOMS Admin'!P104 -> 0 | Q145: =SUM(E145:P145) -> 0 | R145: =Q145/$Q$111 -> 0
D146: Total Social Security 社保合计 | E146: =SUM(E138:E145) -> 85798.29 | F146: =SUM(F138:F145) -> 85798.29 | G146: =SUM(G138:G145) -> 85798.29 | H146: =SUM(H138:H145) -> 85858.29 | I146: =SUM(I138:I145) -> 85858.29 | J146: =SUM(J138:J145) -> 85858.29 | K146: =SUM(K138:K145) -> 87203.27 | L146: =SUM(L138:L145) -> 87203.27 | ... Q146: =SUM(Q138:Q145) -> 1038189.4 | R146: =Q146/$Q$111 -> 37.850062
A148: <<50021120 | B148: <<10099,10200,10300,10400 | D148: Expats - Insurance 外籍保险 | E148: ='Front Office'!E109+HSKP!E109+Reservation!E107+'ROOMS Admin'!E107 -> 0 | F148: ='Front Office'!F109+HSKP!F109+Reservation!F107+'ROOMS Admin'!F107 -> 0 | G148: ='Front Office'!G109+HSKP!G109+Reservation!G107+'ROOMS Admin'!G107 -> 0 | H148: ='Front Office'!H109+HSKP!H109+Reservation!H107+'ROOMS Admin'!H107 -> 0 | I148: ='Front Office'!I109+HSKP!I109+Reservation!I107+'ROOMS Admin'!I107 -> 0 | J148: ='Front Office'!J109+HSKP!J109+Reservation!J107+'ROOMS Admin'!J107 -> 0 | K148: ='Front Office'!K109+HSKP!K109+Reservation!K107+'ROOMS Admin'!K107 -> 0 | L148: ='Front Office'!L109+HSKP!L109+Reservation!L107+'ROOMS Admin'!L107 -> 0 | ... P148: ='Front Office'!P109+HSKP!P109+Reservation!P107+'ROOMS Admin'!P107 -> 0 | Q148: =SUM(E148:P148) -> 0 | R148: =Q148/$Q$111 -> 0
A149: <<50021130 | B149: <<10099,10200,10300,10400 | D149: Expats - Medical Insurance 外籍医疗保险 | E149: ='Front Office'!E110+HSKP!E110+Reservation!E108+'ROOMS Admin'!E108 -> 0 | F149: ='Front Office'!F110+HSKP!F110+Reservation!F108+'ROOMS Admin'!F108 -> 0 | G149: ='Front Office'!G110+HSKP!G110+Reservation!G108+'ROOMS Admin'!G108 -> 0 | H149: ='Front Office'!H110+HSKP!H110+Reservation!H108+'ROOMS Admin'!H108 -> 0 | I149: ='Front Office'!I110+HSKP!I110+Reservation!I108+'ROOMS Admin'!I108 -> 0 | J149: ='Front Office'!J110+HSKP!J110+Reservation!J108+'ROOMS Admin'!J108 -> 0 | K149: ='Front Office'!K110+HSKP!K110+Reservation!K108+'ROOMS Admin'!K108 -> 0 | L149: ='Front Office'!L110+HSKP!L110+Reservation!L108+'ROOMS Admin'!L108 -> 0 | ... P149: ='Front Office'!P110+HSKP!P110+Reservation!P108+'ROOMS Admin'!P108 -> 0 | Q149: =SUM(E149:P149) -> 0 | R149: =Q149/$Q$111 -> 0
A150: <<50021210 | B150: <<10099,10200,10300,10400 | D150: Expats - Benefits 外籍福利 | E150: ='Front Office'!E111+HSKP!E111+Reservation!E109+'ROOMS Admin'!E109 -> 0 | F150: ='Front Office'!F111+HSKP!F111+Reservation!F109+'ROOMS Admin'!F109 -> 0 | G150: ='Front Office'!G111+HSKP!G111+Reservation!G109+'ROOMS Admin'!G109 -> 0 | H150: ='Front Office'!H111+HSKP!H111+Reservation!H109+'ROOMS Admin'!H109 -> 0 | I150: ='Front Office'!I111+HSKP!I111+Reservation!I109+'ROOMS Admin'!I109 -> 0 | J150: ='Front Office'!J111+HSKP!J111+Reservation!J109+'ROOMS Admin'!J109 -> 0 | K150: ='Front Office'!K111+HSKP!K111+Reservation!K109+'ROOMS Admin'!K109 -> 0 | L150: ='Front Office'!L111+HSKP!L111+Reservation!L109+'ROOMS Admin'!L109 -> 0 | ... P150: ='Front Office'!P111+HSKP!P111+Reservation!P109+'ROOMS Admin'!P109 -> 0 | Q150: =SUM(E150:P150) -> 0 | R150: =Q150/$Q$111 -> 0
A151: <<50021110 | B151: <<10099,10200,10300,10400 | D151: Local - Business Insurance 本地员工商业保险 | E151: ='Front Office'!E112+HSKP!E112+Reservation!E110+'ROOMS Admin'!E110 -> 0 | F151: ='Front Office'!F112+HSKP!F112+Reservation!F110+'ROOMS Admin'!F110 -> 0 | G151: ='Front Office'!G112+HSKP!G112+Reservation!G110+'ROOMS Admin'!G110 -> 0 | H151: ='Front Office'!H112+HSKP!H112+Reservation!H110+'ROOMS Admin'!H110 -> 0 | I151: ='Front Office'!I112+HSKP!I112+Reservation!I110+'ROOMS Admin'!I110 -> 0 | J151: ='Front Office'!J112+HSKP!J112+Reservation!J110+'ROOMS Admin'!J110 -> 0 | K151: ='Front Office'!K112+HSKP!K112+Reservation!K110+'ROOMS Admin'!K110 -> 0 | L151: ='Front Office'!L112+HSKP!L112+Reservation!L110+'ROOMS Admin'!L110 -> 0 | ... P151: ='Front Office'!P112+HSKP!P112+Reservation!P110+'ROOMS Admin'!P110 -> 0 | Q151: =SUM(E151:P151) -> 0 | R151: =Q151/$Q$111 -> 0
A152: <<50021290 | B152: <<10099,10200,10300,10400 | D152: Other Benefits 其他福利 | E152: ='Front Office'!E113+HSKP!E113+Reservation!E111+'ROOMS Admin'!E111 -> 2460 | F152: ='Front Office'!F113+HSKP!F113+Reservation!F111+'ROOMS Admin'!F111 -> 3280 | G152: ='Front Office'!G113+HSKP!G113+Reservation!G111+'ROOMS Admin'!G111 -> 2460 | H152: ='Front Office'!H113+HSKP!H113+Reservation!H111+'ROOMS Admin'!H111 -> 2520 | I152: ='Front Office'!I113+HSKP!I113+Reservation!I111+'ROOMS Admin'!I111 -> 2520 | J152: ='Front Office'!J113+HSKP!J113+Reservation!J111+'ROOMS Admin'!J111 -> 2520 | K152: ='Front Office'!K113+HSKP!K113+Reservation!K111+'ROOMS Admin'!K111 -> 2580 | L152: ='Front Office'!L113+HSKP!L113+Reservation!L111+'ROOMS Admin'!L111 -> 2580 | ... P152: ='Front Office'!P113+HSKP!P113+Reservation!P111+'ROOMS Admin'!P111 -> 2580 | Q152: =SUM(E152:P152) -> 31240 | R152: =Q152/$Q$111 -> 1.1389405
A153: <<50032001..50032004 | B153: <<10099,10200,10300,10400 | D153: Staff Dormitory & Related Expenses 员工宿舍及相关费用 | E153: ='Front Office'!E114+HSKP!E114+Reservation!E112+'ROOMS Admin'!E112 -> 14584.93 | F153: ='Front Office'!F114+HSKP!F114+Reservation!F112+'ROOMS Admin'!F112 -> 14527.53 | G153: ='Front Office'!G114+HSKP!G114+Reservation!G112+'ROOMS Admin'!G112 -> 14470.54 | H153: ='Front Office'!H114+HSKP!H114+Reservation!H112+'ROOMS Admin'!H112 -> 14765.52 | I153: ='Front Office'!I114+HSKP!I114+Reservation!I112+'ROOMS Admin'!I112 -> 14372.82 | J153: ='Front Office'!J114+HSKP!J114+Reservation!J112+'ROOMS Admin'!J112 -> 14157.36 | K153: ='Front Office'!K114+HSKP!K114+Reservation!K112+'ROOMS Admin'!K112 -> 14227.84 | L153: ='Front Office'!L114+HSKP!L114+Reservation!L112+'ROOMS Admin'!L112 -> 14227.84 | ... P153: ='Front Office'!P114+HSKP!P114+Reservation!P112+'ROOMS Admin'!P112 -> 13920.82 | Q153: =SUM(E153:P153) -> 171372.41 | R153: =Q153/$Q$111 -> 6.2478548
A154: <<50031001,50021500 | B154: <<10099,10200,10300,10400 | D154: Staff Cateen Allocation & OC 员工餐费 | E154: ='Front Office'!E115+HSKP!E115+Reservation!E113+'ROOMS Admin'!E113 -> 43183.25 | F154: ='Front Office'!F115+HSKP!F115+Reservation!F113+'ROOMS Admin'!F113 -> 42471.49 | G154: ='Front Office'!G115+HSKP!G115+Reservation!G113+'ROOMS Admin'!G113 -> 41916.76 | H154: ='Front Office'!H115+HSKP!H115+Reservation!H113+'ROOMS Admin'!H113 -> 43133.16 | I154: ='Front Office'!I115+HSKP!I115+Reservation!I113+'ROOMS Admin'!I113 -> 42259.14 | J154: ='Front Office'!J115+HSKP!J115+Reservation!J113+'ROOMS Admin'!J113 -> 41521.62 | K154: ='Front Office'!K115+HSKP!K115+Reservation!K113+'ROOMS Admin'!K113 -> 42167.09 | L154: ='Front Office'!L115+HSKP!L115+Reservation!L113+'ROOMS Admin'!L113 -> 42244.06 | ... P154: ='Front Office'!P115+HSKP!P115+Reservation!P113+'ROOMS Admin'!P113 -> 42072.06 | Q154: =SUM(E154:P154) -> 508321.3 | R154: =Q154/$Q$111 -> 18.532258
D155: Total Benefits 福利合计 | E155: =SUM(E148:E154) -> 60228.18 | F155: =SUM(F148:F154) -> 60279.02 | G155: =SUM(G148:G154) -> 58847.3 | H155: =SUM(H148:H154) -> 60418.68 | I155: =SUM(I148:I154) -> 59151.96 | J155: =SUM(J148:J154) -> 58198.98 | K155: =SUM(K148:K154) -> 58974.93 | L155: =SUM(L148:L154) -> 59051.9 | ... Q155: =SUM(Q148:Q154) -> 710933.71 | R155: =Q155/$Q$111 -> 25.919053
D156: TOTAL LABOUR COST 人工成本合计 | E156: =E127+E136+E146+E155 -> 668145.11 | F156: =F127+F136+F146+F155 -> 658633.78 | G156: =G127+G136+G146+G155 -> 627963.5 | H156: =H127+H136+H146+H155 -> 651130.75 | I156: =I127+I136+I146+I155 -> 668665.08 | J156: =J127+J136+J146+J155 -> 635219.01 | K156: =K127+K136+K146+K155 -> 678254.71 | L156: =L127+L136+L146+L155 -> 683278.47 | ... Q156: =Q127+Q136+Q146+Q155 -> 7900705.6 | R156: =Q156/$Q$111 -> 288.04206
A157: check | D157: Check(Hide) | E157: =E136+E146+E155+E127 -> 668145.11 | F157: =F136+F146+F155+F127 -> 658633.78 | G157: =G136+G146+G155+G127 -> 627963.5 | H157: =H136+H146+H155+H127 -> 651130.75 | I157: =I136+I146+I155+I127 -> 668665.08 | J157: =J136+J146+J155+J127 -> 635219.01 | K157: =K136+K146+K155+K127 -> 678254.71 | L157: =L136+L146+L155+L127 -> 683278.47 | ... Q157: =Q136+Q146+Q155+Q127 -> 7900705.6
Q158: =Q156-Q135-Q134 -> 5397388.4
A159: <<90030100 | B159: <<10099,10200,10300,10400 | D159: FTEs 员工人数 | E159: ='Front Office'!E120+HSKP!E120+Reservation!E118+'ROOMS Admin'!E118 -> 50 | F159: ='Front Office'!F120+HSKP!F120+Reservation!F118+'ROOMS Admin'!F118 -> 51 | G159: ='Front Office'!G120+HSKP!G120+Reservation!G118+'ROOMS Admin'!G118 -> 49 | H159: ='Front Office'!H120+HSKP!H120+Reservation!H118+'ROOMS Admin'!H118 -> 51 | I159: ='Front Office'!I120+HSKP!I120+Reservation!I118+'ROOMS Admin'!I118 -> 54 | J159: ='Front Office'!J120+HSKP!J120+Reservation!J118+'ROOMS Admin'!J118 -> 53 | K159: ='Front Office'!K120+HSKP!K120+Reservation!K118+'ROOMS Admin'!K118 -> 58 | L159: ='Front Office'!L120+HSKP!L120+Reservation!L118+'ROOMS Admin'!L118 -> 59 | ... P159: ='Front Office'!P120+HSKP!P120+Reservation!P118+'ROOMS Admin'!P118 -> 53 | Q159: =SUM(E159:P159)/12 -> 53.25
P161: Total Salary | Q161: =+Q127+Q136 -> 6151582.6
P162: Total Benefits | Q162: =+Q146+Q155 -> 1749123.1
...

Sheet Front Office
D4: =Summary!D4 -> Hotel Budget Report
D5: =Summary!$D$5 -> 酒店预算报表
D6: Rooms Summary 前厅部损益
D7: =Parameter!H4 -> 2025
E9: 1 | F9: 2 | G9: 3 | H9: 4 | I9: 5 | J9: 6 | K9: 7 | L9: 8 | M9: 9 | N9: 10 | O9: 11 | P9: 12 | Q9: 2025
A10: Account | B10: Dept | C10: L2 | E10: BUDGET | F10: BUDGET | G10: BUDGET | H10: BUDGET | I10: BUDGET | J10: BUDGET | K10: BUDGET | L10: BUDGET | M10: BUDGET | N10: BUDGET | O10: BUDGET | P10: BUDGET | Q10: BUDGET | S10: LY | T10: Variance
A11: <<5..59999999 | B11: <<10200 | D11: Total Labour Costs 人工成本合计 | E11: =E117 -> 204493.78 | F11: =F117 -> 179165.59 | G11: =G117 -> 178502.11 | H11: =H117 -> 190953.5 | I11: =I117 -> 195586.14 | J11: =J117 -> 182042.71 | K11: =K117 -> 181759.11 | L11: =L117 -> 181794.91 | ... P11: =P117 -> 181572.13 | Q11: =SUM(E11:P11) -> 2247459.2 | R11: =Q11/'Rooms Summary'!$Q$20 -> 0.05113121 | T11: =-IF(Q11-S11=0,0,(Q11-S11)/S11) -> #DIV/0!
Q12: =SUM(E12:P12) -> 0
D13: OPERATING EXPENSES 营运费用 | Q13: =SUM(E13:P13) -> 0 | R13: CPOR
A14: <<60010011 | B14: <<10200 | D14: Comm - Travel Agents 佣金 - 旅行社 | Q14: =SUM(E14:P14) -> 0 | R14: =Q14/'Rooms Summary'!$Q$111 -> 0 | T14: =(Q14-S14)/S14 -> #DIV/0!
A15: <<60010012 | B15: <<10200 | D15: Comm - Reservation Assessments 客房系统预定费 | Q15: =SUM(E15:P15) -> 0 | R15: =Q15/'Rooms Summary'!$Q$111 -> 0 | T15: =(Q15-S15)/S15 -> #DIV/0!
A16: <<60010013 | B16: <<10200 | D16: Comm - DMH Reservation Fees DMH预订系统费用 | E16: 4273.5 | F16: 11356.5 | G16: 2025 | H16: 2058 | I16: 3036 | J16: 1179 | K16: 2880 | L16: 4517.1 | M16: 1179 | N16: 2784 | O16: 3798 | P16: 3798 | Q16: =SUM(E16:P16) -> 42884.1 | R16: =Q16/'Rooms Summary'!$Q$111 -> 1.5634584 | T16: =(Q16-S16)/S16 -> #DIV/0!
A17: <<60010014 | B17: <<10200 | D17: Comm - Other 佣金 - 其他 | E17: 180918 | F17: 318481.95 | G17: 111522.4 | H17: 119312.4 | I17: 185456.72 | J17: 115428.8 | K17: 211006.4 | L17: 237477.2 | M17: 121866 | N17: 201723 | O17: 135899.4 | P17: 172657.56 | Q17: =SUM(E17:P17) -> 2111749.8 | R17: =Q17/'Rooms Summary'!$Q$111 -> 76.989676 | T17: =(Q17-S17)/S17 -> #DIV/0!
A18: <<60010021 | B18: <<10200 | D18: Complimentaries - Give Away 免费赠送 | E18: 6900 | F18: 8800 | G18: 6900 | H18: 6900 | I18: 6900 | J18: 6900 | K18: 11500 | L18: 11500 | M18: 6900 | N18: 7600 | O18: 6900 | P18: 7200 | Q18: =SUM(E18:P18) -> 94900 | R18: =Q18/'Rooms Summary'!$Q$111 -> 3.4598418 | T18: =-IF(Q18-S18=0,0,(Q18-S18)/S18) -> #DIV/0!
A19: <<60010022 | B19: <<10200 | D19: Complimentary Food&Beverage 免费餐饮 | E19: =27*'Rooms Summary'!E111 -> 48330 | F19: =27*'Rooms Summary'!F111 -> 68256 | G19: =27*'Rooms Summary'!G111 -> 52407 | H19: =27*'Rooms Summary'!H111 -> 53568 | I19: =27*'Rooms Summary'!I111 -> 60291 | J19: =27*'Rooms Summary'!J111 -> 52380 | K19: =27*'Rooms Summary'!K111 -> 81054 | L19: =27*'Rooms Summary'!L111 -> 86373 | ... P19: =27*'Rooms Summary'!P111 -> 67014 | Q19: =SUM(E19:P19) -> 740583 | R19: =Q19/'Rooms Summary'!$Q$111 -> 27 | T19: =-IF(Q19-S19=0,0,(Q19-S19)/S19) -> #DIV/0!
A20: <<60010030 | B20: <<10200 | D20: Competitor Survey竞争对手调研费 | Q20: =SUM(E20:P20) -> 0 | R20: =Q20/'Rooms Summary'!$Q$111 -> 0 | T20: =-IF(Q20-S20=0,0,(Q20-S20)/S20) -> 0
A21: <<60010040 | B21: <<10200 | D21: Contract Cleaning 清洁合同 | Q21: =SUM(E21:P21) -> 0 | R21: =Q21/'Rooms Summary'!$Q$111 -> 0 | T21: =-IF(Q21-S21=0,0,(Q21-S21)/S21) -> 0
A22: <<60010050 | B22: <<10200 | D22: Contract Services 服务合同 | Q22: =SUM(E22:P22) -> 0 | R22: =Q22/'Rooms Summary'!$Q$111 -> 0
A23: <<60010060 | B23: <<10200 | D23: Promotion Decoration 推广装饰 | Q23: =SUM(E23:P23) -> 0 | R23: =Q23/'Rooms Summary'!$Q$111 -> 0 | T23: =-IF(Q23-S23=0,0,(Q23-S23)/S23) -> 0
A24: <<60010070 | B24: <<10200 | D24: Dues & Subscriptions 会费/订阅 | E24: =20260/12 -> 1688.3333 | F24: =20260/12 -> 1688.3333 | G24: =20260/12 -> 1688.3333 | H24: =20260/12 -> 1688.3333 | I24: =20260/12 -> 1688.3333 | J24: =20260/12 -> 1688.3333 | K24: =20260/12 -> 1688.3333 | L24: =20260/12 -> 1688.3333 | ... P24: =20260/12 -> 1688.3333 | Q24: =SUM(E24:P24) -> 20260 | R24: =Q24/'Rooms Summary'!$Q$111 -> 0.73863429 | T24: =-IF(Q24-S24=0,0,(Q24-S24)/S24) -> #DIV/0!
A25: <<60010080 | B25: <<10200 | D25: Entertainment 招待 | E25: 3600 | F25: 4800 | G25: 3600 | H25: 3600 | I25: 4800 | J25: 3600 | K25: 6000 | L25: 6000 | M25: 3000 | N25: 4800 | O25: 4000 | P25: 4600 | Q25: =SUM(E25:P25) -> 52400 | R25: =Q25/'Rooms Summary'!$Q$111 -> 1.9103868 | T25: =-IF(Q25-S25=0,0,(Q25-S25)/S25) -> #DIV/0!
A26: <<60010091 | B26: <<10200 | D26: Guest Relocation Expenses 客人搬家费 | Q26: =SUM(E26:P26) -> 0 | R26: =Q26/'Rooms Summary'!$Q$111 -> 0 | T26: =-IF(Q26-S26=0,0,(Q26-S26)/S26) -> 0
A27: <<60010092 | B27: <<10200 | D27: Guest Supplies 客用品 - Cleaning 清洁 | Q27: =SUM(E27:P27) -> 0 | R27: =Q27/'Rooms Summary'!$Q$111 -> 0 | T27: =-IF(Q27-S27=0,0,(Q27-S27)/S27) -> 0
A28: <<60010093 | B28: <<10200 | D28: Guest Supplies 客用品 - Magazines&Newspapers 杂志&报纸 | E28: 135 | F28: 135 | G28: 135 | H28: 135 | I28: 135 | J28: 135 | K28: 135 | L28: 135 | M28: 135 | N28: 135 | O28: 135 | P28: 135 | Q28: =SUM(E28:P28) -> 1620 | R28: =Q28/'Rooms Summary'!$Q$111 -> 0.059061577 | T28: =-IF(Q28-S28=0,0,(Q28-S28)/S28) -> #DIV/0!
A29: <<60010094 | B29: <<10200 | D29: Guest Supplies 客用品 - Others 其他 | E29: 2850 | F29: 3500 | G29: 2850 | H29: 2850 | I29: 2850 | J29: 2850 | K29: 4400 | L29: 4600 | M29: 2600 | N29: 2850 | O29: 2850 | P29: 3100 | Q29: =SUM(E29:P29) -> 38150 | R29: =Q29/'Rooms Summary'!$Q$111 -> 1.3908637 | T29: =-IF(Q29-S29=0,0,(Q29-S29)/S29) -> #DIV/0!
A30: <<60010110 | B30: <<10200 | D30: Communication/Satellite/Cable 通讯/卫星/有线收视 | E30: 16000 | F30: 16000 | G30: 16000 | H30: 16000 | I30: 16000 | J30: 16000 | K30: 16000 | L30: 16000 | M30: 16000 | N30: 16000 | O30: 16000 | P30: 16000 | Q30: =SUM(E30:P30) -> 192000 | R30: =Q30/'Rooms Summary'!$Q$111 -> 6.9998906 | T30: =-IF(Q30-S30=0,0,(Q30-S30)/S30) -> #DIV/0!
A31: <<60010120 | B31: <<10200 | D31: Reservations Fees预订费 | Q31: =SUM(E31:P31) -> 0 | R31: =Q31/'Rooms Summary'!$Q$111 -> 0 | T31: =-IF(Q31-S31=0,0,(Q31-S31)/S31) -> 0
A32: <<60010130 | B32: <<10200 | D32: Pest Control 杀虫 | Q32: =SUM(E32:P32) -> 0 | R32: =Q32/'Rooms Summary'!$Q$111 -> 0 | T32: =-IF(Q32-S32=0,0,(Q32-S32)/S32) -> 0
A33: <<60011210 | B33: <<10200 | D33: Chinaware 瓷器 | Q33: =SUM(E33:P33) -> 0 | R33: =Q33/'Rooms Summary'!$Q$111 -> 0 | T33: =-IF(Q33-S33=0,0,(Q33-S33)/S33) -> 0
A34: <<60011220 | B34: <<10200 | D34: Cleaning Supplies&Chemicals 清洁用品&化学药剂 | Q34: =SUM(E34:P34) -> 0 | R34: =Q34/'Rooms Summary'!$Q$111 -> 0 | T34: =-IF(Q34-S34=0,0,(Q34-S34)/S34) -> 0
A35: <<60011230 | B35: <<10200 | D35: Flatware 餐具 | Q35: =SUM(E35:P35) -> 0 | R35: =Q35/'Rooms Summary'!$Q$111 -> 0 | T35: =-IF(Q35-S35=0,0,(Q35-S35)/S35) -> 0
A36: <<60011240 | B36: <<10200 | D36: Glassware 玻璃器皿 | Q36: =SUM(E36:P36) -> 0 | R36: =Q36/'Rooms Summary'!$Q$111 -> 0 | T36: =-IF(Q36-S36=0,0,(Q36-S36)/S36) -> 0
A37: <<60011250 | B37: <<10200 | D37: Linen 布巾 | Q37: =SUM(E37:P37) -> 0 | R37: =Q37/'Rooms Summary'!$Q$111 -> 0 | T37: =-IF(Q37-S37=0,0,(Q37-S37)/S37) -> 0
A38: <<60011260 | B38: <<10200 | D38: Silverware 银器 | Q38: =SUM(E38:P38) -> 0 | R38: =Q38/'Rooms Summary'!$Q$111 -> 0 | T38: =-IF(Q38-S38=0,0,(Q38-S38)/S38) -> 0
A39: <<60011270 | B39: <<10200 | D39: Other Operating Supplies 其他运营用品 | E39: 2000 | F39: 2000 | G39: 2000 | H39: 2000 | I39: 2000 | J39: 2000 | K39: 2000 | L39: 2000 | M39: 2000 | N39: 2000 | O39: 2000 | P39: 2000 | Q39: =SUM(E39:P39) -> 24000 | R39: =Q39/'Rooms Summary'!$Q$111 -> 0.87498633 | T39: =-IF(Q39-S39=0,0,(Q39-S39)/S39) -> #DIV/0!
A40: <<60011280 | B40: <<10200 | D40: Utensils 器具 | K40: 2000 | Q40: =SUM(E40:P40) -> 2000 | R40: =Q40/'Rooms Summary'!$Q$111 -> 0.072915527 | T40: =-IF(Q40-S40=0,0,(Q40-S40)/S40) -> #DIV/0!
A41: <<60011290 | B41: <<10200 | D41: Paper Supplies 纸张用品 | E41: 100 | F41: 150 | G41: 100 | H41: 100 | I41: 100 | J41: 100 | K41: 150 | L41: 150 | M41: 100 | N41: 150 | O41: 100 | P41: 100 | Q41: =SUM(E41:P41) -> 1400 | R41: =Q41/'Rooms Summary'!$Q$111 -> 0.051040869 | T41: =-IF(Q41-S41=0,0,(Q41-S41)/S41) -> #DIV/0!
A42: <<60011310 | B42: <<10200 | D42: Uniforms 制服 | E42: =12*E120 -> 228 | F42: =12*F120 -> 228 | G42: =12*G120 -> 228 | H42: =12*H120 -> 240 | I42: =12*I120 -> 240 | J42: =12*J120 -> 240 | K42: =12*K120 -> 240 | L42: =12*L120 -> 240 | ... P42: =12*P120 -> 240 | Q42: =SUM(E42:P42) -> 2844 | R42: =Q42/'Rooms Summary'!$Q$111 -> 0.10368588 | T42: =-IF(Q42-S42=0,0,(Q42-S42)/S42) -> #DIV/0!
A43: <<60011320 | B43: <<10200 | D43: Laundry Supplies 洗衣用品 | Q43: =SUM(E43:P43) -> 0 | R43: =Q43/'Rooms Summary'!$Q$111 -> 0 | T43: =-IF(Q43-S43=0,0,(Q43-S43)/S43) -> 0
A44: <<60011410 | B44: <<10200 | D44: Flyers 传单 | Q44: =SUM(E44:P44) -> 0 | R44: =Q44/'Rooms Summary'!$Q$111 -> 0 | T44: =-IF(Q44-S44=0,0,(Q44-S44)/S44) -> 0
A45: <<60011420 | B45: <<10200 | D45: Menus & Beverage Lists 菜单及饮料单 | Q45: =SUM(E45:P45) -> 0 | R45: =Q45/'Rooms Summary'!$Q$111 -> 0 | T45: =-IF(Q45-S45=0,0,(Q45-S45)/S45) -> 0
A46: <<60011430 | B46: <<10200 | D46: Food & Beverage Promotions 餐饮促销 | Q46: =SUM(E46:P46) -> 0 | R46: =Q46/'Rooms Summary'!$Q$111 -> 0 | T46: =-IF(Q46-S46=0,0,(Q46-S46)/S46) -> 0
A47: <<60011440 | B47: <<10200 | D47: Promotional Gifts 推广礼品 | Q47: =SUM(E47:P47) -> 0 | R47: =Q47/'Rooms Summary'!$Q$111 -> 0 | T47: =-IF(Q47-S47=0,0,(Q47-S47)/S47) -> 0
A48: <<60011450 | B48: <<10200 | D48: Promotions 促销 | Q48: =SUM(E48:P48) -> 0 | R48: =Q48/'Rooms Summary'!$Q$111 -> 0 | T48: =-IF(Q48-S48=0,0,(Q48-S48)/S48) -> 0
A49: <<60011460 | B49: <<10200 | D49: Plant Hire 植物租摆 | Q49: =SUM(E49:P49) -> 0 | R49: =Q49/'Rooms Summary'!$Q$111 -> 0 | T49: =-IF(Q49-S49=0,0,(Q49-S49)/S49) -> 0
A50: <<60011470 | B50: <<10200 | D50: Music/Entertainment 音乐/娱乐 | Q50: =SUM(E50:P50) -> 0 | R50: =Q50/'Rooms Summary'!$Q$111 -> 0 | T50: =-IF(Q50-S50=0,0,(Q50-S50)/S50) -> 0
A51: <<60011480 | B51: <<10200 | D51: Banquet Expenses 宴会费用 | Q51: =SUM(E51:P51) -> 0 | R51: =Q51/'Rooms Summary'!$Q$111 -> 0 | T51: =-IF(Q51-S51=0,0,(Q51-S51)/S51) -> 0
A52: <<60011510 | B52: <<10200 | D52: Kitchen Fuel 厨房燃料 | Q52: =SUM(E52:P52) -> 0 | R52: =Q52/'Rooms Summary'!$Q$111 -> 0 | T52: =-IF(Q52-S52=0,0,(Q52-S52)/S52) -> 0
A53: <<60011520 | B53: <<10200 | D53: Hygiene 卫生 | Q53: =SUM(E53:P53) -> 0 | R53: =Q53/'Rooms Summary'!$Q$111 -> 0 | T53: =-IF(Q53-S53=0,0,(Q53-S53)/S53) -> 0
A54: <<60011530 | B54: <<10200 | D54: Medical/First Aid Expenses 急救费用 | Q54: =SUM(E54:P54) -> 0 | R54: =Q54/'Rooms Summary'!$Q$111 -> 0 | T54: =-IF(Q54-S54=0,0,(Q54-S54)/S54) -> 0
A55: <<60011540 | B55: <<10200 | D55: Equipment Rental 设备租金 | Q55: =SUM(E55:P55) -> 0 | R55: =Q55/'Rooms Summary'!$Q$111 -> 0 | T55: =-IF(Q55-S55=0,0,(Q55-S55)/S55) -> 0 | Y55: =+IT!Y205 -> 0
A56: <<60011550 | B56: <<10200 | D56: Food Testing 食品测试 | Q56: =SUM(E56:P56) -> 0 | R56: =Q56/'Rooms Summary'!$Q$111 -> 0 | T56: =-IF(Q56-S56=0,0,(Q56-S56)/S56) -> 0
A57: <<60011561 | B57: <<10200 | D57: Oil 汽油 | Q57: =SUM(E57:P57) -> 0 | R57: =Q57/'Rooms Summary'!$Q$111 -> 0 | T57: =-IF(Q57-S57=0,0,(Q57-S57)/S57) -> 0
A58: <<60011562 | B58: <<10200 | D58: Vehicles Maintenance 车辆维修 | Q58: =SUM(E58:P58) -> 0 | R58: =Q58/'Rooms Summary'!$Q$111 -> 0 | T58: =-IF(Q58-S58=0,0,(Q58-S58)/S58) -> 0
A59: <<60011563 | B59: <<10200 | D59: Vehicle Insurance 车辆保险 | Q59: =SUM(E59:P59) -> 0 | R59: =Q59/'Rooms Summary'!$Q$111 -> 0 | T59: =-IF(Q59-S59=0,0,(Q59-S59)/S59) -> 0
A60: <<60011564 | B60: <<10200 | D60: Vehicle Tax 车辆税 | Q60: =SUM(E60:P60) -> 0 | R60: =Q60/'Rooms Summary'!$Q$111 -> 0 | T60: =-IF(Q60-S60=0,0,(Q60-S60)/S60) -> 0
A61: <<60011610 | B61: <<10200 | D61: Pool Supplies 泳池用品 | Q61: =SUM(E61:P61) -> 0 | R61: =Q61/'Rooms Summary'!$Q$111 -> 0 | T61: =-IF(Q61-S61=0,0,(Q61-S61)/S61) -> 0
A62: <<60011620 | B62: <<10200 | D62: General Supplies-GuestLaundry 一般用品-客衣 | Q62: =SUM(E62:P62) -> 0 | R62: =Q62/'Rooms Summary'!$Q$111 -> 0 | T62: =-IF(Q62-S62=0,0,(Q62-S62)/S62) -> 0
A63: <<60011910 | B63: <<10200 | D63: Staff Canteen-Food 员工餐厅食品 | Q63: =SUM(E63:P63) -> 0 | R63: =Q63/'Rooms Summary'!$Q$111 -> 0 | T63: =-IF(Q63-S63=0,0,(Q63-S63)/S63) -> 0
A64: <<60011920 | B64: <<10200 | D64: Staff Canteen-Beverage 员工餐厅饮料酒水 | Q64: =SUM(E64:P64) -> 0 | R64: =Q64/'Rooms Summary'!$Q$111 -> 0 | T64: =-IF(Q64-S64=0,0,(Q64-S64)/S64) -> 0
A65: <<60011930 | B65: <<10200 | D65: Dormitory Supplies 员工宿舍用品 | Q65: =SUM(E65:P65) -> 0 | R65: =Q65/'Rooms Summary'!$Q$111 -> 0 | T65: =-IF(Q65-S65=0,0,(Q65-S65)/S65) -> 0
A66: <<60012010 | B66: <<10200 | D66: Photocopy 复印费 | Q66: =SUM(E66:P66) -> 0 | R66: =Q66/'Rooms Summary'!$Q$111 -> 0 | T66: =-IF(Q66-S66=0,0,(Q66-S66)/S66) -> 0
A67: <<60012020 | B67: <<10200 | D67: Postage 邮费 | E67: 100 | F67: 150 | G67: 100 | H67: 100 | I67: 150 | J67: 100 | K67: 150 | L67: 150 | M67: 100 | N67: 150 | O67: 100 | P67: 100 | Q67: =SUM(E67:P67) -> 1450 | R67: =Q67/'Rooms Summary'!$Q$111 -> 0.052863757 | T67: =-IF(Q67-S67=0,0,(Q67-S67)/S67) -> #DIV/0!
A68: <<60012030 | B68: <<10200 | D68: Printing & Stationery 印刷与文具 | E68: 1000 | F68: 1000 | G68: 1000 | H68: 1000 | I68: 1000 | J68: 1000 | K68: 1000 | L68: 1000 | M68: 1000 | N68: 1000 | O68: 1000 | P68: 1000 | Q68: =SUM(E68:P68) -> 12000 | R68: =Q68/'Rooms Summary'!$Q$111 -> 0.43749316 | T68: =-IF(Q68-S68=0,0,(Q68-S68)/S68) -> #DIV/0! | U68: 复印机租赁 | V68: 450
A69: <<60012040 | B69: <<10200 | D69: Internal Laundry 内部洗衣 | E69: 5553.7 | F69: 4883.57 | G69: 4757.79 | H69: 5135.2 | I69: 5057 | J69: 4657.6 | K69: 4526.6 | L69: 4542.6 | M69: 4635.8 | N69: 5014.6 | O69: 4494.2 | P69: 4448 | Q69: =SUM(E69:P69) -> 57706.66 | R69: =Q69/'Rooms Summary'!$Q$111 -> 2.1038558 | T69: =-IF(Q69-S69=0,0,(Q69-S69)/S69) -> #DIV/0! | U69: 洗衣分摊人均 | V69: 207.9
A70: <<60012050 | B70: <<10200 | D70: Taskforce Expenses 外援费用 | Q70: =SUM(E70:P70) -> 0 | R70: =Q70/'Rooms Summary'!$Q$111 -> 0 | T70: =-IF(Q70-S70=0,0,(Q70-S70)/S70) -> 0
A71: <<60012060 | B71: <<10200 | D71: Telephone 电话费 | E71: 700 | F71: 700 | G71: 700 | H71: 700 | I71: 700 | J71: 700 | K71: 700 | L71: 700 | M71: 700 | N71: 700 | O71: 700 | P71: 700 | Q71: =SUM(E71:P71) -> 8400 | R71: =Q71/'Rooms Summary'!$Q$111 -> 0.30624521 | T71: =-IF(Q71-S71=0,0,(Q71-S71)/S71) -> #DIV/0! | U71: 工作手机IT | V71: 700 | Y71: =+IT!Y216 -> 0
A72: <<60012070 | B72: <<10200 | D72: Transportation 交通 - Guest 客人 | E72: 100 | F72: 200 | G72: 100 | H72: 100 | I72: 200 | J72: 100 | K72: 200 | L72: 200 | M72: 100 | N72: 200 | O72: 100 | P72: 100 | Q72: =SUM(E72:P72) -> 1700 | R72: =Q72/'Rooms Summary'!$Q$111 -> 0.061978198 | T72: =-IF(Q72-S72=0,0,(Q72-S72)/S72) -> #DIV/0!
A73: <<60012080 | B73: <<10200 | D73: Transportation 交通 - Staff 员工 | Q73: =SUM(E73:P73) -> 0 | R73: =Q73/'Rooms Summary'!$Q$111 -> 0 | T73: =-IF(Q73-S73=0,0,(Q73-S73)/S73) -> 0
A74: <<60012090 | B74: <<10200 | D74: Travelling Expenses 差旅费 | G74: 5000 | Q74: =SUM(E74:P74) -> 5000 | R74: =Q74/'Rooms Summary'!$Q$111 -> 0.18228882 | T74: =-IF(Q74-S74=0,0,(Q74-S74)/S74) -> #DIV/0!
A75: <<60014101 | B75: <<10200 | D75: Lost & Damaged 丢失与损坏 | Q75: =SUM(E75:P75) -> 0 | R75: =Q75/'Rooms Summary'!$Q$111 -> 0 | T75: =-IF(Q75-S75=0,0,(Q75-S75)/S75) -> 0
A76: <<60014102 | B76: <<10200 | D76: License Fee 执照/许可证费 | Q76: =SUM(E76:P76) -> 0 | R76: =Q76/'Rooms Summary'!$Q$111 -> 0 | T76: =-IF(Q76-S76=0,0,(Q76-S76)/S76) -> 0
A77: <<60014104 | B77: <<10200 | D77: Professional Services 专业服务 | K77: 6890 | Q77: =SUM(E77:P77) -> 6890 | R77: =Q77/'Rooms Summary'!$Q$111 -> 0.25119399 | T77: =-IF(Q77-S77=0,0,(Q77-S77)/S77) -> #DIV/0!
A78: <<60014115 | B78: <<10200 | D78: Supervision Fee 监管费 | Q78: =SUM(E78:P78) -> 0 | R78: =Q78/'Rooms Summary'!$Q$111 -> 0 | T78: =-IF(Q78-S78=0,0,(Q78-S78)/S78) -> 0
A79: <<60014117 | B79: <<10200 | D79: Corporate Office Charges 集团收费 | Q79: =SUM(E79:P79) -> 0 | R79: =Q79/'Rooms Summary'!$Q$111 -> 0 | T79: =-IF(Q79-S79=0,0,(Q79-S79)/S79) -> 0
A80: <<60011490 | B80: <<10200 | D80: Miscellaneous Expenses 杂项 | E80: 200 | F80: 200 | G80: 200 | H80: 200 | I80: 200 | J80: 200 | K80: 200 | L80: 200 | M80: 200 | N80: 200 | O80: 200 | P80: 200 | Q80: =SUM(E80:P80) -> 2400 | R80: =Q80/'Rooms Summary'!$Q$111 -> 0.087498633 | T80: =-IF(Q80-S80=0,0,(Q80-S80)/S80) -> #DIV/0!
D81: Total Operating Expenses 营运费用合计 | E81: =SUM(E14:E80) -> 274676.53 | F81: =SUM(F14:F80) -> 442529.36 | G81: =SUM(G14:G80) -> 211313.52 | H81: =SUM(H14:H80) -> 215686.93 | I81: =SUM(I14:I80) -> 290804.05 | J81: =SUM(J14:J80) -> 209258.73 | K81: =SUM(K14:K80) -> 352720.33 | L81: =SUM(L14:L80) -> 377473.23 | ... Q81: =SUM(Q14:Q80) -> 3420337.6 | R81: =Q81/'Rooms Summary'!$Q$111 -> 124.69786 | T81: =-IF(Q81-S81=0,0,(Q81-S81)/S81) -> #DIV/0!
D82: Total Department Expenses部门总费用合计 | E82: =E81+E11 -> 479170.31 | F82: =F81+F11 -> 621694.95 | G82: =G81+G11 -> 389815.63 | H82: =H81+H11 -> 406640.43 | I82: =I81+I11 -> 486390.19 | J82: =J81+J11 -> 391301.44 | K82: =K81+K11 -> 534479.44 | L82: =L81+L11 -> 559268.14 | ... Q82: =Q81+Q11 -> 5667796.8 | R82: =Q82/'Rooms Summary'!$Q$111 -> 206.6352 | T82: =-IF(Q82-S82=0,0,(Q82-S82)/S82) -> #DIV/0!
D84: LABOUR COST ANALYSIS 人工成本费用
D85: Salary & Wages 工资
A86: <<50010300,50010400 | B86: <<10200 | D86: Managers 经理 | E86: 20440 | F86: 20440 | G86: 20440 | H86: 20440 | I86: 20440 | J86: 20440 | K86: 20440 | L86: 20440 | M86: 20440 | N86: 20440 | O86: 20440 | P86: 20440 | Q86: =SUM(E86:P86) -> 245280 | R86: =Q86/'Rooms Summary'!$Q$111 -> 8.9423603 | T86: =-IF(Q86-S86=0,0,(Q86-S86)/S86) -> #DIV/0!
A87: <<50010100..50010200,50010500..50010700,50012500..50012600 | B87: <<10200 | D87: Front Office 前厅 | E87: 91900 | F87: 91900 | G87: 91900 | H87: 94900 | I87: 94900 | J87: 94900 | K87: 94900 | L87: 94900 | M87: 94900 | N87: 94900 | O87: 94900 | P87: 94900 | Q87: =SUM(E87:P87) -> 1129800 | R87: =Q87/'Rooms Summary'!$Q$111 -> 41.189981 | T87: =-IF(Q87-S87=0,0,(Q87-S87)/S87) -> #DIV/0!
D88: Total Remuneration 薪酬小计 | E88: =SUM(E86:E87) -> 112340 | F88: =SUM(F86:F87) -> 112340 | G88: =SUM(G86:G87) -> 112340 | H88: =SUM(H86:H87) -> 115340 | I88: =SUM(I86:I87) -> 115340 | J88: =SUM(J86:J87) -> 115340 | K88: =SUM(K86:K87) -> 115340 | L88: =SUM(L86:L87) -> 115340 | ... Q88: =SUM(Q86:Q87) -> 1375080 | R88: =Q88/'Rooms Summary'!$Q$111 -> 50.132342 | T88: =-IF(Q88-S88=0,0,(Q88-S88)/S88) -> #DIV/0!
A90: <<50012300 | B90: <<10200 | D90: Overtime 加班 | E90: 25351.75 | F90: 0 | G90: 0 | H90: 7853.79 | I90: 13089.63 | J90: 0 | K90: 0 | L90: 0 | M90: 0 | N90: 26179.34 | O90: 0 | P90: 0 | Q90: =SUM(E90:P90) -> 72474.51 | R90: =Q90/'Rooms Summary'!$Q$111 -> 2.6422586 | T90: =-IF(Q90-S90=0,0,(Q90-S90)/S90) -> #DIV/0!
A91: <<50012100..50012200 | B91: <<10200 | D91: Bonus 年终奖金 | E91: 1404.25 | F91: 1404.25 | G91: 1404.25 | H91: 1441.75 | I91: 1441.75 | J91: 1441.75 | K91: 1441.75 | L91: 1441.75 | M91: 1441.75 | N91: 1441.75 | O91: 1441.75 | P91: =1441.75+0.02 -> 1441.77 | Q91: =SUM(E91:P91) -> 17188.52 | R91: =Q91/'Rooms Summary'!$Q$111 -> 0.626655 | T91: =-IF(Q91-S91=0,0,(Q91-S91)/S91) -> #DIV/0!
A92: <<50021270 | B92: <<10200 | D92: Allowance 津贴 | E92: 2700 | F92: 2700 | G92: 2700 | H92: 2700 | I92: 2700 | J92: 2700 | K92: 2700 | L92: 2700 | M92: 2700 | N92: 2700 | O92: 2700 | P92: 2700 | Q92: =SUM(E92:P92) -> 32400 | R92: =Q92/'Rooms Summary'!$Q$111 -> 1.1812315 | T92: =-IF(Q92-S92=0,0,(Q92-S92)/S92) -> #DIV/0!
A93: <<50012400 | B93: <<10200 | D93: Vacation Pay 假期工资 | E93: 0 | F93: 0 | G93: 0 | H93: 0 | I93: 0 | J93: 0 | K93: 0 | L93: 0 | M93: 0 | N93: 0 | O93: 0 | P93: 0 | Q93: =SUM(E93:P93) -> 0 | R93: =Q93/'Rooms Summary'!$Q$111 -> 0 | T93: =-IF(Q93-S93=0,0,(Q93-S93)/S93) -> 0
A94: <<50021280 | B94: <<10200 | D94: Incentive 奖金 | E94: 0 | F94: 0 | G94: 0 | H94: 0 | I94: 0 | J94: 0 | K94: 0 | L94: 0 | M94: 0 | N94: 0 | O94: 0 | P94: 0 | Q94: =SUM(E94:P94) -> 0 | R94: =Q94/'Rooms Summary'!$Q$111 -> 0 | T94: =-IF(Q94-S94=0,0,(Q94-S94)/S94) -> 0
A95: 50010600 | B95: <<10200 | D95: Salary & Wage - Others工资-其他-小时工 | Q95: =SUM(E95:P95) -> 0 | R95: =Q95/'Rooms Summary'!$Q$111 -> 0 | T95: =-IF(Q95-S95=0,0,(Q95-S95)/S95) -> 0
A96: 50010600 | B96: <<10200 | D96: Salary & Wage - Others工资-其他-外包 | E96: 0 | F96: 0 | G96: 0 | H96: 0 | I96: 0 | J96: 0 | K96: 0 | L96: 0 | M96: 0 | N96: 0 | O96: 0 | P96: 0 | Q96: =SUM(E96:P96) -> 0 | R96: =Q96/'Rooms Summary'!$Q$111 -> 0 | T96: =-IF(Q96-S96=0,0,(Q96-S96)/S96) -> 0
D97: Total Salary & Wages 工资合计 | E97: =SUM(E90:E96) -> 29456 | F97: =SUM(F90:F96) -> 4104.25 | G97: =SUM(G90:G96) -> 4104.25 | H97: =SUM(H90:H96) -> 11995.54 | I97: =SUM(I90:I96) -> 17231.38 | J97: =SUM(J90:J96) -> 4141.75 | K97: =SUM(K90:K96) -> 4141.75 | L97: =SUM(L90:L96) -> 4141.75 | ... Q97: =SUM(Q90:Q96) -> 122063.03 | R97: =Q97/'Rooms Summary'!$Q$111 -> 4.4501451 | T97: =-IF(Q97-S97=0,0,(Q97-S97)/S97) -> #DIV/0!
A99: <<50013100 | B99: <<10200 | D99: PRC - Retirement Insurance 养老保险 | E99: 16367.4 | F99: 16367.4 | G99: 16367.4 | H99: 16367.4 | I99: 16367.4 | J99: 16367.4 | K99: 16367.4 | L99: 16367.4 | M99: 16367.4 | N99: 16367.4 | O99: 16367.4 | P99: 16367.4 | Q99: =SUM(E99:P99) -> 196408.8 | R99: =Q99/'Rooms Summary'!$Q$111 -> 7.1606256 | T99: =-IF(Q99-S99=0,0,(Q99-S99)/S99) -> #DIV/0!
A100: <<50013200 | B100: <<10200 | D100: PRC - Basic Medical Insurance 医疗保险 | E100: 6389.88 | F100: 6389.88 | G100: 6389.88 | H100: 6389.88 | I100: 6389.88 | J100: 6389.88 | K100: 6389.88 | L100: 6389.88 | M100: 6389.88 | N100: 6389.88 | O100: 6389.88 | P100: 6389.88 | Q100: =SUM(E100:P100) -> 76678.56 | R100: =Q100/'Rooms Summary'!$Q$111 -> 2.7955288 | T100: =-IF(Q100-S100=0,0,(Q100-S100)/S100) -> #DIV/0!
A101: <<50013300 | B101: <<10200 | D101: PRC - Unemployement fund 失业保险 | E101: 850.72 | F101: 850.72 | G101: 850.72 | H101: 850.72 | I101: 850.72 | J101: 850.72 | K101: 850.72 | L101: 850.72 | M101: 850.72 | N101: 850.72 | O101: 850.72 | P101: 850.72 | Q101: =SUM(E101:P101) -> 10208.64 | R101: =Q101/'Rooms Summary'!$Q$111 -> 0.37218418 | T101: =-IF(Q101-S101=0,0,(Q101-S101)/S101) -> #DIV/0!
A102: <<50013400 | B102: <<10200 | D102: PRC - Employee Liability (Injury) 工伤保险 | E102: 425.36 | F102: 425.36 | G102: 425.36 | H102: 425.36 | I102: 425.36 | J102: 425.36 | K102: 425.36 | L102: 425.36 | M102: 425.36 | N102: 425.36 | O102: 425.36 | P102: 425.36 | Q102: =SUM(E102:P102) -> 5104.32 | R102: =Q102/'Rooms Summary'!$Q$111 -> 0.18609209 | T102: =-IF(Q102-S102=0,0,(Q102-S102)/S102) -> #DIV/0!
A103: <<50013500 | B103: <<10200 | D103: PRC - Birth Insurance 生育保险 | Q103: =SUM(E103:P103) -> 0 | R103: =Q103/'Rooms Summary'!$Q$111 -> 0 | T103: =-IF(Q103-S103=0,0,(Q103-S103)/S103) -> 0
A104: <<50013600 | B104: <<10200 | D104: PRC - Housing Fund 住房公积金 | E104: 8507 | F104: 8507 | G104: 8507 | H104: 8507 | I104: 8507 | J104: 8507 | K104: 8507 | L104: 8507 | M104: 8507 | N104: 8507 | O104: 8507 | P104: 8507 | Q104: =SUM(E104:P104) -> 102084 | R104: =Q104/'Rooms Summary'!$Q$111 -> 3.7217543 | T104: =-IF(Q104-S104=0,0,(Q104-S104)/S104) -> #DIV/0!
A105: <<50013700 | B105: <<10200 | D105: PRC - Union Fee 工会经费 | E105: 2246.8 | F105: 2246.8 | G105: 2246.8 | H105: 2306.8 | I105: 2306.8 | J105: 2306.8 | K105: 2306.8 | L105: 2306.8 | M105: 2306.8 | N105: 2306.8 | O105: 2306.8 | P105: 2306.8 | Q105: =SUM(E105:P105) -> 27501.6 | R105: =Q105/'Rooms Summary'!$Q$111 -> 1.0026468
A106: <<50013800 | B106: <<10200 | D106: PRC - Education Fund 教育经费 | Q106: =SUM(E106:P106) -> 0 | R106: =Q106/'Rooms Summary'!$Q$111 -> 0
D107: Total Social Security 社保合计 | E107: =SUM(E99:E106) -> 34787.16 | F107: =SUM(F99:F106) -> 34787.16 | G107: =SUM(G99:G106) -> 34787.16 | H107: =SUM(H99:H106) -> 34847.16 | I107: =SUM(I99:I106) -> 34847.16 | J107: =SUM(J99:J106) -> 34847.16 | K107: =SUM(K99:K106) -> 34847.16 | L107: =SUM(L99:L106) -> 34847.16 | ... Q107: =SUM(Q99:Q106) -> 417985.92 | R107: =Q107/'Rooms Summary'!$Q$111 -> 15.238832 | T107: =-IF(Q107-S107=0,0,(Q107-S107)/S107) -> #DIV/0!
...

Sheet HSKP
D4: =Summary!D4 -> Hotel Budget Report
D5: =Summary!$D$5 -> 酒店预算报表
D6: Rooms Summary 客房部损益
D7: =Parameter!H4 -> 2025
E9: 1 | F9: 2 | G9: 3 | H9: 4 | I9: 5 | J9: 6 | K9: 7 | L9: 8 | M9: 9 | N9: 10 | O9: 11 | P9: 12 | Q9: 2025
A10: Account | B10: Dept | C10: L2 | E10: BUDGET | F10: BUDGET | G10: BUDGET | H10: BUDGET | I10: BUDGET | J10: BUDGET | K10: BUDGET | L10: BUDGET | M10: BUDGET | N10: BUDGET | O10: BUDGET | P10: BUDGET | Q10: BUDGET | S10: LY | T10: Variance
A11: <<5..59999999 | B11: <<10300 | D11: Total Labour Costs 人工成本合计 | E11: =E117 -> 349673.97 | F11: =F117 -> 370116.64 | G11: =G117 -> 340354.28 | H11: =H117 -> 349657.12 | I11: =I117 -> 361843.04 | J11: =J117 -> 344416.46 | K11: =K117 -> 387835.02 | L11: =L117 -> 392810.45 | ... P11: =P117 -> 364112.17 | Q11: =SUM(E11:P11) -> 4333703 | R11: =Q11/'Rooms Summary'!$Q$20 -> 0.09859466 | T11: =-IF(Q11-S11=0,0,(Q11-S11)/S11) -> #DIV/0!
D13: OPERATING EXPENSES 营运费用 | Q13: =SUM(E13:P13) -> 0 | R13: CPOR
A14: <<60010011 | B14: <<10300 | D14: Comm - Travel Agents 佣金 - 旅行社 | Q14: =SUM(E14:P14) -> 0 | R14: =Q14/'Rooms Summary'!$Q$111 -> 0 | T14: =(Q14-S14)/S14 -> #DIV/0!
A15: <<60010012 | B15: <<10300 | D15: Comm - Reservation Assessments 客房系统预定费 | Q15: =SUM(E15:P15) -> 0 | R15: =Q15/'Rooms Summary'!$Q$111 -> 0 | T15: =(Q15-S15)/S15 -> #DIV/0!
A16: <<60010013 | B16: <<10300 | D16: Comm - DMH Reservation Fees DMH预订系统费用 | Q16: =SUM(E16:P16) -> 0 | R16: =Q16/'Rooms Summary'!$Q$111 -> 0 | T16: =(Q16-S16)/S16 -> #DIV/0!
A17: <<60010014 | B17: <<10300 | D17: Comm - Other 佣金 - 其他 | Q17: =SUM(E17:P17) -> 0 | R17: =Q17/'Rooms Summary'!$Q$111 -> 0 | T17: =(Q17-S17)/S17 -> #DIV/0!
A18: <<60010021 | B18: <<10300 | D18: Complimentaries - Give Away 免费赠送 | E18: =27*'Rooms Summary'!E111 -> 48330 | F18: =27*'Rooms Summary'!F111 -> 68256 | G18: =27*'Rooms Summary'!G111 -> 52407 | H18: =27*'Rooms Summary'!H111 -> 53568 | I18: =27*'Rooms Summary'!I111 -> 60291 | J18: =27*'Rooms Summary'!J111 -> 52380 | K18: =27*'Rooms Summary'!K111 -> 81054 | L18: =27*'Rooms Summary'!L111 -> 86373 | ... P18: =27*'Rooms Summary'!P111 -> 67014 | Q18: =SUM(E18:P18) -> 740583 | R18: =Q18/'Rooms Summary'!$Q$111 -> 27 | T18: =-IF(Q18-S18=0,0,(Q18-S18)/S18) -> #DIV/0!
A19: <<60010022 | B19: <<10300 | D19: Complimentary Food&Beverage 免费餐饮 | Q19: =SUM(E19:P19) -> 0 | R19: =Q19/'Rooms Summary'!$Q$111 -> 0
A20: <<60010030 | B20: <<10300 | D20: Competitor Survey竞争对手调研费 | Q20: =SUM(E20:P20) -> 0 | R20: =Q20/'Rooms Summary'!$Q$111 -> 0 | T20: =-IF(Q20-S20=0,0,(Q20-S20)/S20) -> 0
A21: <<60010040 | B21: <<10300 | D21: Contract Cleaning 清洁合同 | E21: =26*'Rooms Summary'!E111/1.06 -> 43905.66 | F21: =26*'Rooms Summary'!F111/1.06 -> 62007.547 | G21: =26*'Rooms Summary'!G111/1.06 -> 47609.434 | H21: =26*'Rooms Summary'!H111/1.06 -> 48664.151 | I21: =26*'Rooms Summary'!I111/1.06 -> 54771.698 | J21: =26*'Rooms Summary'!J111/1.06 -> 47584.906 | K21: =26*'Rooms Summary'!K111/1.06 -> 73633.962 | L21: =26*'Rooms Summary'!L111/1.06 -> 78466.038 | ... P21: =26*'Rooms Summary'!P111/1.06 -> 60879.245 | Q21: =SUM(E21:P21) -> 672786.79 | R21: =Q21/'Rooms Summary'!$Q$111 -> 24.528302 | T21: =-IF(Q21-S21=0,0,(Q21-S21)/S21) -> #DIV/0!
A22: <<60010050 | B22: <<10300 | D22: Contract Services 服务合同 | Q22: =SUM(E22:P22) -> 0 | R22: =Q22/'Rooms Summary'!$Q$111 -> 0 | T22: =-IF(Q22-S22=0,0,(Q22-S22)/S22) -> 0
A23: <<60010060 | B23: <<10300 | D23: Promotion Decoration 推广装饰 | E23: 60000 | P23: 10000 | Q23: =SUM(E23:P23) -> 70000 | R23: =Q23/'Rooms Summary'!$Q$111 -> 2.5520435 | T23: =-IF(Q23-S23=0,0,(Q23-S23)/S23) -> #DIV/0!
A24: <<60010070 | B24: <<10300 | D24: Dues & Subscriptions 会费/订阅 | Q24: =SUM(E24:P24) -> 0 | R24: =Q24/'Rooms Summary'!$Q$111 -> 0 | T24: =-IF(Q24-S24=0,0,(Q24-S24)/S24) -> 0
A25: <<60010080 | B25: <<10300 | D25: Entertainment 招待 | Q25: =SUM(E25:P25) -> 0 | R25: =Q25/'Rooms Summary'!$Q$111 -> 0 | T25: =-IF(Q25-S25=0,0,(Q25-S25)/S25) -> 0
A26: <<60010091 | B26: <<10300 | D26: Guest Relocation Expenses 客人搬家费 | Q26: =SUM(E26:P26) -> 0 | R26: =Q26/'Rooms Summary'!$Q$111 -> 0 | T26: =-IF(Q26-S26=0,0,(Q26-S26)/S26) -> 0
A27: <<60010092 | B27: <<10300 | D27: Guest Supplies 客用品 - Cleaning 清洁 | Q27: =SUM(E27:P27) -> 0 | R27: =Q27/'Rooms Summary'!$Q$111 -> 0 | T27: =-IF(Q27-S27=0,0,(Q27-S27)/S27) -> 0
A28: <<60010093 | B28: <<10300 | D28: Guest Supplies 客用品 - Magazines&Newspapers 杂志&报纸 | Q28: =SUM(E28:P28) -> 0 | R28: =Q28/'Rooms Summary'!$Q$111 -> 0 | T28: =-IF(Q28-S28=0,0,(Q28-S28)/S28) -> 0
A29: <<60010094 | B29: <<10300 | D29: Guest Supplies 客用品 - Others 其他 | E29: =60*'Rooms Summary'!E111*50% -> 53700 | F29: =60*'Rooms Summary'!F111*70% -> 106176 | G29: =60*'Rooms Summary'!G111 -> 116460 | H29: =60*'Rooms Summary'!H111 -> 119040 | I29: =60*'Rooms Summary'!I111 -> 133980 | J29: =60*'Rooms Summary'!J111 -> 116400 | K29: =60*'Rooms Summary'!K111 -> 180120 | L29: =60*'Rooms Summary'!L111 -> 191940 | M29: =60*'Rooms Summary'!M111 -> 110100 | N29: =60*'Rooms Summary'!N111 -> 138060 | ... P29: =60*'Rooms Summary'!P111 -> 148920 | Q29: =SUM(E29:P29) -> 1546536 | R29: =Q29/'Rooms Summary'!$Q$111 -> 56.383244 | T29: =-IF(Q29-S29=0,0,(Q29-S29)/S29) -> #DIV/0!
A30: <<60010110 | B30: <<10300 | D30: Communication/Satellite/Cable 通讯/卫星/有线收视 | Q30: =SUM(E30:P30) -> 0 | R30: =Q30/'Rooms Summary'!$Q$111 -> 0 | T30: =-IF(Q30-S30=0,0,(Q30-S30)/S30) -> 0
A31: <<60010120 | B31: <<10300 | D31: Reservations Fees预订费 | Q31: =SUM(E31:P31) -> 0 | R31: =Q31/'Rooms Summary'!$Q$111 -> 0 | T31: =-IF(Q31-S31=0,0,(Q31-S31)/S31) -> 0
A32: <<60010130 | B32: <<10300 | D32: Pest Control 杀虫 | E32: =17000/1.06 -> 16037.736 | F32: =17000/1.06 -> 16037.736 | G32: =17000/1.06 -> 16037.736 | H32: =17000/1.06 -> 16037.736 | I32: =17000/1.06 -> 16037.736 | J32: =17000/1.06 -> 16037.736 | K32: =17000/1.06 -> 16037.736 | L32: =17000/1.06 -> 16037.736 | ... P32: =17000/1.06 -> 16037.736 | Q32: =SUM(E32:P32) -> 192452.83 | R32: =Q32/'Rooms Summary'!$Q$111 -> 7.0163998 | T32: =-IF(Q32-S32=0,0,(Q32-S32)/S32) -> #DIV/0!
A33: <<60011210 | B33: <<10300 | D33: Chinaware 瓷器 | Q33: =SUM(E33:P33) -> 0 | R33: =Q33/'Rooms Summary'!$Q$111 -> 0
A34: <<60011220 | B34: <<10300 | D34: Cleaning Supplies&Chemicals 清洁用品&化学药剂 | E34: 8950 | F34: 11600 | G34: 10446 | H34: 10968 | I34: 11808 | J34: 11052 | K34: 14165 | L34: 15190 | M34: 9336 | N34: 11916 | O34: 10170 | P34: 11705 | Q34: =SUM(E34:P34) -> 137306 | R34: =Q34/'Rooms Summary'!$Q$111 -> 5.0058697 | T34: =-IF(Q34-S34=0,0,(Q34-S34)/S34) -> #DIV/0!
A35: <<60011230 | B35: <<10300 | D35: Flatware 餐具 | Q35: =SUM(E35:P35) -> 0 | R35: =Q35/'Rooms Summary'!$Q$111 -> 0 | T35: =-IF(Q35-S35=0,0,(Q35-S35)/S35) -> 0
A36: <<60011240 | B36: <<10300 | D36: Glassware 玻璃器皿 | Q36: =SUM(E36:P36) -> 0 | R36: =Q36/'Rooms Summary'!$Q$111 -> 0
A37: <<60011250 | B37: <<10300 | D37: Linen 布巾 | Q37: =SUM(E37:P37) -> 0 | R37: =Q37/'Rooms Summary'!$Q$111 -> 0 | T37: =-IF(Q37-S37=0,0,(Q37-S37)/S37) -> 0
A38: <<60011260 | B38: <<10300 | D38: Silverware 银器 | Q38: =SUM(E38:P38) -> 0 | R38: =Q38/'Rooms Summary'!$Q$111 -> 0 | T38: =-IF(Q38-S38=0,0,(Q38-S38)/S38) -> 0
A39: <<60011270 | B39: <<10300 | D39: Other Operating Supplies 其他运营用品 | E39: 500 | F39: 500 | G39: 500 | H39: 500 | I39: 500 | J39: 500 | K39: 500 | L39: 500 | M39: 500 | N39: 10100 | O39: 10100 | P39: 10100 | Q39: =SUM(E39:P39) -> 34800 | R39: =Q39/'Rooms Summary'!$Q$111 -> 1.2687302 | T39: =-IF(Q39-S39=0,0,(Q39-S39)/S39) -> #DIV/0!
A40: <<60011280 | B40: <<10300 | D40: Utensils 器具 | Q40: =SUM(E40:P40) -> 0 | R40: =Q40/'Rooms Summary'!$Q$111 -> 0 | T40: =-IF(Q40-S40=0,0,(Q40-S40)/S40) -> 0
A41: <<60011290 | B41: <<10300 | D41: Paper Supplies 纸张用品 | E41: 1000 | F41: 1000 | G41: 1000 | H41: 1000 | I41: 1000 | J41: 1000 | K41: 1000 | L41: 1000 | M41: 1000 | N41: 1000 | O41: 1000 | P41: 1000 | Q41: =SUM(E41:P41) -> 12000 | R41: =Q41/'Rooms Summary'!$Q$111 -> 0.43749316 | T41: =-IF(Q41-S41=0,0,(Q41-S41)/S41) -> #DIV/0!
A42: <<60011310 | B42: <<10300 | D42: Uniforms 制服 | E42: =+E120*12 -> 288 | F42: =+F120*12 -> 300 | G42: =+G120*12 -> 276 | H42: =+H120*12 -> 288 | I42: =+I120*12 -> 324 | J42: =+J120*12 -> 312 | K42: =+K120*12 -> 372 | L42: =+L120*12 -> 384 | ... P42: =+P120*12 -> 312 | Q42: =SUM(E42:P42) -> 3816 | R42: =Q42/'Rooms Summary'!$Q$111 -> 0.13912283 | T42: =-IF(Q42-S42=0,0,(Q42-S42)/S42) -> #DIV/0!
A43: <<60011320 | B43: <<10300 | D43: Laundry Supplies 洗衣用品 | Q43: =SUM(E43:P43) -> 0 | R43: =Q43/'Rooms Summary'!$Q$111 -> 0 | T43: =-IF(Q43-S43=0,0,(Q43-S43)/S43) -> 0
A44: <<60011410 | B44: <<10300 | D44: Flyers 传单 | Q44: =SUM(E44:P44) -> 0 | R44: =Q44/'Rooms Summary'!$Q$111 -> 0 | T44: =-IF(Q44-S44=0,0,(Q44-S44)/S44) -> 0
A45: <<60011420 | B45: <<10300 | D45: Menus & Beverage Lists 菜单及饮料单 | Q45: =SUM(E45:P45) -> 0 | R45: =Q45/'Rooms Summary'!$Q$111 -> 0 | T45: =-IF(Q45-S45=0,0,(Q45-S45)/S45) -> 0
A46: <<60011430 | B46: <<10300 | D46: Food & Beverage Promotions 餐饮促销 | Q46: =SUM(E46:P46) -> 0 | R46: =Q46/'Rooms Summary'!$Q$111 -> 0 | T46: =-IF(Q46-S46=0,0,(Q46-S46)/S46) -> 0
A47: <<60011440 | B47: <<10300 | D47: Promotional Gifts 推广礼品 | Q47: =SUM(E47:P47) -> 0 | R47: =Q47/'Rooms Summary'!$Q$111 -> 0
A48: <<60011450 | B48: <<10300 | D48: Promotions 促销 | Q48: =SUM(E48:P48) -> 0 | R48: =Q48/'Rooms Summary'!$Q$111 -> 0 | T48: =-IF(Q48-S48=0,0,(Q48-S48)/S48) -> 0
A49: <<60011460 | B49: <<10300 | D49: Plant Hire 植物租摆 | E49: =40000/1.06 -> 37735.849 | F49: =40000/1.06 -> 37735.849 | G49: =40000/1.06 -> 37735.849 | H49: =40000/1.06 -> 37735.849 | I49: =40000/1.06 -> 37735.849 | J49: =40000/1.06 -> 37735.849 | K49: =40000/1.06 -> 37735.849 | L49: =40000/1.06 -> 37735.849 | ... P49: =40000/1.06 -> 37735.849 | Q49: =SUM(E49:P49) -> 452830.19 | R49: =Q49/'Rooms Summary'!$Q$111 -> 16.509176 | T49: =-IF(Q49-S49=0,0,(Q49-S49)/S49) -> #DIV/0!
A50: <<60011470 | B50: <<10300 | D50: Music/Entertainment 音乐/娱乐 | Q50: =SUM(E50:P50) -> 0 | R50: =Q50/'Rooms Summary'!$Q$111 -> 0 | T50: =-IF(Q50-S50=0,0,(Q50-S50)/S50) -> 0
A51: <<60011480 | B51: <<10300 | D51: Banquet Expenses 宴会费用 | Q51: =SUM(E51:P51) -> 0 | R51: =Q51/'Rooms Summary'!$Q$111 -> 0 | T51: =-IF(Q51-S51=0,0,(Q51-S51)/S51) -> 0
A52: <<60011510 | B52: <<10300 | D52: Kitchen Fuel 厨房燃料 | Q52: =SUM(E52:P52) -> 0 | R52: =Q52/'Rooms Summary'!$Q$111 -> 0 | T52: =-IF(Q52-S52=0,0,(Q52-S52)/S52) -> 0
A53: <<60011520 | B53: <<10300 | D53: Hygiene 卫生 | Q53: =SUM(E53:P53) -> 0 | R53: =Q53/'Rooms Summary'!$Q$111 -> 0 | T53: =-IF(Q53-S53=0,0,(Q53-S53)/S53) -> 0
A54: <<60011530 | B54: <<10300 | D54: Medical/First Aid Expenses 急救费用 | Q54: =SUM(E54:P54) -> 0 | R54: =Q54/'Rooms Summary'!$Q$111 -> 0 | T54: =-IF(Q54-S54=0,0,(Q54-S54)/S54) -> 0
A55: <<60011540 | B55: <<10300 | D55: Equipment Rental 设备租金 | Q55: =SUM(E55:P55) -> 0 | R55: =Q55/'Rooms Summary'!$Q$111 -> 0 | T55: =-IF(Q55-S55=0,0,(Q55-S55)/S55) -> 0
A56: <<60011550 | B56: <<10300 | D56: Food Testing 食品测试 | Q56: =SUM(E56:P56) -> 0 | R56: =Q56/'Rooms Summary'!$Q$111 -> 0 | T56: =-IF(Q56-S56=0,0,(Q56-S56)/S56) -> 0
A57: <<60011561 | B57: <<10300 | D57: Oil 汽油 | Q57: =SUM(E57:P57) -> 0 | R57: =Q57/'Rooms Summary'!$Q$111 -> 0 | T57: =-IF(Q57-S57=0,0,(Q57-S57)/S57) -> 0
A58: <<60011562 | B58: <<10300 | D58: Vehicles Maintenance 车辆维修 | Q58: =SUM(E58:P58) -> 0 | R58: =Q58/'Rooms Summary'!$Q$111 -> 0 | T58: =-IF(Q58-S58=0,0,(Q58-S58)/S58) -> 0
A59: <<60011563 | B59: <<10300 | D59: Vehicle Insurance 车辆保险 | Q59: =SUM(E59:P59) -> 0 | R59: =Q59/'Rooms Summary'!$Q$111 -> 0 | T59: =-IF(Q59-S59=0,0,(Q59-S59)/S59) -> 0
A60: <<60011564 | B60: <<10300 | D60: Vehicle Tax 车辆税 | Q60: =SUM(E60:P60) -> 0 | R60: =Q60/'Rooms Summary'!$Q$111 -> 0 | T60: =-IF(Q60-S60=0,0,(Q60-S60)/S60) -> 0
A61: <<60011610 | B61: <<10300 | D61: Pool Supplies 泳池用品 | Q61: =SUM(E61:P61) -> 0 | R61: =Q61/'Rooms Summary'!$Q$111 -> 0 | T61: =-IF(Q61-S61=0,0,(Q61-S61)/S61) -> 0
... A66: <<60012010 | B66: <<10300 | D66: Photocopy 复印费 | Q66: =SUM(E66:P66) -> 0 | R66: =Q66/'Rooms Summary'!$Q$111 -> 0 | T66: =-IF(Q66-S66=0,0,(Q66-S66)/S66) -> 0
A67: <<60012020 | B67: <<10300 | D67: Postage 邮费 | Q67: =SUM(E67:P67) -> 0 | R67: =Q67/'Rooms Summary'!$Q$111 -> 0
A68: <<60012030 | B68: <<10300 | D68: Printing & Stationery 印刷与文具 | E68: 980 | F68: 980 | G68: 1180 | H68: 1380 | I68: 1780 | J68: 1260 | K68: 1260 | L68: 1260 | M68: 1260 | N68: 1260 | O68: 1260 | P68: 1260 | Q68: =SUM(E68:P68) -> 15120 | R68: =Q68/'Rooms Summary'!$Q$111 -> 0.55124139 | T68: =-IF(Q68-S68=0,0,(Q68-S68)/S68) -> #DIV/0! | V68: 复印机租赁 | W68: 380
A69: <<60012040 | B69: <<10300 | D69: Internal Laundry 内部洗衣 | E69: 7015.16 | F69: 6425.78 | G69: 5759.42 | H69: 6162.24 | I69: 6827 | J69: 6054.84 | K69: 7016.26 | L69: 7268.19 | M69: 6026.57 | N69: 7271.11 | O69: 5617.75 | P69: 5782.42 | Q69: =SUM(E69:P69) -> 77226.74 | R69: =Q69/'Rooms Summary'!$Q$111 -> 2.8155142 | T69: =-IF(Q69-S69=0,0,(Q69-S69)/S69) -> #DIV/0! | V69: 洗衣分摊人均 | W69: 207.9
A70: <<60012050 | B70: <<10300 | D70: Taskforce Expenses 外援费用 | Q70: =SUM(E70:P70) -> 0 | R70: =Q70/'Rooms Summary'!$Q$111 -> 0 | T70: =-IF(Q70-S70=0,0,(Q70-S70)/S70) -> 0
A71: <<60012060 | B71: <<10300 | D71: Telephone 电话费 | E71: 1900 | F71: 1900 | G71: 1900 | H71: 1900 | I71: 1900 | J71: 1900 | K71: 1900 | L71: 1900 | M71: 1900 | N71: 1900 | O71: 1900 | P71: 1900 | Q71: =SUM(E71:P71) -> 22800 | R71: =Q71/'Rooms Summary'!$Q$111 -> 0.83123701 | T71: =-IF(Q71-S71=0,0,(Q71-S71)/S71) -> #DIV/0! | V71: 工作手机IT | W71: 1900
A72: <<60012070 | B72: <<10300 | D72: Transportation 交通 - Guest 客人 | Q72: =SUM(E72:P72) -> 0 | R72: =Q72/'Rooms Summary'!$Q$111 -> 0 | T72: =-IF(Q72-S72=0,0,(Q72-S72)/S72) -> 0
A73: <<60012080 | B73: <<10300 | D73: Transportation 交通 - Staff 员工 | Q73: =SUM(E73:P73) -> 0 | R73: =Q73/'Rooms Summary'!$Q$111 -> 0 | T73: =-IF(Q73-S73=0,0,(Q73-S73)/S73) -> 0
A74: <<60012090 | B74: <<10300 | D74: Travelling Expenses 差旅费 | G74: 5000 | Q74: =SUM(E74:P74) -> 5000 | R74: =Q74/'Rooms Summary'!$Q$111 -> 0.18228882 | T74: =-IF(Q74-S74=0,0,(Q74-S74)/S74) -> #DIV/0!
A75: <<60014101 | B75: <<10300 | D75: Lost & Damaged 丢失与损坏 | Q75: =SUM(E75:P75) -> 0 | R75: =Q75/'Rooms Summary'!$Q$111 -> 0 | T75: =-IF(Q75-S75=0,0,(Q75-S75)/S75) -> 0
A76: <<60014102 | B76: <<10300 | D76: License Fee 执照/许可证费 | Q76: =SUM(E76:P76) -> 0 | R76: =Q76/'Rooms Summary'!$Q$111 -> 0 | T76: =-IF(Q76-S76=0,0,(Q76-S76)/S76) -> 0
A77: <<60014104 | B77: <<10300 | D77: Professional Services 专业服务 | O77: 3000 | P77: 3000 | Q77: =SUM(E77:P77) -> 6000 | R77: =Q77/'Rooms Summary'!$Q$111 -> 0.21874658 | T77: =-IF(Q77-S77=0,0,(Q77-S77)/S77) -> #DIV/0!
A78: <<60014115 | B78: <<10300 | D78: Supervision Fee 监管费 | Q78: =SUM(E78:P78) -> 0 | R78: =Q78/'Rooms Summary'!$Q$111 -> 0 | T78: =-IF(Q78-S78=0,0,(Q78-S78)/S78) -> 0
A79: <<60014117 | B79: <<10300 | D79: Corporate Office Charges 集团收费 | Q79: =SUM(E79:P79) -> 0 | R79: =Q79/'Rooms Summary'!$Q$111 -> 0 | T79: =-IF(Q79-S79=0,0,(Q79-S79)/S79) -> 0
A80: <<60011490 | B80: <<10300 | D80: Miscellaneous Expenses 杂项 | E80: 500 | F80: 500 | G80: 500 | H80: 500 | I80: 500 | J80: 500 | K80: 500 | L80: 500 | M80: 500 | N80: 500 | O80: 500 | P80: 500 | Q80: =SUM(E80:P80) -> 6000 | R80: =Q80/'Rooms Summary'!$Q$111 -> 0.21874658 | T80: =-IF(Q80-S80=0,0,(Q80-S80)/S80) -> #DIV/0!
D81: Total Operating Expenses 营运费用合计 | E81: =SUM(E14:E80) -> 280842.41 | F81: =SUM(F14:F80) -> 313418.91 | G81: =SUM(G14:G80) -> 296811.44 | H81: =SUM(H14:H80) -> 297743.98 | I81: =SUM(I14:I80) -> 327455.28 | J81: =SUM(J14:J80) -> 292717.33 | K81: =SUM(K14:K80) -> 415294.81 | L81: =SUM(L14:L80) -> 438554.81 | ... Q81: =SUM(Q14:Q80) -> 3995257.6 | R81: =Q81/'Rooms Summary'!$Q$111 -> 145.65816 | T81: =-IF(Q81-S81=0,0,(Q81-S81)/S81) -> #DIV/0!
D82: Total Department Expenses部门总费用合计 | E82: =E81+E11 -> 630516.38 | F82: =F81+F11 -> 683535.55 | G82: =G81+G11 -> 637165.72 | H82: =H81+H11 -> 647401.1 | I82: =I81+I11 -> 689298.32 | J82: =J81+J11 -> 637133.79 | K82: =K81+K11 -> 803129.83 | L82: =L81+L11 -> 831365.26 | ... Q82: =Q81+Q11 -> 8328960.6 | R82: =Q82/'Rooms Summary'!$Q$111 -> 303.65528 | T82: =-IF(Q82-S82=0,0,(Q82-S82)/S82) -> #DIV/0!
D84: LABOUR COST ANALYSIS 人工成本费用
D85: Salary & Wages 工资
A86: <<50010300,50010400 | B86: <<10300 | D86: Managers 经理 | E86: 33800 | F86: 33800 | G86: 33800 | H86: 33800 | I86: 33800 | J86: 33800 | K86: 33800 | L86: 33800 | M86: 33800 | N86: 33800 | O86: 33800 | P86: 33800 | Q86: =SUM(E86:P86) -> 405600 | R86: =Q86/'Rooms Summary'!$Q$111 -> 14.787269 | T86: =-IF(Q86-S86=0,0,(Q86-S86)/S86) -> #DIV/0!
A87: <<50010100..50010200,50010500..50010700,50012500..50012600 | B87: <<10300 | D87: Housekeeping 客房 | E87: 59000 | F87: 59000 | G87: 59000 | H87: 59000 | I87: 59000 | J87: 59000 | K87: 62800 | L87: 62800 | M87: 62800 | N87: 62800 | O87: 62800 | P87: 62800 | Q87: =SUM(E87:P87) -> 730800 | R87: =Q87/'Rooms Summary'!$Q$111 -> 26.643334 | T87: =-IF(Q87-S87=0,0,(Q87-S87)/S87) -> #DIV/0!
D88: Total Remuneration 薪酬小计 | E88: =SUM(E86:E87) -> 92800 | F88: =SUM(F86:F87) -> 92800 | G88: =SUM(G86:G87) -> 92800 | H88: =SUM(H86:H87) -> 92800 | I88: =SUM(I86:I87) -> 92800 | J88: =SUM(J86:J87) -> 92800 | K88: =SUM(K86:K87) -> 96600 | L88: =SUM(L86:L87) -> 96600 | ... Q88: =SUM(Q86:Q87) -> 1136400 | R88: =Q88/'Rooms Summary'!$Q$111 -> 41.430603 | T88: =-IF(Q88-S88=0,0,(Q88-S88)/S88) -> #DIV/0!
A90: <<50012300 | B90: <<10300 | D90: Overtime 加班 | E90: 16275.9 | F90: 0 | G90: 0 | H90: 4882.76 | I90: 8137.94 | J90: 0 | K90: 0 | L90: 0 | M90: 0 | N90: 17324.18 | O90: 0 | P90: 0 | Q90: =SUM(E90:P90) -> 46620.78 | R90: =Q90/'Rooms Summary'!$Q$111 -> 1.6996894 | T90: =-IF(Q90-S90=0,0,(Q90-S90)/S90) -> #DIV/0!
A91: <<50012100..50012200 | B91: <<10300 | D91: Bonus 年终奖金 | E91: 1160 | F91: 1160 | G91: 1160 | H91: 1160 | I91: 1160 | J91: 1160 | K91: 1207.5 | L91: 1207.5 | M91: 1207.5 | N91: 1207.5 | O91: 1207.5 | P91: 1207.5 | Q91: =SUM(E91:P91) -> 14205 | R91: =Q91/'Rooms Summary'!$Q$111 -> 0.51788253 | T91: =-IF(Q91-S91=0,0,(Q91-S91)/S91) -> #DIV/0!
A92: <<50021270 | B92: <<10300 | D92: Allowance 津贴 | E92: 900 | F92: 900 | G92: 900 | H92: 900 | I92: 900 | J92: 900 | K92: 900 | L92: 900 | M92: 900 | N92: 900 | O92: 900 | P92: 900 | Q92: =SUM(E92:P92) -> 10800 | R92: =Q92/'Rooms Summary'!$Q$111 -> 0.39374385
A93: <<50012400 | B93: <<10300 | D93: Vacation Pay 假期工资 | Q93: =SUM(E93:P93) -> 0 | R93: =Q93/'Rooms Summary'!$Q$111 -> 0 | T93: =-IF(Q93-S93=0,0,(Q93-S93)/S93) -> 0
A94: <<50021280 | B94: <<10300 | D94: Incentive 奖金 | E94: 0 | F94: 0 | G94: 0 | H94: 0 | I94: 0 | J94: 0 | K94: 0 | L94: 0 | M94: 0 | N94: 0 | O94: 0 | P94: 0 | Q94: =SUM(E94:P94) -> 0 | R94: =Q94/'Rooms Summary'!$Q$111 -> 0 | T94: =-IF(Q94-S94=0,0,(Q94-S94)/S94) -> 0
A95: 50010600 | B95: <<10300 | D95: Salary & Wage - Others工资-其他-小时工 | Q95: =SUM(E95:P95) -> 0 | R95: =Q95/'Rooms Summary'!$Q$111 -> 0 | T95: =-IF(Q95-S95=0,0,(Q95-S95)/S95) -> 0 | V95: 公区175000*0.9=157500
A96: 50010600 | B96: <<10300 | D96: Salary & Wage - Others工资-其他-外包 | E96: 187042.25 | F96: 223742.22 | G96: 194503.66 | H96: 198875.14 | I96: 208258.28 | J96: 199309.99 | K96: 236377.26 | L96: 241324.05 | M96: 188156.33 | N96: 210740.54 | O96: 202183.47 | P96: 212804.01 | Q96: =SUM(E96:P96) -> 2503317.2 | R96: =Q96/'Rooms Summary'!$Q$111 -> 91.265347 | T96: =-IF(Q96-S96=0,0,(Q96-S96)/S96) -> #DIV/0! | V96: 楼层
D97: Total Salary & Wages 工资合计 | E97: =SUM(E90:E96) -> 205378.15 | F97: =SUM(F90:F96) -> 225802.22 | G97: =SUM(G90:G96) -> 196563.66 | H97: =SUM(H90:H96) -> 205817.9 | I97: =SUM(I90:I96) -> 218456.22 | J97: =SUM(J90:J96) -> 201369.99 | K97: =SUM(K90:K96) -> 238484.76 | L97: =SUM(L90:L96) -> 243431.55 | ... Q97: =SUM(Q90:Q96) -> 2574943 | R97: =Q97/'Rooms Summary'!$Q$111 -> 93.876663 | T97: =-IF(Q97-S97=0,0,(Q97-S97)/S97) -> #DIV/0!
A99: <<50013100 | B99: <<10300 | D99: PRC - Retirement Insurance 养老保险 | E99: 13917.6 | F99: 13917.6 | G99: 13917.6 | H99: 13917.6 | I99: 13917.6 | J99: 13917.6 | K99: 14599.5 | L99: 14599.5 | M99: 14599.5 | N99: 14599.5 | O99: 14599.5 | P99: 14599.5 | Q99: =SUM(E99:P99) -> 171102.6 | R99: =Q99/'Rooms Summary'!$Q$111 -> 6.2380182 | T99: =-IF(Q99-S99=0,0,(Q99-S99)/S99) -> #DIV/0!
A100: <<50013200 | B100: <<10300 | D100: PRC - Basic Medical Insurance 医疗保险 | E100: 5425.92 | F100: 5425.92 | G100: 5425.92 | H100: 5425.92 | I100: 5425.92 | J100: 5425.92 | K100: 5663.4 | L100: 5663.4 | M100: 5663.4 | N100: 5663.4 | O100: 5663.4 | P100: 5663.4 | Q100: =SUM(E100:P100) -> 66535.92 | R100: =Q100/'Rooms Summary'!$Q$111 -> 2.4257508 | T100: =-IF(Q100-S100=0,0,(Q100-S100)/S100) -> #DIV/0!
A101: <<50013300 | B101: <<10300 | D101: PRC - Unemployement fund 失业保险 | E101: 718.4 | F101: 718.4 | G101: 718.4 | H101: 718.4 | I101: 718.4 | J101: 718.4 | K101: 748.8 | L101: 748.8 | M101: 748.8 | N101: 748.8 | O101: 748.8 | P101: 748.8 | Q101: =SUM(E101:P101) -> 8803.2 | R101: =Q101/'Rooms Summary'!$Q$111 -> 0.32094499 | T101: =-IF(Q101-S101=0,0,(Q101-S101)/S101) -> #DIV/0!
A102: <<50013400 | B102: <<10300 | D102: PRC - Employee Liability (Injury) 工伤保险 | E102: 359.2 | F102: 359.2 | G102: 359.2 | H102: 359.2 | I102: 359.2 | J102: 359.2 | K102: 374.4 | L102: 374.4 | M102: 374.4 | N102: 374.4 | O102: 374.4 | P102: 374.4 | Q102: =SUM(E102:P102) -> 4401.6 | R102: =Q102/'Rooms Summary'!$Q$111 -> 0.16047249 | T102: =-IF(Q102-S102=0,0,(Q102-S102)/S102) -> #DIV/0!
A103: <<50013500 | B103: <<10300 | D103: PRC - Birth Insurance 生育保险 | Q103: =SUM(E103:P103) -> 0 | R103: =Q103/'Rooms Summary'!$Q$111 -> 0 | T103: =-IF(Q103-S103=0,0,(Q103-S103)/S103) -> 0
A104: <<50013600 | B104: <<10300 | D104: PRC - Housing Fund 住房公积金 | E104: 7184 | F104: 7184 | G104: 7184 | H104: 7184 | I104: 7184 | J104: 7184 | K104: 7488 | L104: 7488 | M104: 7488 | N104: 7488 | O104: 7488 | P104: 7488 | Q104: =SUM(E104:P104) -> 88032 | R104: =Q104/'Rooms Summary'!$Q$111 -> 3.2094499 | T104: =-IF(Q104-S104=0,0,(Q104-S104)/S104) -> #DIV/0!
A105: <<50013700 | B105: <<10300 | D105: PRC - Union Fee 工会经费 | E105: 1856 | F105: 1856 | G105: 1856 | H105: 1856 | I105: 1856 | J105: 1856 | K105: 1932 | L105: 1932 | M105: 1932 | N105: 1932 | O105: 1932 | P105: 1932 | Q105: =SUM(E105:P105) -> 22728 | R105: =Q105/'Rooms Summary'!$Q$111 -> 0.82861205
A106: <<50013800 | B106: <<10300 | D106: PRC - Education Fund 教育经费 | Q106: =SUM(E106:P106) -> 0 | R106: =Q106/'Rooms Summary'!$Q$111 -> 0
D107: Total Social Security 社保合计 | E107: =SUM(E99:E106) -> 29461.12 | F107: =SUM(F99:F106) -> 29461.12 | G107: =SUM(G99:G106) -> 29461.12 | H107: =SUM(H99:H106) -> 29461.12 | I107: =SUM(I99:I106) -> 29461.12 | J107: =SUM(J99:J106) -> 29461.12 | K107: =SUM(K99:K106) -> 30806.1 | L107: =SUM(L99:L106) -> 30806.1 | ... Q107: =SUM(Q99:Q106) -> 361603.32 | R107: =Q107/'Rooms Summary'!$Q$111 -> 13.183248 | T107: =-IF(Q107-S107=0,0,(Q107-S107)/S107) -> #DIV/0!
A109: <<50021120 | B109: <<10300 | D109: Expats - Insurance 外籍保险 | Q109: =SUM(E109:P109) -> 0 | R109: =Q109/'Rooms Summary'!$Q$111 -> 0
A110: <<50021130 | B110: <<10300 | D110: Expats - Medical Insurance 外籍医疗保险 | Q110: =SUM(E110:P110) -> 0 | R110: =Q110/'Rooms Summary'!$Q$111 -> 0
A111: <<50021210 | B111: <<10300 | D111: Expats - Benefits 外籍福利 | Q111: =SUM(E111:P111) -> 0 | R111: =Q111/'Rooms Summary'!$Q$111 -> 0
A112: <<50021110 | B112: <<10300 | D112: Local - Business Insurance 本地员工商业保险 | Q112: =SUM(E112:P112) -> 0 | R112: =Q112/'Rooms Summary'!$Q$111 -> 0
A113: <<50021290 | B113: <<10300 | D113: Other Benefits 其他福利 | E113: 900 | F113: 1200 | G113: 900 | H113: 900 | I113: 900 | J113: 900 | K113: 960 | L113: 960 | M113: 960 | N113: 960 | O113: 960 | P113: 960 | Q113: =SUM(E113:P113) -> 11460 | R113: =Q113/'Rooms Summary'!$Q$111 -> 0.41780597 | T113: =-IF(Q113-S113=0,0,(Q113-S113)/S113) -> #DIV/0!
...

Sheet Reservation
D4: =Summary!D4 -> Hotel Budget Report
D5: =Summary!$D$5 -> 酒店预算报表
D6: Rooms Summary 预订部损益
D7: =Parameter!H4 -> 2025
E9: 1 | F9: 2 | G9: 3 | H9: 4 | I9: 5 | J9: 6 | K9: 7 | L9: 8 | M9: 9 | N9: 10 | O9: 11 | P9: 12 | Q9: 2025
A10: Account | B10: Dept | C10: L2 | E10: BUDGET | F10: BUDGET | G10: BUDGET | H10: BUDGET | I10: BUDGET | J10: BUDGET | K10: BUDGET | L10: BUDGET | M10: BUDGET | N10: BUDGET | O10: BUDGET | P10: BUDGET | Q10: BUDGET | S10: LY | T10: Variance
A11: <<5..59999999 | B11: <<10400 | D11: Total Labour Costs 人工成本合计 | E11: =E115 -> 44332.79 | F11: =F115 -> 39704.5 | G11: =G115 -> 39529.9 | H11: =H115 -> 40936.44 | I11: =I115 -> 41712.53 | J11: =J115 -> 39281.85 | K11: =K115 -> 39210.95 | L11: =L115 -> 39219.9 | ... P11: =P115 -> 39164.2 | Q11: =SUM(E11:P11) -> 485393.55 | R11: =Q11/'Rooms Summary'!$Q$20 -> 0.01104303 | T11: =-IF(Q11-S11=0,0,(Q11-S11)/S11) -> #DIV/0!
D13: OPERATING EXPENSES 营运费用 | R13: CPOR
A14: <<60010011 | B14: <<10400 | D14: Comm - Travel Agents 佣金 - 旅行社 | Q14: =SUM(E14:P14) -> 0 | R14: =Q14/'Rooms Summary'!$Q$111 -> 0 | T14: =-IF(Q14-S14=0,0,(Q14-S14)/S14) -> 0
A15: <<60010012 | B15: <<10400 | D15: Comm - Reservation Assessments 客房系统预定费 | Q15: =SUM(E15:P15) -> 0 | R15: =Q15/'Rooms Summary'!$Q$111 -> 0 | T15: =-IF(Q15-S15=0,0,(Q15-S15)/S15) -> 0
A16: <<60010013 | B16: <<10400 | D16: Comm - DMH Reservation Fees DMH预订系统费用 | Q16: =SUM(E16:P16) -> 0 | R16: =Q16/'Rooms Summary'!$Q$111 -> 0 | T16: =-IF(Q16-S16=0,0,(Q16-S16)/S16) -> 0
A17: <<60010014 | B17: <<10400 | D17: Comm - Other 佣金 - 其他 | Q17: =SUM(E17:P17) -> 0 | R17: =Q17/'Rooms Summary'!$Q$111 -> 0 | T17: =-IF(Q17-S17=0,0,(Q17-S17)/S17) -> 0
A18: <<60010021 | B18: <<10400 | D18: Complimentaries - Give Away 免费赠送 | Q18: =SUM(E18:P18) -> 0 | R18: =Q18/'Rooms Summary'!$Q$111 -> 0 | T18: =-IF(Q18-S18=0,0,(Q18-S18)/S18) -> 0
A19: <<60010022 | B19: <<10400 | D19: Complimentary Food&Beverage 免费餐饮 | Q19: =SUM(E19:P19) -> 0 | R19: =Q19/'Rooms Summary'!$Q$111 -> 0 | T19: =-IF(Q19-S19=0,0,(Q19-S19)/S19) -> 0
A20: <<60010030 | B20: <<10400 | D20: Competitor Survey竞争对手调研费 | Q20: =SUM(E20:P20) -> 0 | R20: =Q20/'Rooms Summary'!$Q$111 -> 0 | T20: =-IF(Q20-S20=0,0,(Q20-S20)/S20) -> 0
A21: <<60010040 | B21: <<10400 | D21: Contract Cleaning 清洁合同 | Q21: =SUM(E21:P21) -> 0 | R21: =Q21/'Rooms Summary'!$Q$111 -> 0 | T21: =-IF(Q21-S21=0,0,(Q21-S21)/S21) -> 0
A22: <<60010050 | B22: <<10400 | D22: Contract Services 服务合同 | Q22: =SUM(E22:P22) -> 0 | R22: =Q22/'Rooms Summary'!$Q$111 -> 0 | T22: =-IF(Q22-S22=0,0,(Q22-S22)/S22) -> 0
A23: <<60010060 | B23: <<10400 | D23: Promotion Decoration 推广装饰 | Q23: =SUM(E23:P23) -> 0 | R23: =Q23/'Rooms Summary'!$Q$111 -> 0 | T23: =-IF(Q23-S23=0,0,(Q23-S23)/S23) -> 0
A24: <<60010070 | B24: <<10400 | D24: Dues & Subscriptions 会费/订阅 | Q24: =SUM(E24:P24) -> 0 | R24: =Q24/'Rooms Summary'!$Q$111 -> 0 | T24: =-IF(Q24-S24=0,0,(Q24-S24)/S24) -> 0
A25: <<60010080 | B25: <<10400 | D25: Entertainment 招待 | Q25: =SUM(E25:P25) -> 0 | R25: =Q25/'Rooms Summary'!$Q$111 -> 0 | T25: =-IF(Q25-S25=0,0,(Q25-S25)/S25) -> 0
... A41: <<60011290 | B41: <<10400 | D41: Paper Supplies 纸张用品 | Q41: =SUM(E41:P41) -> 0 | R41: =Q41/'Rooms Summary'!$Q$111 -> 0 | T41: =-IF(Q41-S41=0,0,(Q41-S41)/S41) -> 0
A42: <<60011310 | B42: <<10400 | D42: Uniforms 制服 | E42: =12*E118 -> 60 | F42: =12*F118 -> 60 | G42: =12*G118 -> 60 | H42: =12*H118 -> 60 | I42: =12*I118 -> 60 | J42: =12*J118 -> 60 | K42: =12*K118 -> 60 | L42: =12*L118 -> 60 | ... P42: =12*P118 -> 60 | Q42: =SUM(E42:P42) -> 720 | R42: =Q42/'Rooms Summary'!$Q$111 -> 0.02624959 | T42: =-IF(Q42-S42=0,0,(Q42-S42)/S42) -> #DIV/0!
A43: <<60011320 | B43: <<10400 | D43: Laundry Supplies 洗衣用品 | Q43: =SUM(E43:P43) -> 0 | R43: =Q43/'Rooms Summary'!$Q$111 -> 0 | T43: =-IF(Q43-S43=0,0,(Q43-S43)/S43) -> 0
A44: <<60011410 | B44: <<10400 | D44: Flyers 传单 | Q44: =SUM(E44:P44) -> 0 | R44: =Q44/'Rooms Summary'!$Q$111 -> 0 | T44: =-IF(Q44-S44=0,0,(Q44-S44)/S44) -> 0
A45: <<60011420 | B45: <<10400 | D45: Menus & Beverage Lists 菜单及饮料单 | Q45: =SUM(E45:P45) -> 0 | R45: =Q45/'Rooms Summary'!$Q$111 -> 0 | T45: =-IF(Q45-S45=0,0,(Q45-S45)/S45) -> 0
A46: <<60011430 | B46: <<10400 | D46: Food & Beverage Promotions 餐饮促销 | Q46: =SUM(E46:P46) -> 0 | R46: =Q46/'Rooms Summary'!$Q$111 -> 0 | T46: =-IF(Q46-S46=0,0,(Q46-S46)/S46) -> 0
A47: <<60011440 | B47: <<10400 | D47: Promotional Gifts 推广礼品 | Q47: =SUM(E47:P47) -> 0 | R47: =Q47/'Rooms Summary'!$Q$111 -> 0 | T47: =-IF(Q47-S47=0,0,(Q47-S47)/S47) -> 0
A48: <<60011450 | B48: <<10400 | D48: Promotions 促销 | Q48: =SUM(E48:P48) -> 0 | R48: =Q48/'Rooms Summary'!$Q$111 -> 0 | T48: =-IF(Q48-S48=0,0,(Q48-S48)/S48) -> 0
A49: <<60011460 | B49: <<10400 | D49: Plant Hire 植物租摆 | Q49: =SUM(E49:P49) -> 0 | R49: =Q49/'Rooms Summary'!$Q$111 -> 0 | T49: =-IF(Q49-S49=0,0,(Q49-S49)/S49) -> 0
A50: <<60011470 | B50: <<10400 | D50: Music/Entertainment 音乐/娱乐 | Q50: =SUM(E50:P50) -> 0 | R50: =Q50/'Rooms Summary'!$Q$111 -> 0 | T50: =-IF(Q50-S50=0,0,(Q50-S50)/S50) -> 0
A51: <<60011480 | B51: <<10400 | D51: Banquet Expenses 宴会费用 | Q51: =SUM(E51:P51) -> 0 | R51: =Q51/'Rooms Summary'!$Q$111 -> 0 | T51: =-IF(Q51-S51=0,0,(Q51-S51)/S51) -> 0
A52: <<60011510 | B52: <<10400 | D52: Kitchen Fuel 厨房燃料 | Q52: =SUM(E52:P52) -> 0 | R52: =Q52/'Rooms Summary'!$Q$111 -> 0 | T52: =-IF(Q52-S52=0,0,(Q52-S52)/S52) -> 0
A53: <<60011520 | B53: <<10400 | D53: Hygiene 卫生 | Q53: =SUM(E53:P53) -> 0 | R53: =Q53/'Rooms Summary'!$Q$111 -> 0 | T53: =-IF(Q53-S53=0,0,(Q53-S53)/S53) -> 0
A54: <<60011530 | B54: <<10400 | D54: Medical/First Aid Expenses 急救费用 | Q54: =SUM(E54:P54) -> 0 | R54: =Q54/'Rooms Summary'!$Q$111 -> 0 | T54: =-IF(Q54-S54=0,0,(Q54-S54)/S54) -> 0
... A68: <<60012030 | B68: <<10400 | D68: Printing & Stationery 印刷与文具 | Q68: =SUM(E68:P68) -> 0 | R68: =Q68/'Rooms Summary'!$Q$111 -> 0 | T68: =-IF(Q68-S68=0,0,(Q68-S68)/S68) -> 0
A69: <<60012040 | B69: <<10400 | D69: Internal Laundry 内部洗衣 | E69: 1461.5 | F69: 1285.15 | G69: 1252.05 | H69: 1283.8 | I69: 1264.25 | J69: 1164.4 | K69: 1131.65 | L69: 1135.65 | M69: 1158.95 | N69: 1253.65 | O69: 1123.55 | P69: 1112 | Q69: =SUM(E69:P69) -> 14626.6 | R69: =Q69/'Rooms Summary'!$Q$111 -> 0.53325313 | T69: =-IF(Q69-S69=0,0,(Q69-S69)/S69) -> #DIV/0!
A70: <<60012050 | B70: <<10400 | D70: Taskforce Expenses 外援费用 | Q70: =SUM(E70:P70) -> 0 | R70: =Q70/'Rooms Summary'!$Q$111 -> 0 | T70: =-IF(Q70-S70=0,0,(Q70-S70)/S70) -> 0
A71: <<60012060 | B71: <<10400 | D71: Telephone 电话费 | Q71: =SUM(E71:P71) -> 0 | R71: =Q71/'Rooms Summary'!$Q$111 -> 0 | T71: =-IF(Q71-S71=0,0,(Q71-S71)/S71) -> 0
A72: <<60012070 | B72: <<10400 | D72: Transportation 交通 - Guest 客人 | Q72: =SUM(E72:P72) -> 0 | R72: =Q72/'Rooms Summary'!$Q$111 -> 0 | T72: =-IF(Q72-S72=0,0,(Q72-S72)/S72) -> 0
A73: <<60012080 | B73: <<10400 | D73: Transportation 交通 - Staff 员工 | Q73: =SUM(E73:P73) -> 0 | R73: =Q73/'Rooms Summary'!$Q$111 -> 0 | T73: =-IF(Q73-S73=0,0,(Q73-S73)/S73) -> 0
A74: <<60012090 | B74: <<10400 | D74: Travelling Expenses 差旅费 | Q74: =SUM(E74:P74) -> 0 | R74: =Q74/'Rooms Summary'!$Q$111 -> 0 | T74: =-IF(Q74-S74=0,0,(Q74-S74)/S74) -> 0
A75: <<60014101 | B75: <<10400 | D75: Lost & Damaged 丢失与损坏 | Q75: =SUM(E75:P75) -> 0 | R75: =Q75/'Rooms Summary'!$Q$111 -> 0 | T75: =-IF(Q75-S75=0,0,(Q75-S75)/S75) -> 0
A76: <<60014102 | B76: <<10400 | D76: License Fee 执照/许可证费 | Q76: =SUM(E76:P76) -> 0 | R76: =Q76/'Rooms Summary'!$Q$111 -> 0 | T76: =-IF(Q76-S76=0,0,(Q76-S76)/S76) -> 0
A77: <<60014104 | B77: <<10400 | D77: Professional Services 专业服务 | Q77: =SUM(E77:P77) -> 0 | R77: =Q77/'Rooms Summary'!$Q$111 -> 0 | T77: =-IF(Q77-S77=0,0,(Q77-S77)/S77) -> 0
A78: <<60014115 | B78: <<10400 | D78: Supervision Fee 监管费 | Q78: =SUM(E78:P78) -> 0 | R78: =Q78/'Rooms Summary'!$Q$111 -> 0 | T78: =-IF(Q78-S78=0,0,(Q78-S78)/S78) -> 0
A79: <<60014117 | B79: <<10400 | D79: Corporate Office Charges 集团收费 | Q79: =SUM(E79:P79) -> 0 | R79: =Q79/'Rooms Summary'!$Q$111 -> 0 | T79: =-IF(Q79-S79=0,0,(Q79-S79)/S79) -> 0
A80: <<60011490 | B80: <<10400 | D80: Miscellaneous Expenses 杂项 | Q80: =SUM(E80:P80) -> 0 | R80: =Q80/'Rooms Summary'!$Q$111 -> 0 | T80: =-IF(Q80-S80=0,0,(Q80-S80)/S80) -> 0
D81: Total Operating Expenses 营运费用合计 | E81: =SUM(E14:E80) -> 1521.5 | F81: =SUM(F14:F80) -> 1345.15 | G81: =SUM(G14:G80) -> 1312.05 | H81: =SUM(H14:H80) -> 1343.8 | I81: =SUM(I14:I80) -> 1324.25 | J81: =SUM(J14:J80) -> 1224.4 | K81: =SUM(K14:K80) -> 1191.65 | L81: =SUM(L14:L80) -> 1195.65 | ... Q81: =SUM(Q14:Q80) -> 15346.6 | R81: =Q81/'Rooms Summary'!$Q$111 -> 0.55950272 | T81: =-IF(Q81-S81=0,0,(Q81-S81)/S81) -> #DIV/0!
D82: Total Department Expenses部门总费用合计 | E82: =E81+E11 -> 45854.29 | F82: =F81+F11 -> 41049.65 | G82: =G81+G11 -> 40841.95 | H82: =H81+H11 -> 42280.24 | I82: =I81+I11 -> 43036.78 | J82: =J81+J11 -> 40506.25 | K82: =K81+K11 -> 40402.6 | L82: =L81+L11 -> 40415.55 | ... Q82: =Q81+Q11 -> 500740.15 | R82: =Q82/'Rooms Summary'!$Q$111 -> 18.255866 | T82: =-IF(Q82-S82=0,0,(Q82-S82)/S82) -> #DIV/0!
D84: LABOUR COST ANALYSIS 人工成本费用
D85: Salary & Wages 工资
A86: <<50010300,50010400 | B86: <<10400 | D86: Managers 经理 | E86: 8000 | F86: 8000 | G86: 8000 | H86: 8000 | I86: 8000 | J86: 8000 | K86: 8000 | L86: 8000 | M86: 8000 | N86: 8000 | O86: 8000 | P86: 8000 | Q86: =SUM(E86:P86) -> 96000 | R86: =Q86/'Rooms Summary'!$Q$111 -> 3.4999453 | T86: =-IF(Q86-S86=0,0,(Q86-S86)/S86) -> #DIV/0!
A87: <<50010100..50010200,50010500..50010700,50012500..50012600 | B87: <<10400 | D87: Reservations 预定 | E87: 16800 | F87: 16800 | G87: 16800 | H87: 16800 | I87: 16800 | J87: 16800 | K87: 16800 | L87: 16800 | M87: 16800 | N87: 16800 | O87: 16800 | P87: 16800 | Q87: =SUM(E87:P87) -> 201600 | R87: =Q87/'Rooms Summary'!$Q$111 -> 7.3498852 | T87: =-IF(Q87-S87=0,0,(Q87-S87)/S87) -> #DIV/0!
D88: Total Remuneration 薪酬小计 | E88: =SUM(E86:E87) -> 24800 | F88: =SUM(F86:F87) -> 24800 | G88: =SUM(G86:G87) -> 24800 | H88: =SUM(H86:H87) -> 24800 | I88: =SUM(I86:I87) -> 24800 | J88: =SUM(J86:J87) -> 24800 | K88: =SUM(K86:K87) -> 24800 | L88: =SUM(L86:L87) -> 24800 | ... Q88: =SUM(Q86:Q87) -> 297600 | R88: =Q88/'Rooms Summary'!$Q$111 -> 10.84983 | T88: =-IF(Q88-S88=0,0,(Q88-S88)/S88) -> #DIV/0!
A90: <<50012300 | B90: <<10400 | D90: Overtime 加班 | E90: 4634.49 | F90: 0 | G90: 0 | H90: 1390.34 | I90: 2317.23 | J90: 0 | K90: 0 | L90: 0 | M90: 0 | N90: 4634.49 | O90: 0 | P90: 0 | Q90: =SUM(E90:P90) -> 12976.55 | R90: =Q90/'Rooms Summary'!$Q$111 -> 0.47309599 | T90: =-IF(Q90-S90=0,0,(Q90-S90)/S90) -> #DIV/0!
A91: <<50012100..50012200 | B91: <<10400 | D91: Bonus 年终奖金 | E91: 310 | F91: 310 | G91: 310 | H91: 310 | I91: 310 | J91: 310 | K91: 310 | L91: 310 | M91: 310 | N91: 310 | O91: 310 | P91: 310 | Q91: =SUM(E91:P91) -> 3720 | R91: =Q91/'Rooms Summary'!$Q$111 -> 0.13562288 | T91: =-IF(Q91-S91=0,0,(Q91-S91)/S91) -> #DIV/0!
A92: <<50021270 | B92: <<10400 | D92: Allowance 津贴 | E92: 0 | F92: 0 | G92: 0 | H92: 0 | I92: 0 | J92: 0 | K92: 0 | L92: 0 | M92: 0 | N92: 0 | O92: 0 | P92: 0 | Q92: =SUM(E92:P92) -> 0 | R92: =Q92/'Rooms Summary'!$Q$111 -> 0 | T92: =-IF(Q92-S92=0,0,(Q92-S92)/S92) -> 0
A93: <<50012400 | B93: <<10400 | D93: Vacation Pay 假期工资 | Q93: =SUM(E93:P93) -> 0 | R93: =Q93/'Rooms Summary'!$Q$111 -> 0 | T93: =-IF(Q93-S93=0,0,(Q93-S93)/S93) -> 0
A94: <<50021280 | B94: <<10400 | D94: Incentive 奖金 | E94: 0 | F94: 0 | G94: 0 | H94: 0 | I94: 0 | J94: 0 | K94: 0 | L94: 0 | M94: 0 | N94: 0 | O94: 0 | P94: 0 | Q94: =SUM(E94:P94) -> 0 | R94: =Q94/'Rooms Summary'!$Q$111 -> 0 | T94: =-IF(Q94-S94=0,0,(Q94-S94)/S94) -> 0
D95: Total Salary & Wages 工资合计 | E95: =SUM(E90:E94) -> 4944.49 | F95: =SUM(F90:F94) -> 310 | G95: =SUM(G90:G94) -> 310 | H95: =SUM(H90:H94) -> 1700.34 | I95: =SUM(I90:I94) -> 2627.23 | J95: =SUM(J90:J94) -> 310 | K95: =SUM(K90:K94) -> 310 | L95: =SUM(L90:L94) -> 310 | ... Q95: =SUM(Q90:Q94) -> 16696.55 | R95: =Q95/'Rooms Summary'!$Q$111 -> 0.60871887 | T95: =-IF(Q95-S95=0,0,(Q95-S95)/S95) -> #DIV/0!
A97: <<50013100 | B97: <<10400 | D97: PRC - Retirement Insurance 养老保险 | E97: 3433.8 | F97: 3433.8 | G97: 3433.8 | H97: 3433.8 | I97: 3433.8 | J97: 3433.8 | K97: 3433.8 | L97: 3433.8 | M97: 3433.8 | N97: 3433.8 | O97: 3433.8 | P97: 3433.8 | Q97: =SUM(E97:P97) -> 41205.6 | R97: =Q97/'Rooms Summary'!$Q$111 -> 1.502264 | T97: =-IF(Q97-S97=0,0,(Q97-S97)/S97) -> #DIV/0!
A98: <<50013200 | B98: <<10400 | D98: PRC - Basic Medical Insurance 医疗保险 | E98: 1308 | F98: 1308 | G98: 1308 | H98: 1308 | I98: 1308 | J98: 1308 | K98: 1308 | L98: 1308 | M98: 1308 | N98: 1308 | O98: 1308 | P98: 1308 | Q98: =SUM(E98:P98) -> 15696 | R98: =Q98/'Rooms Summary'!$Q$111 -> 0.57224106 | T98: =-IF(Q98-S98=0,0,(Q98-S98)/S98) -> #DIV/0!
A99: <<50013300 | B99: <<10400 | D99: PRC - Unemployement fund 失业保险 | E99: 174.4 | F99: 174.4 | G99: 174.4 | H99: 174.4 | I99: 174.4 | J99: 174.4 | K99: 174.4 | L99: 174.4 | M99: 174.4 | N99: 174.4 | O99: 174.4 | P99: 174.4 | Q99: =SUM(E99:P99) -> 2092.8 | R99: =Q99/'Rooms Summary'!$Q$111 -> 0.076298808 | T99: =-IF(Q99-S99=0,0,(Q99-S99)/S99) -> #DIV/0!
A100: <<50013400 | B100: <<10400 | D100: PRC - Employee Liability (Injury) 工伤保险 | E100: 87.2 | F100: 87.2 | G100: 87.2 | H100: 87.2 | I100: 87.2 | J100: 87.2 | K100: 87.2 | L100: 87.2 | M100: 87.2 | N100: 87.2 | O100: 87.2 | P100: 87.2 | Q100: =SUM(E100:P100) -> 1046.4 | R100: =Q100/'Rooms Summary'!$Q$111 -> 0.038149404 | T100: =-IF(Q100-S100=0,0,(Q100-S100)/S100) -> #DIV/0!
A101: <<50013500 | B101: <<10400 | D101: PRC - Birth Insurance 生育保险 | Q101: =SUM(E101:P101) -> 0 | R101: =Q101/'Rooms Summary'!$Q$111 -> 0 | T101: =-IF(Q101-S101=0,0,(Q101-S101)/S101) -> 0
A102: <<50013600 | B102: <<10400 | D102: PRC - Housing Fund 住房公积金 | E102: 1744 | F102: 1744 | G102: 1744 | H102: 1744 | I102: 1744 | J102: 1744 | K102: 1744 | L102: 1744 | M102: 1744 | N102: 1744 | O102: 1744 | P102: 1744 | Q102: =SUM(E102:P102) -> 20928 | R102: =Q102/'Rooms Summary'!$Q$111 -> 0.76298808 | T102: =-IF(Q102-S102=0,0,(Q102-S102)/S102) -> #DIV/0!
A103: <<50013700 | B103: <<10400 | D103: PRC - Union Fee 工会经费 | E103: 496 | F103: 496 | G103: 496 | H103: 496 | I103: 496 | J103: 496 | K103: 496 | L103: 496 | M103: 496 | N103: 496 | O103: 496 | P103: 496 | Q103: =SUM(E103:P103) -> 5952 | R103: =Q103/'Rooms Summary'!$Q$111 -> 0.21699661
A104: <<50013800 | B104: <<10400 | D104: PRC - Education Fund 教育经费 | Q104: =SUM(E104:P104) -> 0 | R104: =Q104/'Rooms Summary'!$Q$111 -> 0
D105: Total Social Security 社保合计 | E105: =SUM(E97:E104) -> 7243.4 | F105: =SUM(F97:F104) -> 7243.4 | G105: =SUM(G97:G104) -> 7243.4 | H105: =SUM(H97:H104) -> 7243.4 | I105: =SUM(I97:I104) -> 7243.4 | J105: =SUM(J97:J104) -> 7243.4 | K105: =SUM(K97:K104) -> 7243.4 | L105: =SUM(L97:L104) -> 7243.4 | ... Q105: =SUM(Q97:Q104) -> 86920.8 | R105: =Q105/'Rooms Summary'!$Q$111 -> 3.168938 | T105: =-IF(Q105-S105=0,0,(Q105-S105)/S105) -> #DIV/0!
A107: <<50021120 | B107: <<10400 | D107: Expats - Insurance 外籍保险 | Q107: =SUM(E107:P107) -> 0 | R107: =Q107/'Rooms Summary'!$Q$111 -> 0
A108: <<50021130 | B108: <<10400 | D108: Expats - Medical Insurance 外籍医疗保险 | Q108: =SUM(E108:P108) -> 0 | R108: =Q108/'Rooms Summary'!$Q$111 -> 0
A109: <<50021210 | B109: <<10400 | D109: Expats - Benefits 外籍福利 | Q109: =SUM(E109:P109) -> 0 | R109: =Q109/'Rooms Summary'!$Q$111 -> 0
A110: <<50021110 | B110: <<10400 | D110: Local - Business Insurance 本地员工商业保险 | Q110: =SUM(E110:P110) -> 0 | R110: =Q110/'Rooms Summary'!$Q$111 -> 0
A111: <<50021290 | B111: <<10400 | D111: Other Benefits 其他福利 | E111: 300 | F111: 400 | G111: 300 | H111: 300 | I111: 300 | J111: 300 | K111: 300 | L111: 300 | M111: 300 | N111: 300 | O111: 300 | P111: 300 | Q111: =SUM(E111:P111) -> 3700 | R111: =Q111/'Rooms Summary'!$Q$111 -> 0.13489373 | T111: =-(Q111-S111)/S111 -> #DIV/0!
A112: <<50032001..50032004 | B112: <<10400 | D112: Staff Dormitory & Related Expenses 员工宿舍及相关费用 | E112: 1778.65 | F112: 1771.65 | G112: 1764.7 | H112: 1757.8 | I112: 1711.05 | J112: 1685.4 | K112: 1654.4 | L112: 1654.4 | M112: 1642.35 | N112: 1630.45 | O112: 1624.55 | P112: 1618.7 | Q112: =SUM(E112:P112) -> 20294.1 | R112: =Q112/'Rooms Summary'!$Q$111 -> 0.7398775
A113: <<50031001,50021500 | B113: <<10400 | D113: Staff Cateen Allocation & OC 员工餐费 | E113: 5266.25 | F113: 5179.45 | G113: 5111.8 | H113: 5134.9 | I113: 5030.85 | J113: 4943.05 | K113: 4903.15 | L113: 4912.1 | M113: 4932 | N113: 4968.55 | O113: 4907.9 | P113: 4892.1 | Q113: =SUM(E113:P113) -> 60182.1 | R113: =Q113/'Rooms Summary'!$Q$111 -> 2.1941048
D114: Total Benefits 福利合计 | E114: =SUM(E107:E113) -> 7344.9 | F114: =SUM(F107:F113) -> 7351.1 | G114: =SUM(G107:G113) -> 7176.5 | H114: =SUM(H107:H113) -> 7192.7 | I114: =SUM(I107:I113) -> 7041.9 | J114: =SUM(J107:J113) -> 6928.45 | K114: =SUM(K107:K113) -> 6857.55 | L114: =SUM(L107:L113) -> 6866.5 | ... Q114: =SUM(Q107:Q113) -> 84176.2 | R114: =Q114/'Rooms Summary'!$Q$111 -> 3.068876 | T114: =-(Q114-S114)/S114 -> #DIV/0!
D115: TOTAL LABOUR COST 人工成本合计 | E115: =E88+E95+E105+E114 -> 44332.79 | F115: =F88+F95+F105+F114 -> 39704.5 | G115: =G88+G95+G105+G114 -> 39529.9 | H115: =H88+H95+H105+H114 -> 40936.44 | I115: =I88+I95+I105+I114 -> 41712.53 | J115: =J88+J95+J105+J114 -> 39281.85 | K115: =K88+K95+K105+K114 -> 39210.95 | L115: =L88+L95+L105+L114 -> 39219.9 | ... Q115: =Q88+Q95+Q105+Q114 -> 485393.55 | R115: =Q115/'Rooms Summary'!$Q$111 -> 17.696363 | T115: =-(Q115-S115)/S115 -> #DIV/0!
A116: check | D116: Check(Hide)
A118: <<90030100 | B118: <<10400 | D118: FTEs 员工人数 | E118: 5 | F118: 5 | G118: 5 | H118: 5 | I118: 5 | J118: 5 | K118: 5 | L118: 5 | M118: 5 | N118: 5 | O118: 5 | P118: 5 | Q118: =SUM(E118:P118)/12 -> 5 | T118: =-IF(Q118-S118,0,(Q118-S118)/S118) -> 0

Sheet ROOMS Admin
D4: Hotel Profit & Loss Monthly Report
D5: 酒店月度损益报表
D6: Rooms Summary 房务办公室损益
D7: =Parameter!H4 -> 2025
E9: 1 | F9: 2 | G9: 3 | H9: 4 | I9: 5 | J9: 6 | K9: 7 | L9: 8 | M9: 9 | N9: 10 | O9: 11 | P9: 12 | Q9: 2025
A10: Account | B10: Dept | C10: L2 | E10: BUDGET | F10: BUDGET | G10: BUDGET | H10: BUDGET | I10: BUDGET | J10: BUDGET | K10: BUDGET | L10: BUDGET | M10: BUDGET | N10: BUDGET | O10: BUDGET | P10: BUDGET | Q10: BUDGET
A11: <<5..59999999 | B11: <<10099 | D11: Total Labour Costs 人工成本合计 | E11: =E115 -> 69644.57 | F11: =F115 -> 69647.05 | G11: =G115 -> 69577.21 | H11: =H115 -> 69583.69 | I11: =I115 -> 69523.37 | J11: =J115 -> 69477.99 | K11: =K115 -> 69449.63 | L11: =L115 -> 69453.21 | ... P11: =P115 -> 69430.93 | Q11: =SUM(E11:P11) -> 834149.8
D13: OPERATING EXPENSES 营运费用
A14: <<60010011 | B14: <<10099 | D14: Comm - Travel Agents 佣金 - 旅行社 | E14: 0 | F14: 0 | G14: 0 | H14: 0 | I14: 0 | J14: 0 | K14: 0 | L14: 0 | M14: 0 | N14: 0 | O14: 0 | P14: 0 | Q14: =SUM(E14:P14) -> 0
A15: <<60010012 | B15: <<10099 | D15: Comm - Reservation Assessments 客房系统预定费 | E15: 0 | F15: 0 | G15: 0 | H15: 0 | I15: 0 | J15: 0 | K15: 0 | L15: 0 | M15: 0 | N15: 0 | O15: 0 | P15: 0 | Q15: =SUM(E15:P15) -> 0
A16: <<60010013 | B16: <<10099 | D16: Comm - DMH Reservation Fees DMH预订系统费用 | E16: 0 | F16: 0 | G16: 0 | H16: 0 | I16: 0 | J16: 0 | K16: 0 | L16: 0 | M16: 0 | N16: 0 | O16: 0 | P16: 0 | Q16: =SUM(E16:P16) -> 0
A17: <<60010014 | B17: <<10099 | D17: Comm - Other 佣金 - 其他 | E17: 0 | F17: 0 | G17: 0 | H17: 0 | I17: 0 | J17: 0 | K17: 0 | L17: 0 | M17: 0 | N17: 0 | O17: 0 | P17: 0 | Q17: =SUM(E17:P17) -> 0
A18: <<60010021 | B18: <<10099 | D18: Complimentaries - Give Away 免费赠送 | E18: 0 | F18: 0 | G18: 0 | H18: 0 | I18: 0 | J18: 0 | K18: 0 | L18: 0 | M18: 0 | N18: 0 | O18: 0 | P18: 0 | Q18: =SUM(E18:P18) -> 0
A19: <<60010022 | B19: <<10099 | D19: Complimentary Food&Beverage 免费餐饮 | E19: 0 | F19: 0 | G19: 0 | H19: 0 | I19: 0 | J19: 0 | K19: 0 | L19: 0 | M19: 0 | N19: 0 | O19: 0 | P19: 0 | Q19: =SUM(E19:P19) -> 0
A20: <<60010030 | B20: <<10099 | D20: Competitor Survey竞争对手调研费 | E20: 0 | F20: 0 | G20: 0 | H20: 0 | I20: 0 | J20: 0 | K20: 0 | L20: 0 | M20: 0 | N20: 0 | O20: 0 | P20: 0 | Q20: =SUM(E20:P20) -> 0
A21: <<60010040 | B21: <<10099 | D21: Contract Cleaning 清洁合同 | E21: 0 | F21: 0 | G21: 0 | H21: 0 | I21: 0 | J21: 0 | K21: 0 | L21: 0 | M21: 0 | N21: 0 | O21: 0 | P21: 0 | Q21: =SUM(E21:P21) -> 0
A22: <<60010050 | B22: <<10099 | D22: Contract Services 服务合同 | E22: 0 | F22: 0 | G22: 0 | H22: 0 | I22: 0 | J22: 0 | K22: 0 | L22: 0 | M22: 0 | N22: 0 | O22: 0 | P22: 0 | Q22: =SUM(E22:P22) -> 0
A23: <<60010060 | B23: <<10099 | D23: Promotion Decoration 推广装饰 | E23: 0 | F23: 0 | G23: 0 | H23: 0 | I23: 0 | J23: 0 | K23: 0 | L23: 0 | M23: 0 | N23: 0 | O23: 0 | P23: 0 | Q23: =SUM(E23:P23) -> 0
A24: <<60010070 | B24: <<10099 | D24: Dues & Subscriptions 会费/订阅 | E24: 0 | F24: 0 | G24: 0 | H24: 0 | I24: 0 | J24: 0 | K24: 0 | L24: 0 | M24: 0 | N24: 0 | O24: 0 | P24: 0 | Q24: =SUM(E24:P24) -> 0
A25: <<60010080 | B25: <<10099 | D25: Entertainment 招待 | E25: 0 | F25: 0 | G25: 0 | H25: 0 | I25: 0 | J25: 0 | K25: 0 | L25: 0 | M25: 0 | N25: 0 | O25: 0 | P25: 0 | Q25: =SUM(E25:P25) -> 0
... A41: <<60011290 | B41: <<10099 | D41: Paper Supplies 纸张用品 | E41: 0 | F41: 0 | G41: 0 | H41: 0 | I41: 0 | J41: 0 | K41: 0 | L41: 0 | M41: 0 | N41: 0 | O41: 0 | P41: 0 | Q41: =SUM(E41:P41) -> 0
A42: <<60011310 | B42: <<10099 | D42: Uniforms 制服 | E42: =12*E118 -> 24 | F42: =12*F118 -> 24 | G42: =12*G118 -> 24 | H42: =12*H118 -> 24 | I42: =12*I118 -> 24 | J42: =12*J118 -> 24 | K42: =12*K118 -> 24 | L42: =12*L118 -> 24 | ... P42: =12*P118 -> 24 | Q42: =SUM(E42:P42) -> 288
A43: <<60011320 | B43: <<10099 | D43: Laundry Supplies 洗衣用品 | E43: 0 | F43: 0 | G43: 0 | H43: 0 | I43: 0 | J43: 0 | K43: 0 | L43: 0 | M43: 0 | N43: 0 | O43: 0 | P43: 0 | Q43: =SUM(E43:P43) -> 0
A44: <<60011410 | B44: <<10099 | D44: Flyers 传单 | E44: 0 | F44: 0 | G44: 0 | H44: 0 | I44: 0 | J44: 0 | K44: 0 | L44: 0 | M44: 0 | N44: 0 | O44: 0 | P44: 0 | Q44: =SUM(E44:P44) -> 0
A45: <<60011420 | B45: <<10099 | D45: Menus & Beverage Lists 菜单及饮料单 | E45: 0 | F45: 0 | G45: 0 | H45: 0 | I45: 0 | J45: 0 | K45: 0 | L45: 0 | M45: 0 | N45: 0 | O45: 0 | P45: 0 | Q45: =SUM(E45:P45) -> 0
A46: <<60011430 | B46: <<10099 | D46: Food & Beverage Promotions 餐饮促销 | E46: 0 | F46: 0 | G46: 0 | H46: 0 | I46: 0 | J46: 0 | K46: 0 | L46: 0 | M46: 0 | N46: 0 | O46: 0 | P46: 0 | Q46: =SUM(E46:P46) -> 0
A47: <<60011440 | B47: <<10099 | D47: Promotional Gifts 推广礼品 | E47: 0 | F47: 0 | G47: 0 | H47: 0 | I47: 0 | J47: 0 | K47: 0 | L47: 0 | M47: 0 | N47: 0 | O47: 0 | P47: 0 | Q47: =SUM(E47:P47) -> 0
A48: <<60011450 | B48: <<10099 | D48: Promotions 促销 | E48: 0 | F48: 0 | G48: 0 | H48: 0 | I48: 0 | J48: 0 | K48: 0 | L48: 0 | M48: 0 | N48: 0 | O48: 0 | P48: 0 | Q48: =SUM(E48:P48) -> 0
A49: <<60011460 | B49: <<10099 | D49: Plant Hire 植物租摆 | E49: 0 | F49: 0 | G49: 0 | H49: 0 | I49: 0 | J49: 0 | K49: 0 | L49: 0 | M49: 0 | N49: 0 | O49: 0 | P49: 0 | Q49: =SUM(E49:P49) -> 0
A50: <<60011470 | B50: <<10099 | D50: Music/Entertainment 音乐/娱乐 | E50: 0 | F50: 0 | G50: 0 | H50: 0 | I50: 0 | J50: 0 | K50: 0 | L50: 0 | M50: 0 | N50: 0 | O50: 0 | P50: 0 | Q50: =SUM(E50:P50) -> 0
A51: <<60011480 | B51: <<10099 | D51: Banquet Expenses 宴会费用 | E51: 0 | F51: 0 | G51: 0 | H51: 0 | I51: 0 | J51: 0 | K51: 0 | L51: 0 | M51: 0 | N51: 0 | O51: 0 | P51: 0 | Q51: =SUM(E51:P51) -> 0
A52: <<60011510 | B52: <<10099 | D52: Kitchen Fuel 厨房燃料 | E52: 0 | F52: 0 | G52: 0 | H52: 0 | I52: 0 | J52: 0 | K52: 0 | L52: 0 | M52: 0 | N52: 0 | O52: 0 | P52: 0 | Q52: =SUM(E52:P52) -> 0
A53: <<60011520 | B53: <<10099 | D53: Hygiene 卫生 | E53: 0 | F53: 0 | G53: 0 | H53: 0 | I53: 0 | J53: 0 | K53: 0 | L53: 0 | M53: 0 | N53: 0 | O53: 0 | P53: 0 | Q53: =SUM(E53:P53) -> 0
A54: <<60011530 | B54: <<10099 | D54: Medical/First Aid Expenses 急救费用 | E54: 0 | F54: 0 | G54: 0 | H54: 0 | I54: 0 | J54: 0 | K54: 0 | L54: 0 | M54: 0 | N54: 0 | O54: 0 | P54: 0 | Q54: =SUM(E54:P54) -> 0
... A68: <<60012030 | B68: <<10099 | D68: Printing & Stationery 印刷与文具 | E68: 0 | F68: 0 | G68: 0 | H68: 0 | I68: 0 | J68: 0 | K68: 0 | L68: 0 | M68: 0 | N68: 0 | O68: 0 | P68: 0 | Q68: =SUM(E68:P68) -> 0
A69: <<60012040 | B69: <<10099 | D69: Internal Laundry 内部洗衣 | E69: 584.6 | F69: 514.06 | G69: 500.82 | H69: 513.52 | I69: 505.7 | J69: 465.76 | K69: 452.66 | L69: 454.26 | M69: 463.58 | N69: 501.46 | O69: 449.42 | P69: 444.8 | Q69: =SUM(E69:P69) -> 5850.64 | R69: =+P69/2 -> 222.4
A70: <<60012050 | B70: <<10099 | D70: Taskforce Expenses 外援费用 | E70: 0 | F70: 0 | G70: 0 | H70: 0 | I70: 0 | J70: 0 | K70: 0 | L70: 0 | M70: 0 | N70: 0 | O70: 0 | P70: 0 | Q70: =SUM(E70:P70) -> 0
A71: <<60012060 | B71: <<10099 | D71: Telephone 电话费 | E71: 0 | F71: 0 | G71: 0 | H71: 0 | I71: 0 | J71: 0 | K71: 0 | L71: 0 | M71: 0 | N71: 0 | O71: 0 | P71: 0 | Q71: =SUM(E71:P71) -> 0
A72: <<60012070 | B72: <<10099 | D72: Transportation 交通 - Guest 客人 | E72: 0 | F72: 0 | G72: 0 | H72: 0 | I72: 0 | J72: 0 | K72: 0 | L72: 0 | M72: 0 | N72: 0 | O72: 0 | P72: 0 | Q72: =SUM(E72:P72) -> 0
A73: <<60012080 | B73: <<10099 | D73: Transportation 交通 - Staff 员工 | E73: 0 | F73: 0 | G73: 0 | H73: 0 | I73: 0 | J73: 0 | K73: 0 | L73: 0 | M73: 0 | N73: 0 | O73: 0 | P73: 0 | Q73: =SUM(E73:P73) -> 0
A74: <<60012090 | B74: <<10099 | D74: Travelling Expenses 差旅费 | E74: 0 | F74: 0 | G74: 0 | H74: 0 | I74: 0 | J74: 0 | K74: 0 | L74: 0 | M74: 0 | N74: 0 | O74: 0 | P74: 0 | Q74: =SUM(E74:P74) -> 0
A75: <<60014101 | B75: <<10099 | D75: Lost & Damaged 丢失与损坏 | E75: 0 | F75: 0 | G75: 0 | H75: 0 | I75: 0 | J75: 0 | K75: 0 | L75: 0 | M75: 0 | N75: 0 | O75: 0 | P75: 0 | Q75: =SUM(E75:P75) -> 0
A76: <<60014102 | B76: <<10099 | D76: License Fee 执照/许可证费 | E76: 0 | F76: 0 | G76: 0 | H76: 0 | I76: 0 | J76: 0 | K76: 0 | L76: 0 | M76: 0 | N76: 0 | O76: 0 | P76: 0 | Q76: =SUM(E76:P76) -> 0
A77: <<60014104 | B77: <<10099 | D77: Professional Services 专业服务 | E77: 0 | F77: 0 | G77: 0 | H77: 0 | I77: 0 | K77: 0 | L77: 0 | M77: 0 | N77: 0 | O77: 0 | P77: 0 | Q77: =SUM(E77:P77) -> 0
A78: <<60014115 | B78: <<10099 | D78: Supervision Fee 监管费 | E78: 0 | F78: 0 | G78: 0 | H78: 0 | I78: 0 | J78: 0 | K78: 0 | L78: 0 | M78: 0 | N78: 0 | O78: 0 | P78: 0 | Q78: =SUM(E78:P78) -> 0
A79: <<60014117 | B79: <<10099 | D79: Corporate Office Charges 集团收费 | E79: 0 | F79: 0 | G79: 0 | H79: 0 | I79: 0 | J79: 0 | K79: 0 | L79: 0 | M79: 0 | N79: 0 | O79: 0 | P79: 0 | Q79: =SUM(E79:P79) -> 0
A80: <<60011490 | B80: <<10099 | D80: Miscellaneous Expenses 杂项 | E80: 0 | F80: 0 | G80: 0 | M80: 0 | N80: 0 | O80: 0 | P80: 0 | Q80: =SUM(E80:P80) -> 0
D81: Total Operating Expenses 营运费用合计 | E81: =SUM(E14:E80) -> 608.6 | F81: =SUM(F14:F80) -> 538.06 | G81: =SUM(G14:G80) -> 524.82 | H81: =SUM(H14:H80) -> 537.52 | I81: =SUM(I14:I80) -> 529.7 | J81: =SUM(J14:J80) -> 489.76 | K81: =SUM(K14:K80) -> 476.66 | L81: =SUM(L14:L80) -> 478.26 | ... Q81: =SUM(Q14:Q80) -> 6138.64
D82: Total Department Expenses部门总费用合计 | E82: =E81+E11 -> 70253.17 | F82: =F81+F11 -> 70185.11 | G82: =G81+G11 -> 70102.03 | H82: =H81+H11 -> 70121.21 | I82: =I81+I11 -> 70053.07 | J82: =J81+J11 -> 69967.75 | K82: =K81+K11 -> 69926.29 | L82: =L81+L11 -> 69931.47 | ... Q82: =Q81+Q11 -> 840288.44
D84: LABOUR COST ANALYSIS 人工成本费用
D85: Salary & Wages 工资
A86: <<50010300,50010400 | B86: <<10099 | D86: Managers 经理 | E86: 48000 | F86: 48000 | G86: 48000 | H86: 48000 | I86: 48000 | J86: 48000 | K86: 48000 | L86: 48000 | M86: 48000 | N86: 48000 | O86: 48000 | P86: 48000 | Q86: =SUM(E86:P86) -> 576000
A87: <<50010100..50010200,50010500..50010700,50012500..50012600 | B87: <<10099 | D87: Reservations 预定 | Q87: =SUM(E87:P87) -> 0
D88: Total Remuneration 薪酬小计 | E88: =SUM(E86:E87) -> 48000 | F88: =SUM(F86:F87) -> 48000 | G88: =SUM(G86:G87) -> 48000 | H88: =SUM(H86:H87) -> 48000 | I88: =SUM(I86:I87) -> 48000 | J88: =SUM(J86:J87) -> 48000 | K88: =SUM(K86:K87) -> 48000 | L88: =SUM(L86:L87) -> 48000 | ... Q88: =SUM(Q86:Q87) -> 576000
A90: <<50012300 | B90: <<10099 | D90: Overtime 加班 | Q90: =SUM(E90:P90) -> 0
A91: <<50012100..50012200 | B91: <<10099 | D91: Bonus 年终奖金 | E91: 600 | F91: 600 | G91: 600 | H91: 600 | I91: 600 | J91: 600 | K91: 600 | L91: 600 | M91: 600 | N91: 600 | O91: 600 | P91: 600 | Q91: =SUM(E91:P91) -> 7200
A92: <<50021270 | B92: <<10099 | D92: Allowance 津贴 | E92: 3800 | F92: 3800 | G92: 3800 | H92: 3800 | I92: 3800 | J92: 3800 | K92: 3800 | L92: 3800 | M92: 3800 | N92: 3800 | O92: 3800 | P92: 3800 | Q92: =SUM(E92:P92) -> 45600
A93: <<50012400 | B93: <<10099 | D93: Vacation Pay 假期工资 | Q93: =SUM(E93:P93) -> 0
A94: <<50021280 | B94: <<10099 | D94: Incentive 奖金 | Q94: =SUM(E94:P94) -> 0
D95: Total Salary & Wages 工资合计 | E95: =SUM(E90:E94) -> 4400 | F95: =SUM(F90:F94) -> 4400 | G95: =SUM(G90:G94) -> 4400 | H95: =SUM(H90:H94) -> 4400 | I95: =SUM(I90:I94) -> 4400 | J95: =SUM(J90:J94) -> 4400 | K95: =SUM(K90:K94) -> 4400 | L95: =SUM(L90:L94) -> 4400 | ... Q95: =SUM(Q90:Q94) -> 52800
A97: <<50013100 | B97: <<10099 | D97: PRC - Retirement Insurance 养老保险 | E97: 6663.15 | F97: 6663.15 | G97: 6663.15 | H97: 6663.15 | I97: 6663.15 | J97: 6663.15 | K97: 6663.15 | L97: 6663.15 | M97: 6663.15 | N97: 6663.15 | O97: 6663.15 | P97: 6663.15 | Q97: =SUM(E97:P97) -> 79957.8
A98: <<50013200 | B98: <<10099 | D98: PRC - Basic Medical Insurance 医疗保险 | E98: 2267.46 | F98: 2267.46 | G98: 2267.46 | H98: 2267.46 | I98: 2267.46 | J98: 2267.46 | K98: 2267.46 | L98: 2267.46 | M98: 2267.46 | N98: 2267.46 | O98: 2267.46 | P98: 2267.46 | Q98: =SUM(E98:P98) -> 27209.52
A99: <<50013300 | B99: <<10099 | D99: PRC - Unemployement fund 失业保险 | E99: 384 | F99: 384 | G99: 384 | H99: 384 | I99: 384 | J99: 384 | K99: 384 | L99: 384 | M99: 384 | N99: 384 | O99: 384 | P99: 384 | Q99: =SUM(E99:P99) -> 4608
A100: <<50013400 | B100: <<10099 | D100: PRC - Employee Liability (Injury) 工伤保险 | E100: 192 | F100: 192 | G100: 192 | H100: 192 | I100: 192 | J100: 192 | K100: 192 | L100: 192 | M100: 192 | N100: 192 | O100: 192 | P100: 192 | Q100: =SUM(E100:P100) -> 2304
A101: <<50013500 | B101: <<10099 | D101: PRC - Birth Insurance 生育保险 | Q101: =SUM(E101:P101) -> 0
A102: <<50013600 | B102: <<10099 | D102: PRC - Housing Fund 住房公积金 | E102: 3840 | F102: 3840 | G102: 3840 | H102: 3840 | I102: 3840 | J102: 3840 | K102: 3840 | L102: 3840 | M102: 3840 | N102: 3840 | O102: 3840 | P102: 3840 | Q102: =SUM(E102:P102) -> 46080
A103: <<50013700 | B103: <<10099 | D103: PRC - Union Fee 工会经费 | E103: 960 | F103: 960 | G103: 960 | H103: 960 | I103: 960 | J103: 960 | K103: 960 | L103: 960 | M103: 960 | N103: 960 | O103: 960 | P103: 960 | Q103: =SUM(E103:P103) -> 11520
A104: <<50013800 | B104: <<10099 | D104: PRC - Education Fund 教育经费 | F104: 0 | G104: 0 | H104: 0 | I104: 0 | J104: 0 | K104: 0 | L104: 0 | M104: 0 | N104: 0 | O104: 0 | P104: 0 | Q104: =SUM(E104:P104) -> 0
D105: Total Social Security 社保合计 | E105: =SUM(E97:E104) -> 14306.61 | F105: =SUM(F97:F104) -> 14306.61 | G105: =SUM(G97:G104) -> 14306.61 | H105: =SUM(H97:H104) -> 14306.61 | I105: =SUM(I97:I104) -> 14306.61 | J105: =SUM(J97:J104) -> 14306.61 | K105: =SUM(K97:K104) -> 14306.61 | L105: =SUM(L97:L104) -> 14306.61 | ... Q105: =SUM(Q97:Q104) -> 171679.32
A107: <<50021120 | B107: <<10099 | D107: Expats - Insurance 外籍保险 | Q107: =SUM(E107:P107) -> 0
A108: <<50021130 | B108: <<10099 | D108: Expats - Medical Insurance 外籍医疗保险 | Q108: =SUM(E108:P108) -> 0
A109: <<50021210 | B109: <<10099 | D109: Expats - Benefits 外籍福利 | Q109: =SUM(E109:P109) -> 0
A110: <<50021110 | B110: <<10099 | D110: Local - Business Insurance 本地员工商业保险 | Q110: =SUM(E110:P110) -> 0
A111: <<50021290 | B111: <<10099 | D111: Other Benefits 其他福利 | E111: 120 | F111: 160 | G111: 120 | H111: 120 | I111: 120 | J111: 120 | K111: 120 | L111: 120 | M111: 120 | N111: 120 | O111: 120 | P111: 120 | Q111: =SUM(E111:P111) -> 1480
A112: <<50032001..50032004 | B112: <<10099 | D112: Staff Dormitory & Related Expenses 员工宿舍及相关费用 | E112: 711.46 | F112: 708.66 | G112: 705.88 | H112: 703.12 | I112: 684.42 | J112: 674.16 | K112: 661.76 | L112: 661.76 | M112: 656.94 | N112: 652.18 | O112: 649.82 | P112: 647.48 | Q112: =SUM(E112:P112) -> 8117.64
A113: <<50031001,50021500 | B113: <<10099 | D113: Staff Cateen Allocation & OC 员工餐费 | E113: 2106.5 | F113: 2071.78 | G113: 2044.72 | H113: 2053.96 | I113: 2012.34 | J113: 1977.22 | K113: 1961.26 | L113: 1964.84 | M113: 1972.8 | N113: 1987.42 | O113: 1963.16 | P113: 1956.84 | Q113: =SUM(E113:P113) -> 24072.84
D114: Total Benefits 福利合计 | E114: =SUM(E107:E113) -> 2937.96 | F114: =SUM(F107:F113) -> 2940.44 | G114: =SUM(G107:G113) -> 2870.6 | H114: =SUM(H107:H113) -> 2877.08 | I114: =SUM(I107:I113) -> 2816.76 | J114: =SUM(J107:J113) -> 2771.38 | K114: =SUM(K107:K113) -> 2743.02 | L114: =SUM(L107:L113) -> 2746.6 | ... Q114: =SUM(Q107:Q113) -> 33670.48
D115: TOTAL LABOUR COST 人工成本合计 | E115: =E88+E95+E105+E114 -> 69644.57 | F115: =F88+F95+F105+F114 -> 69647.05 | G115: =G88+G95+G105+G114 -> 69577.21 | H115: =H88+H95+H105+H114 -> 69583.69 | I115: =I88+I95+I105+I114 -> 69523.37 | J115: =J88+J95+J105+J114 -> 69477.99 | K115: =K88+K95+K105+K114 -> 69449.63 | L115: =L88+L95+L105+L114 -> 69453.21 | ... Q115: =Q88+Q95+Q105+Q114 -> 834149.8
A116: check | D116: Check(Hide)
A118: <<90030100 | B118: <<10099 | D118: FTEs 员工人数 | E118: 2 | F118: 2 | G118: 2 | H118: 2 | I118: 2 | J118: 2 | K118: 2 | L118: 2 | M118: 2 | N118: 2 | O118: 2 | P118: 2 | Q118: =SUM(E118:P118)/12 -> 2

Sheet F&B Summary
R1: 2018001
R2: 2018012
R3: A+F+B
D4: =Summary!$D$4 -> Hotel Budget Report
D5: =Summary!$D$5 -> 酒店预算报表
D6: F&B Summary 餐饮部损益
D7: =Parameter!H4 -> 2025
E9: 1 | F9: 2 | G9: 3 | H9: 4 | I9: 5 | J9: 6 | K9: 7 | L9: 8 | M9: 9 | N9: 10 | O9: 11 | P9: 12 | Q9: 2025 | R9: 2018
A10: Account | B10: Dept | C10: L3 | E10: BUDGET | F10: BUDGET | G10: BUDGET | H10: BUDGET | I10: BUDGET | J10: BUDGET | K10: BUDGET | L10: BUDGET | M10: BUDGET | N10: BUDGET | O10: BUDGET | P10: BUDGET | Q10: BUDGET | R10: BUDGET | T10: LY% | U10: LY | V10: Variance
D11: FOOD REVENUE 食品收入
A12: <<30200210..30200250,30210210..30210250,30220210..30220250 | B12: <<20101,20102 | D12: Lobby Lounge | E12: =+'Lobby Lounge'!E17 -> 0 | F12: =+'Lobby Lounge'!F17 -> 0 | G12: =+'Lobby Lounge'!G17 -> 0 | H12: =+'Lobby Lounge'!H17 -> 0 | I12: =+'Lobby Lounge'!I17 -> 0 | J12: =+'Lobby Lounge'!J17 -> 0 | K12: =+'Lobby Lounge'!K17 -> 0 | L12: =+'Lobby Lounge'!L17 -> 0 | ... P12: =+'Lobby Lounge'!P17 -> 0 | Q12: =SUM(E12:P12) -> 0 | R12: 6534554.8 | V12: =IF(Q12-U12=0,0,(Q12-U12)/U12) -> 0
A13: <<30200210..30200250,30210210..30210250,30220210..30220250 | B13: <<20201,20202 | D13: ADD-Mhub lounge | E13: =+'Fangfei Lounge'!E17 -> 425200 | F13: =+'Fangfei Lounge'!F17 -> 522100 | G13: =+'Fangfei Lounge'!G17 -> 405900 | H13: =+'Fangfei Lounge'!H17 -> 417400 | I13: =+'Fangfei Lounge'!I17 -> 452800 | J13: =+'Fangfei Lounge'!J17 -> 411700 | K13: =+'Fangfei Lounge'!K17 -> 720800 | L13: =+'Fangfei Lounge'!L17 -> 745800 | ... P13: =+'Fangfei Lounge'!P17 -> 602400 | Q13: =SUM(E13:P13) -> 6173700 | R13: 7466792.5 | V13: =IF(Q13-U13=0,0,(Q13-U13)/U13) -> #DIV/0!
A14: <<30200210..30200250,30210210..30210250,30220210..30220250 | B14: <<20301,20302 | D14: Royal Court | E14: =+'Royal Court'!E17 -> 678900 | F14: =+'Royal Court'!F17 -> 678900 | G14: =+'Royal Court'!G17 -> 678900 | H14: =+'Royal Court'!H17 -> 678900 | I14: =+'Royal Court'!I17 -> 678900 | J14: =+'Royal Court'!J17 -> 678900 | K14: =+'Royal Court'!K17 -> 678900 | L14: =+'Royal Court'!L17 -> 678900 | ... P14: =+'Royal Court'!P17 -> 697500 | Q14: =SUM(E14:P14) -> 8211900 | R14: 8715632 | V14: =IF(Q14-U14=0,0,(Q14-U14)/U14) -> #DIV/0!
A15: <<30200210..30200250,30210210..30210250,30220210..30220250 | B15: <<20401,20402 | D15: MP Café | E15: =+'MP Cafe'!E17 -> 0 | F15: =+'MP Cafe'!F17 -> 0 | G15: =+'MP Cafe'!G17 -> 0 | H15: =+'MP Cafe'!H17 -> 0 | I15: =+'MP Cafe'!I17 -> 0 | J15: =+'MP Cafe'!J17 -> 0 | K15: =+'MP Cafe'!K17 -> 0 | L15: =+'MP Cafe'!L17 -> 0 | ... P15: =+'MP Cafe'!P17 -> 0 | Q15: =SUM(E15:P15) -> 0 | R15: 456650 | V15: =IF(Q15-U15=0,0,(Q15-U15)/U15) -> 0
A16: <<30200210..30200250,30210210..30210250,30220210..30220250 | B16: <<20501,20502 | D16: MP Dining | E16: =+'Pingju Zhuhai'!E17 -> 542500 | F16: =+'Pingju Zhuhai'!F17 -> 490000 | G16: =+'Pingju Zhuhai'!G17 -> 542500 | H16: =+'Pingju Zhuhai'!H17 -> 525000 | I16: =+'Pingju Zhuhai'!I17 -> 542500 | J16: =+'Pingju Zhuhai'!J17 -> 525000 | K16: =+'Pingju Zhuhai'!K17 -> 542500 | L16: =+'Pingju Zhuhai'!L17 -> 542500 | ... P16: =+'Pingju Zhuhai'!P17 -> 542500 | Q16: =SUM(E16:P16) -> 6387500 | R16: 422420 | V16: =IF(Q16-U16=0,0,(Q16-U16)/U16) -> #DIV/0!
A17: <<30200210..30200250,30210210..30210250,30220210..30220250 | B17: <<20601,20602 | D17: Special Restaurant#4 | E17: 0 | F17: 0 | G17: 0 | H17: 0 | I17: 0 | J17: 0 | K17: 0 | L17: 0 | M17: 0 | N17: 0 | O17: 0 | P17: 0 | Q17: =SUM(E17:P17) -> 0 | R17: 0 | V17: =IF(Q17-U17=0,0,(Q17-U17)/U17) -> 0
A18: <<30200210..30200250,30210210..30210250,30220210..30220250 | B18: <<20701,20702 | D18: Special Restaurant#5 | E18: 0 | F18: 0 | G18: 0 | H18: 0 | I18: 0 | J18: 0 | K18: 0 | L18: 0 | M18: 0 | N18: 0 | O18: 0 | P18: 0 | Q18: =SUM(E18:P18) -> 0 | R18: 0 | V18: =IF(Q18-U18=0,0,(Q18-U18)/U18) -> 0
A19: <<30200210..30200250,30210210..30210250,30220210..30220250 | B19: <<20801,20802 | D19: Special Restaurant#6 | E19: 0 | F19: 0 | G19: 0 | H19: 0 | I19: 0 | J19: 0 | K19: 0 | L19: 0 | M19: 0 | N19: 0 | O19: 0 | P19: 0 | Q19: =SUM(E19:P19) -> 0 | R19: 0 | V19: =IF(Q19-U19=0,0,(Q19-U19)/U19) -> 0
A20: <<30200210..30200250,30210210..30210250,30220210..30220250 | B20: <<20901,20902 | D20: Special Restaurant#7 | E20: 0 | F20: 0 | G20: 0 | H20: 0 | I20: 0 | J20: 0 | K20: 0 | L20: 0 | M20: 0 | N20: 0 | O20: 0 | P20: 0 | Q20: =SUM(E20:P20) -> 0 | R20: 0 | V20: =IF(Q20-U20=0,0,(Q20-U20)/U20) -> 0
A21: <<30200210..30200250,30210210..30210250,30220210..30220250 | B21: <<21101 | D21: Lobby Lounge | E21: 0 | F21: 0 | G21: 0 | H21: 0 | I21: 0 | J21: 0 | K21: 0 | L21: 0 | M21: 0 | N21: 0 | O21: 0 | P21: 0 | Q21: =SUM(E21:P21) -> 0 | R21: 0 | V21: =IF(Q21-U21=0,0,(Q21-U21)/U21) -> 0
A22: <<30200210..30200250,30210210..30210250,30220210..30220250 | B22: <<22101 | D22: Bar#1 | E22: 0 | F22: 0 | G22: 0 | H22: 0 | I22: 0 | J22: 0 | K22: 0 | L22: 0 | M22: 0 | N22: 0 | O22: 0 | P22: 0 | Q22: =SUM(E22:P22) -> 0 | R22: 0 | V22: =IF(Q22-U22=0,0,(Q22-U22)/U22) -> 0
A23: <<30200210..30200250,30210210..30210250,30220210..30220250 | B23: <<22102 | D23: Bar#2 | E23: 0 | F23: 0 | G23: 0 | H23: 0 | I23: 0 | J23: 0 | K23: 0 | L23: 0 | M23: 0 | N23: 0 | O23: 0 | P23: 0 | Q23: =SUM(E23:P23) -> 0 | R23: 0 | V23: =IF(Q23-U23=0,0,(Q23-U23)/U23) -> 0
A24: <<30200210..30200250,30210210..30210250,30220210..30220250 | B24: <<22103 | D24: Bar#3 | E24: 0 | F24: 0 | G24: 0 | H24: 0 | I24: 0 | J24: 0 | K24: 0 | L24: 0 | M24: 0 | N24: 0 | O24: 0 | P24: 0 | Q24: =SUM(E24:P24) -> 0 | R24: 0 | V24: =IF(Q24-U24=0,0,(Q24-U24)/U24) -> 0
A25: <<30200210..30200250,30210210..30210250,30220210..30220250 | B25: <<23101,23102 | D25: Room Service | E25: =+'Room Service'!E17 -> 4300 | F25: =+'Room Service'!F17 -> 4000 | G25: =+'Room Service'!G17 -> 4300 | H25: =+'Room Service'!H17 -> 4150 | I25: =+'Room Service'!I17 -> 4300 | J25: =+'Room Service'!J17 -> 4150 | K25: =+'Room Service'!K17 -> 4300 | L25: =+'Room Service'!L17 -> 4300 | ... P25: =+'Room Service'!P17 -> 4300 | Q25: =SUM(E25:P25) -> 50700 | R25: 606306.66 | V25: =IF(Q25-U25=0,0,(Q25-U25)/U25) -> #DIV/0!
A26: <<30200210..30200250,30210210..30210250,30220210..30220250 | B26: <<24111..24116,24121,24200 | D26: Banquet | E26: =+Banquet!E17 -> 684700 | F26: =+Banquet!F17 -> 24500 | G26: =+Banquet!G17 -> 1006840 | H26: =+Banquet!H17 -> 625600 | I26: =+Banquet!I17 -> 994000 | J26: =+Banquet!J17 -> 841800 | K26: =+Banquet!K17 -> 710000 | L26: =+Banquet!L17 -> 482000 | ... P26: =+Banquet!P17 -> 1287800 | Q26: =SUM(E26:P26) -> 10272140 | R26: 7292694 | V26: =IF(Q26-U26=0,0,(Q26-U26)/U26) -> #DIV/0!
D27: Total Food Revenue 食品收入合计 | E27: =SUM(E12:E26) -> 2335600 | F27: =SUM(F12:F26) -> 1719500 | G27: =SUM(G12:G26) -> 2638440 | H27: =SUM(H12:H26) -> 2251050 | I27: =SUM(I12:I26) -> 2672500 | J27: =SUM(J12:J26) -> 2461550 | K27: =SUM(K12:K26) -> 2656500 | L27: =SUM(L12:L26) -> 2453500 | ... Q27: =SUM(Q12:Q26) -> 31095940 | R27: 31495050 | V27: =IF(Q27-U27=0,0,(Q27-U27)/U27) -> #DIV/0!
D29: BEVERAGE REVENUE 饮品收入
A30: <<30300310..30300350,30310310..30310350,30320310..30320350 | B30: <<20101,20102 | D30: The Lounge | E30: =+'Lobby Lounge'!E25 -> 0 | F30: =+'Lobby Lounge'!F25 -> 0 | G30: =+'Lobby Lounge'!G25 -> 0 | H30: =+'Lobby Lounge'!H25 -> 0 | I30: =+'Lobby Lounge'!I25 -> 0 | J30: =+'Lobby Lounge'!J25 -> 0 | K30: =+'Lobby Lounge'!K25 -> 0 | L30: =+'Lobby Lounge'!L25 -> 0 | ... P30: =+'Lobby Lounge'!P25 -> 0 | Q30: =SUM(E30:P30) -> 0 | R30: 228172.83 | V30: =IF(Q30-U30=0,0,(Q30-U30)/U30) -> 0
A31: <<30300310..30300350,30310310..30310350,30320310..30320350 | B31: <<20201,20202 | D31: ADD-Mhub lounge | E31: =+'Fangfei Lounge'!E25 -> 5580 | F31: =+'Fangfei Lounge'!F25 -> 5600 | G31: =+'Fangfei Lounge'!G25 -> 6820 | H31: =+'Fangfei Lounge'!H25 -> 6600 | I31: =+'Fangfei Lounge'!I25 -> 6820 | J31: =+'Fangfei Lounge'!J25 -> 6600 | K31: =+'Fangfei Lounge'!K25 -> 8060 | L31: =+'Fangfei Lounge'!L25 -> 8060 | ... P31: =+'Fangfei Lounge'!P25 -> 8060 | Q31: =SUM(E31:P31) -> 85860 | R31: 658292.18 | V31: =IF(Q31-U31=0,0,(Q31-U31)/U31) -> #DIV/0!
A32: <<30300310..30300350,30310310..30310350,30320310..30320350 | B32: <<20301,20302 | D32: Royal Court | E32: =+'Royal Court'!E25 -> 21390 | F32: =+'Royal Court'!F25 -> 21390 | G32: =+'Royal Court'!G25 -> 21390 | H32: =+'Royal Court'!H25 -> 21390 | I32: =+'Royal Court'!I25 -> 21390 | J32: =+'Royal Court'!J25 -> 21390 | K32: =+'Royal Court'!K25 -> 21390 | L32: =+'Royal Court'!L25 -> 21390 | ... P32: =+'Royal Court'!P25 -> 21390 | Q32: =SUM(E32:P32) -> 256680 | R32: 408784.9 | V32: =IF(Q32-U32=0,0,(Q32-U32)/U32) -> #DIV/0!
A33: <<30300310..30300350,30310310..30310350,30320310..30320350 | B33: <<20401,20402 | D33: MP Café | E33: =+'MP Cafe'!E25 -> 0 | F33: =+'MP Cafe'!F25 -> 0 | G33: =+'MP Cafe'!G25 -> 0 | H33: =+'MP Cafe'!H25 -> 0 | I33: =+'MP Cafe'!I25 -> 0 | J33: =+'MP Cafe'!J25 -> 0 | K33: =+'MP Cafe'!K25 -> 0 | L33: =+'MP Cafe'!L25 -> 0 | ... P33: =+'MP Cafe'!P25 -> 0 | Q33: =SUM(E33:P33) -> 0 | R33: 117880
A34: <<30300310..30300350,30310310..30310350,30320310..30320350 | B34: <<20501,20502 | D34: MP Dining | E34: =+'Pingju Zhuhai'!E25 -> 17515 | F34: =+'Pingju Zhuhai'!F25 -> 15820 | G34: =+'Pingju Zhuhai'!G25 -> 17515 | H34: =+'Pingju Zhuhai'!H25 -> 16950 | I34: =+'Pingju Zhuhai'!I25 -> 17515 | J34: =+'Pingju Zhuhai'!J25 -> 16950 | K34: =+'Pingju Zhuhai'!K25 -> 17515 | L34: =+'Pingju Zhuhai'!L25 -> 17515 | ... P34: =+'Pingju Zhuhai'!P25 -> 17515 | Q34: =SUM(E34:P34) -> 206225 | R34: 114975 | V34: =IF(Q34-U34=0,0,(Q34-U34)/U34) -> #DIV/0!
A35: <<30300310..30300350,30310310..30310350,30320310..30320350 | B35: <<20601,20602 | D35: Special Restaurant#4 | E35: 0 | F35: 0 | G35: 0 | H35: 0 | I35: 0 | J35: 0 | K35: 0 | L35: 0 | M35: 0 | N35: 0 | O35: 0 | P35: 0 | Q35: =SUM(E35:P35) -> 0 | R35: 0 | V35: =IF(Q35-U35=0,0,(Q35-U35)/U35) -> 0
A36: <<30300310..30300350,30310310..30310350,30320310..30320350 | B36: <<20701,20702 | D36: Special Restaurant#5 | E36: 0 | F36: 0 | G36: 0 | H36: 0 | I36: 0 | J36: 0 | K36: 0 | L36: 0 | M36: 0 | N36: 0 | O36: 0 | P36: 0 | Q36: =SUM(E36:P36) -> 0 | R36: 0 | V36: =IF(Q36-U36=0,0,(Q36-U36)/U36) -> 0
A37: <<30300310..30300350,30310310..30310350,30320310..30320350 | B37: <<20801,20802 | D37: Special Restaurant#6 | E37: 0 | F37: 0 | G37: 0 | H37: 0 | I37: 0 | J37: 0 | K37: 0 | L37: 0 | M37: 0 | N37: 0 | O37: 0 | P37: 0 | Q37: =SUM(E37:P37) -> 0 | R37: 0 | V37: =IF(Q37-U37=0,0,(Q37-U37)/U37) -> 0
A38: <<30300310..30300350,30310310..30310350,30320310..30320350 | B38: <<20901,20902 | D38: Special Restaurant#7 | E38: 0 | F38: 0 | G38: 0 | H38: 0 | I38: 0 | J38: 0 | K38: 0 | L38: 0 | M38: 0 | N38: 0 | O38: 0 | P38: 0 | Q38: =SUM(E38:P38) -> 0 | R38: 0 | V38: =IF(Q38-U38=0,0,(Q38-U38)/U38) -> 0
A39: <<30300310..30300350,30310310..30310350,30320310..30320350 | B39: <<21101 | D39: Lobby Lounge | E39: 0 | F39: 0 | G39: 0 | H39: 0 | I39: 0 | J39: 0 | K39: 0 | L39: 0 | M39: 0 | N39: 0 | O39: 0 | P39: 0 | Q39: =SUM(E39:P39) -> 0 | R39: 0 | V39: =IF(Q39-U39=0,0,(Q39-U39)/U39) -> 0
A40: <<30300310..30300350,30310310..30310350,30320310..30320350 | B40: <<22101 | D40: Bar#1 | E40: 0 | F40: 0 | G40: 0 | H40: 0 | I40: 0 | J40: 0 | K40: 0 | L40: 0 | M40: 0 | N40: 0 | O40: 0 | P40: 0 | Q40: =SUM(E40:P40) -> 0 | R40: 0 | V40: =IF(Q40-U40=0,0,(Q40-U40)/U40) -> 0
A41: <<30300310..30300350,30310310..30310350,30320310..30320350 | B41: <<22102 | D41: Bar#2 | E41: 0 | F41: 0 | G41: 0 | H41: 0 | I41: 0 | J41: 0 | K41: 0 | L41: 0 | M41: 0 | N41: 0 | O41: 0 | P41: 0 | Q41: =SUM(E41:P41) -> 0 | R41: 0 | V41: =IF(Q41-U41=0,0,(Q41-U41)/U41) -> 0
A42: <<30300310..30300350,30310310..30310350,30320310..30320350 | B42: <<22103 | D42: Bar#3 | E42: 0 | F42: 0 | G42: 0 | H42: 0 | I42: 0 | J42: 0 | K42: 0 | L42: 0 | M42: 0 | N42: 0 | O42: 0 | P42: 0 | Q42: =SUM(E42:P42) -> 0 | R42: 0 | V42: =IF(Q42-U42=0,0,(Q42-U42)/U42) -> 0
A43: <<30300310..30300350,30310310..30310350,30320310..30320350 | B43: <<23101,23102 | D43: Room Service | E43: =+'Room Service'!E25 -> 651 | F43: =+'Room Service'!F25 -> 588 | G43: =+'Room Service'!G25 -> 651 | H43: =+'Room Service'!H25 -> 630 | I43: =+'Room Service'!I25 -> 651 | J43: =+'Room Service'!J25 -> 630 | K43: =+'Room Service'!K25 -> 651 | L43: =+'Room Service'!L25 -> 651 | ... P43: =+'Room Service'!P25 -> 651 | Q43: =SUM(E43:P43) -> 7665 | R43: 54631.05 | V43: =IF(Q43-U43=0,0,(Q43-U43)/U43) -> #DIV/0!
A44: <<30300310..30300350,30310310..30310350,30320310..30320350 | B44: <<24111..24116,24121,24200 | D44: Banquet | E44: =+Banquet!E25 -> 0 | F44: =+Banquet!F25 -> 0 | G44: =+Banquet!G25 -> 0 | H44: =+Banquet!H25 -> 0 | I44: =+Banquet!I25 -> 0 | J44: =+Banquet!J25 -> 0 | K44: =+Banquet!K25 -> 0 | L44: =+Banquet!L25 -> 0 | ... P44: =+Banquet!P25 -> 0 | Q44: =SUM(E44:P44) -> 0 | R44: 450880.85 | V44: =IF(Q44-U44=0,0,(Q44-U44)/U44) -> 0
D45: Total Beverage Revenue 饮品收入合计 | E45: =SUM(E30:E44) -> 45136 | F45: =SUM(F30:F44) -> 43398 | G45: =SUM(G30:G44) -> 46376 | H45: =SUM(H30:H44) -> 45570 | I45: =SUM(I30:I44) -> 46376 | J45: =SUM(J30:J44) -> 45570 | K45: =SUM(K30:K44) -> 47616 | L45: =SUM(L30:L44) -> 47616 | ... Q45: =SUM(Q30:Q44) -> 556430 | R45: 2033616.8 | V45: =IF(Q45-U45=0,0,(Q45-U45)/U45) -> #DIV/0!
A46: <<30400040 | B46: <<2..29999 | D46: Meeting Rooms Rental 会议室租赁 | E46: =+Banquet!E26 -> 75000 | F46: =+Banquet!F26 -> 8000 | G46: =+Banquet!G26 -> 60000 | H46: =+Banquet!H26 -> 60000 | I46: =+Banquet!I26 -> 50000 | J46: =+Banquet!J26 -> 100000 | K46: =+Banquet!K26 -> 50000 | L46: =+Banquet!L26 -> 16000 | ... P46: =+Banquet!P26 -> 150000 | Q46: =SUM(E46:P46) -> 824000 | R46: 1850324.3 | V46: =IF(Q46-U46=0,0,(Q46-U46)/U46) -> #DIV/0!
A47: <<30320360..30320380 | B47: <<2..29999 | D47: Mini Bar 迷你吧 | E47: =Minibar!E16 -> 0 | F47: =Minibar!F16 -> 0 | G47: =Minibar!G16 -> 0 | H47: =Minibar!H16 -> 0 | I47: =Minibar!I16 -> 0 | J47: =Minibar!J16 -> 0 | K47: =Minibar!K16 -> 0 | L47: =Minibar!L16 -> 0 | ... P47: =Minibar!P16 -> 0 | Q47: =SUM(E47:P47) -> 0 | R47: 144257.52 | V47: =IF(Q47-U47=0,0,(Q47-U47)/U47) -> 0
A48: <<30320400..30320402,30320990..30320992,30400050 | B48: <<2..29999 | D48: Other Revenue 其他餐饮收入 | E48: =+'Lobby Lounge'!E26+'Fangfei Lounge'!E26+'Royal Court'!E26+'MP Cafe'!E26+'Pingju Zhuhai'!E26+'Room Service'!E26+Banquet!E27 -> 0 | F48: =+'Lobby Lounge'!F26+'Fangfei Lounge'!F26+'Royal Court'!F26+'MP Cafe'!F26+'Pingju Zhuhai'!F26+'Room Service'!F26+Banquet!F27 -> 0 | G48: =+'Lobby Lounge'!G26+'Fangfei Lounge'!G26+'Royal Court'!G26+'MP Cafe'!G26+'Pingju Zhuhai'!G26+'Room Service'!G26+Banquet!G27 -> 0 | H48: =+'Lobby Lounge'!H26+'Fangfei Lounge'!H26+'Royal Court'!H26+'MP Cafe'!H26+'Pingju Zhuhai'!H26+'Room Service'!H26+Banquet!H27 -> 0 | I48: =+'Lobby Lounge'!I26+'Fangfei Lounge'!I26+'Royal Court'!I26+'MP Cafe'!I26+'Pingju Zhuhai'!I26+'Room Service'!I26+Banquet!I27 -> 80000 | J48: =+'Lobby Lounge'!J26+'Fangfei Lounge'!J26+'Royal Court'!J26+'MP Cafe'!J26+'Pingju Zhuhai'!J26+'Room Service'!J26+Banquet!J27 -> 0 | K48: =+'Lobby Lounge'!K26+'Fangfei Lounge'!K26+'Royal Court'!K26+'MP Cafe'!K26+'Pingju Zhuhai'!K26+'Room Service'!K26+Banquet!K27 -> 0 | L48: =+'Lobby Lounge'!L26+'Fangfei Lounge'!L26+'Royal Court'!L26+'MP Cafe'!L26+'Pingju Zhuhai'!L26+'Room Service'!L26+Banquet!L27 -> 0 | ... P48: =+'Lobby Lounge'!P26+'Fangfei Lounge'!P26+'Royal Court'!P26+'MP Cafe'!P26+'Pingju Zhuhai'!P26+'Room Service'!P26+Banquet!P27 -> 20000 | Q48: =SUM(E48:P48) -> 500000 | R48: 985568.42 | V48: =IF(Q48-U48=0,0,(Q48-U48)/U48) -> #DIV/0!
A49: <<38108100 | B49: <<2..29999 | D49: Service Charge 服务费 | E49: =+'Lobby Lounge'!E27+'Fangfei Lounge'!E27+'Royal Court'!E27+'MP Cafe'!E27+'Pingju Zhuhai'!E27+'Room Service'!E27+Banquet!E28 -> 169603.6 | F49: =+'Lobby Lounge'!F27+'Fangfei Lounge'!F27+'Royal Court'!F27+'MP Cafe'!F27+'Pingju Zhuhai'!F27+'Room Service'!F27+Banquet!F28 -> 173839.8 | G49: =+'Lobby Lounge'!G27+'Fangfei Lounge'!G27+'Royal Court'!G27+'MP Cafe'!G27+'Pingju Zhuhai'!G27+'Room Service'!G27+Banquet!G28 -> 167797.6 | H49: =+'Lobby Lounge'!H27+'Fangfei Lounge'!H27+'Royal Court'!H27+'MP Cafe'!H27+'Pingju Zhuhai'!H27+'Room Service'!H27+Banquet!H28 -> 167102 | I49: =+'Lobby Lounge'!I27+'Fangfei Lounge'!I27+'Royal Court'!I27+'MP Cafe'!I27+'Pingju Zhuhai'!I27+'Room Service'!I27+Banquet!I28 -> 172487.6 | J49: =+'Lobby Lounge'!J27+'Fangfei Lounge'!J27+'Royal Court'!J27+'MP Cafe'!J27+'Pingju Zhuhai'!J27+'Room Service'!J27+Banquet!J28 -> 166532 | K49: =+'Lobby Lounge'!K27+'Fangfei Lounge'!K27+'Royal Court'!K27+'MP Cafe'!K27+'Pingju Zhuhai'!K27+'Room Service'!K27+Banquet!K28 -> 199411.6 | L49: =+'Lobby Lounge'!L27+'Fangfei Lounge'!L27+'Royal Court'!L27+'MP Cafe'!L27+'Pingju Zhuhai'!L27+'Room Service'!L27+Banquet!L28 -> 201911.6 | ... P49: =+'Lobby Lounge'!P27+'Fangfei Lounge'!P27+'Royal Court'!P27+'MP Cafe'!P27+'Pingju Zhuhai'!P27+'Room Service'!P27+Banquet!P28 -> 189431.6 | Q49: =SUM(E49:P49) -> 2138023 | R49: 3248563.9 | S49: =Q49/Q50 -> 0.060887369 | V49: =IF(Q49-U49=0,0,(Q49-U49)/U49) -> #DIV/0!
D50: Total F&B Revenue 餐饮收入合计 | E50: =E27+E45+E46+E47+E48+E49 -> 2625339.6 | F50: =F27+F45+F46+F47+F48+F49 -> 1944737.8 | G50: =G27+G45+G46+G47+G48+G49 -> 2912613.6 | H50: =H27+H45+H46+H47+H48+H49 -> 2523722 | I50: =I27+I45+I46+I47+I48+I49 -> 3021363.6 | J50: =J27+J45+J46+J47+J48+J49 -> 2773652 | K50: =K27+K45+K46+K47+K48+K49 -> 2953527.6 | L50: =L27+L45+L46+L47+L48+L49 -> 2719027.6 | ... Q50: =Q27+Q45+Q46+Q47+Q48+Q49 -> 35114393 | R50: 39757381 | V50: =IF(Q50-U50=0,0,(Q50-U50)/U50) -> #DIV/0!
D52: COST
A53: <<40200100 | B53: <<2..29999 | D53: Food Cost 食品成本 | E53: =+'Lobby Lounge'!E31+'Fangfei Lounge'!E31+'Royal Court'!E31+'MP Cafe'!E31+'Pingju Zhuhai'!E31+'Room Service'!E31+Banquet!E32 -> 856542 | F53: =+'Lobby Lounge'!F31+'Fangfei Lounge'!F31+'Royal Court'!F31+'MP Cafe'!F31+'Pingju Zhuhai'!F31+'Room Service'!F31+Banquet!F32 -> 654836.6 | G53: =+'Lobby Lounge'!G31+'Fangfei Lounge'!G31+'Royal Court'!G31+'MP Cafe'!G31+'Pingju Zhuhai'!G31+'Room Service'!G31+Banquet!G32 -> 957813.6 | H53: =+'Lobby Lounge'!H31+'Fangfei Lounge'!H31+'Royal Court'!H31+'MP Cafe'!H31+'Pingju Zhuhai'!H31+'Room Service'!H31+Banquet!H32 -> 826752 | I53: =+'Lobby Lounge'!I31+'Fangfei Lounge'!I31+'Royal Court'!I31+'MP Cafe'!I31+'Pingju Zhuhai'!I31+'Room Service'!I31+Banquet!I32 -> 973572 | J53: =+'Lobby Lounge'!J31+'Fangfei Lounge'!J31+'Royal Court'!J31+'MP Cafe'!J31+'Pingju Zhuhai'!J31+'Room Service'!J31+Banquet!J32 -> 897809 | K53: =+'Lobby Lounge'!K31+'Fangfei Lounge'!K31+'Royal Court'!K31+'MP Cafe'!K31+'Pingju Zhuhai'!K31+'Room Service'!K31+Banquet!K32 -> 992381 | L53: =+'Lobby Lounge'!L31+'Fangfei Lounge'!L31+'Royal Court'!L31+'MP Cafe'!L31+'Pingju Zhuhai'!L31+'Room Service'!L31+Banquet!L32 -> 925479.85 | ... P53: =+'Lobby Lounge'!P31+'Fangfei Lounge'!P31+'Royal Court'!P31+'MP Cafe'!P31+'Pingju Zhuhai'!P31+'Room Service'!P31+Banquet!P32 -> 1144509.5 | Q53: =SUM(E53:P53) -> 11417630 | R53: 10992235 | S53: =Q53/Q27 -> 0.3671743 | V53: =-IF(Q53-U53=0,0,(Q53-U53)/U53) -> #DIV/0!
A54: <<40200200 | B54: <<2..29999 | D54: Beverage Cost 酒水成本 | E54: =+'Lobby Lounge'!E32+'Fangfei Lounge'!E32+'Royal Court'!E32+'MP Cafe'!E32+'Pingju Zhuhai'!E32+'Room Service'!E32+Banquet!E33 -> 17104.56 | F54: =+'Lobby Lounge'!F32+'Fangfei Lounge'!F32+'Royal Court'!F32+'MP Cafe'!F32+'Pingju Zhuhai'!F32+'Room Service'!F32+Banquet!F33 -> 16534.64 | G54: =+'Lobby Lounge'!G32+'Fangfei Lounge'!G32+'Royal Court'!G32+'MP Cafe'!G32+'Pingju Zhuhai'!G32+'Room Service'!G32+Banquet!G33 -> 17455.015 | H54: =+'Lobby Lounge'!H32+'Fangfei Lounge'!H32+'Royal Court'!H32+'MP Cafe'!H32+'Pingju Zhuhai'!H32+'Room Service'!H32+Banquet!H33 -> 17196.15 | I54: =+'Lobby Lounge'!I32+'Fangfei Lounge'!I32+'Royal Court'!I32+'MP Cafe'!I32+'Pingju Zhuhai'!I32+'Room Service'!I32+Banquet!I33 -> 17451.76 | J54: =+'Lobby Lounge'!J32+'Fangfei Lounge'!J32+'Royal Court'!J32+'MP Cafe'!J32+'Pingju Zhuhai'!J32+'Room Service'!J32+Banquet!J33 -> 17196.15 | K54: =+'Lobby Lounge'!K32+'Fangfei Lounge'!K32+'Royal Court'!K32+'MP Cafe'!K32+'Pingju Zhuhai'!K32+'Room Service'!K32+Banquet!K33 -> 17795.705 | L54: =+'Lobby Lounge'!L32+'Fangfei Lounge'!L32+'Royal Court'!L32+'MP Cafe'!L32+'Pingju Zhuhai'!L32+'Room Service'!L32+Banquet!L33 -> 17795.705 | ... P54: =+'Lobby Lounge'!P32+'Fangfei Lounge'!P32+'Royal Court'!P32+'MP Cafe'!P32+'Pingju Zhuhai'!P32+'Room Service'!P32+Banquet!P33 -> 17802.215 | Q54: =SUM(E54:P54) -> 209204.71 | R54: 404486.36 | S54: =Q54/Q45 -> 0.3759767 | V54: =-IF(Q54-U54=0,0,(Q54-U54)/U54) -> #DIV/0!
A55: <<40200400 | B55: <<2..29999 | D55: Mini Bar Cost 迷你吧成本 | E55: =Minibar!E22 -> 0 | F55: =Minibar!F22 -> 0 | G55: =Minibar!G22 -> 0 | H55: =Minibar!H22 -> 0 | I55: =Minibar!I22 -> 0 | J55: =Minibar!J22 -> 0 | K55: =Minibar!K22 -> 0 | L55: =Minibar!L22 -> 0 | ... P55: =Minibar!P22 -> 0 | Q55: =SUM(E55:P55) -> 0 | R55: 36353.36 | S55: =IF(Q47=0,0,Q55/Q47) -> 0 | V55: =-IF(Q55-U55=0,0,(Q55-U55)/U55) -> 0
A56: <<40020300,40200190 | B56: <<2..29999 | D56: Other Cost 其他杂项成本 | E56: =+'Lobby Lounge'!E33+'Fangfei Lounge'!E33+'Royal Court'!E33+'MP Cafe'!E33+'Pingju Zhuhai'!E33+'Room Service'!E33+Banquet!E34 -> 0 | F56: =+'Lobby Lounge'!F33+'Fangfei Lounge'!F33+'Royal Court'!F33+'MP Cafe'!F33+'Pingju Zhuhai'!F33+'Room Service'!F33+Banquet!F34 -> 0 | G56: =+'Lobby Lounge'!G33+'Fangfei Lounge'!G33+'Royal Court'!G33+'MP Cafe'!G33+'Pingju Zhuhai'!G33+'Room Service'!G33+Banquet!G34 -> 0 | H56: =+'Lobby Lounge'!H33+'Fangfei Lounge'!H33+'Royal Court'!H33+'MP Cafe'!H33+'Pingju Zhuhai'!H33+'Room Service'!H33+Banquet!H34 -> 0 | I56: =+'Lobby Lounge'!I33+'Fangfei Lounge'!I33+'Royal Court'!I33+'MP Cafe'!I33+'Pingju Zhuhai'!I33+'Room Service'!I33+Banquet!I34 -> 32000 | J56: =+'Lobby Lounge'!J33+'Fangfei Lounge'!J33+'Royal Court'!J33+'MP Cafe'!J33+'Pingju Zhuhai'!J33+'Room Service'!J33+Banquet!J34 -> 0 | K56: =+'Lobby Lounge'!K33+'Fangfei Lounge'!K33+'Royal Court'!K33+'MP Cafe'!K33+'Pingju Zhuhai'!K33+'Room Service'!K33+Banquet!K34 -> 0 | L56: =+'Lobby Lounge'!L33+'Fangfei Lounge'!L33+'Royal Court'!L33+'MP Cafe'!L33+'Pingju Zhuhai'!L33+'Room Service'!L33+Banquet!L34 -> 0 | ... P56: =+'Lobby Lounge'!P33+'Fangfei Lounge'!P33+'Royal Court'!P33+'MP Cafe'!P33+'Pingju Zhuhai'!P33+'Room Service'!P33+Banquet!P34 -> 8000 | Q56: =SUM(E56:P56) -> 200000 | R56: 172340.09 | S56: =Q56/Q48 -> 0.4 | V56: =-IF(Q56-U56=0,0,(Q56-U56)/U56) -> #DIV/0!
D57: Total Cost of Sales 餐饮成本合计 | E57: =+SUM(E53:E56) -> 873646.56 | F57: =+SUM(F53:F56) -> 671371.24 | G57: =+SUM(G53:G56) -> 975268.61 | H57: =+SUM(H53:H56) -> 843948.15 | I57: =+SUM(I53:I56) -> 1023023.8 | J57: =+SUM(J53:J56) -> 915005.15 | K57: =+SUM(K53:K56) -> 1010176.7 | L57: =+SUM(L53:L56) -> 943275.55 | ... P57: =+SUM(P53:P56) -> 1170311.7 | Q57: =SUM(Q53:Q56) -> 11826835 | R57: 11605415 | S57: =Q57/$Q$50 -> 0.33680875 | V57: =-IF(Q57-U57=0,0,(Q57-U57)/U57) -> #DIV/0!
A59: <<5..59999999 | B59: <<2..29999 | D59: Total Labour Costs 人工成本合计 | E59: =+E203 -> 1362520.4 | F59: =+F203 -> 1182782.6 | G59: =+G203 -> 1233159.9 | H59: =+H203 -> 1278210.7 | I59: =+I203 -> 1386113.2 | J59: =+J203 -> 1330303.1 | K59: =+K203 -> 1356873.4 | L59: =+L203 -> 1347680.7 | ... P59: =+P203 -> 1450210.7 | Q59: =SUM(E59:P59) -> 16289330 | R59: 15324929 | S59: =Q59/$Q$50 -> 0.46389324 | V59: =-IF(Q59-U59=0,0,(Q59-U59)/U59) -> #DIV/0!
E60: ='Fangfei Lounge'!E36+Banquet!E37+'Main Kitchen'!E12+STW!E12 -> 713537.59 | F60: ='Fangfei Lounge'!F36+Banquet!F37+'Main Kitchen'!F12+STW!F12 -> 473787.55 | G60: ='Fangfei Lounge'!G36+Banquet!G37+'Main Kitchen'!G12+STW!G12 -> 696201.1 | H60: ='Fangfei Lounge'!H36+Banquet!H37+'Main Kitchen'!H12+STW!H12 -> 671458.47 | I60: ='Fangfei Lounge'!I36+Banquet!I37+'Main Kitchen'!I12+STW!I12 -> 773067.63 | J60: ='Fangfei Lounge'!J36+Banquet!J37+'Main Kitchen'!J12+STW!J12 -> 730298.97 | K60: ='Fangfei Lounge'!K36+Banquet!K37+'Main Kitchen'!K12+STW!K12 -> 702541.72 | L60: ='Fangfei Lounge'!L36+Banquet!L37+'Main Kitchen'!L12+STW!L12 -> 653271.02 | ... Q60: ='Fangfei Lounge'!Q36+Banquet!Q37+'Main Kitchen'!Q12+STW!Q12 -> 8629109.1
D61: OPERATING EXPENSES 营运费用 | S61: CPC
A62: <<60010011 | B62: <<2..29999 | D62: Comm - Travel Agents 佣金 - 旅行社 | E62: ='Lobby Lounge'!E39+'Fangfei Lounge'!E39+'Royal Court'!E39+'MP Cafe'!E39+'Pingju Zhuhai'!E39+'Room Service'!E39+Banquet!E40+Minibar!E27+STW!E15+'Main Kitchen'!E15+'F&B Admin'!E15 -> 0 | F62: ='Lobby Lounge'!F39+'Fangfei Lounge'!F39+'Royal Court'!F39+'MP Cafe'!F39+'Pingju Zhuhai'!F39+'Room Service'!F39+Banquet!F40+Minibar!F27+STW!F15+'Main Kitchen'!F15+'F&B Admin'!F15 -> 0 | G62: ='Lobby Lounge'!G39+'Fangfei Lounge'!G39+'Royal Court'!G39+'MP Cafe'!G39+'Pingju Zhuhai'!G39+'Room Service'!G39+Banquet!G40+Minibar!G27+STW!G15+'Main Kitchen'!G15+'F&B Admin'!G15 -> 0 | H62: ='Lobby Lounge'!H39+'Fangfei Lounge'!H39+'Royal Court'!H39+'MP Cafe'!H39+'Pingju Zhuhai'!H39+'Room Service'!H39+Banquet!H40+Minibar!H27+STW!H15+'Main Kitchen'!H15+'F&B Admin'!H15 -> 0 | I62: ='Lobby Lounge'!I39+'Fangfei Lounge'!I39+'Royal Court'!I39+'MP Cafe'!I39+'Pingju Zhuhai'!I39+'Room Service'!I39+Banquet!I40+Minibar!I27+STW!I15+'Main Kitchen'!I15+'F&B Admin'!I15 -> 0 | J62: ='Lobby Lounge'!J39+'Fangfei Lounge'!J39+'Royal Court'!J39+'MP Cafe'!J39+'Pingju Zhuhai'!J39+'Room Service'!J39+Banquet!J40+Minibar!J27+STW!J15+'Main Kitchen'!J15+'F&B Admin'!J15 -> 0 | K62: ='Lobby Lounge'!K39+'Fangfei Lounge'!K39+'Royal Court'!K39+'MP Cafe'!K39+'Pingju Zhuhai'!K39+'Room Service'!K39+Banquet!K40+Minibar!K27+STW!K15+'Main Kitchen'!K15+'F&B Admin'!K15 -> 0 | L62: ='Lobby Lounge'!L39+'Fangfei Lounge'!L39+'Royal Court'!L39+'MP Cafe'!L39+'Pingju Zhuhai'!L39+'Room Service'!L39+Banquet!L40+Minibar!L27+STW!L15+'Main Kitchen'!L15+'F&B Admin'!L15 -> 0 | ... P62: ='Lobby Lounge'!P39+'Fangfei Lounge'!P39+'Royal Court'!P39+'MP Cafe'!P39+'Pingju Zhuhai'!P39+'Room Service'!P39+Banquet!P40+Minibar!P27+STW!P15+'Main Kitchen'!P15+'F&B Admin'!P15 -> 0 | Q62: =SUM(E62:P62) -> 0 | R62: 0 | S62: =Q62/$Q$148 -> 0 | V62: =(Q62-U62)/U62 -> #DIV/0!
A63: <<60010012 | B63: <<2..29999 | D63: Comm - Reservation Assessments 客房系统预定费 | E63: ='Lobby Lounge'!E40+'Fangfei Lounge'!E40+'Royal Court'!E40+'MP Cafe'!E40+'Pingju Zhuhai'!E40+'Room Service'!E40+Banquet!E41+Minibar!E28+STW!E16+'Main Kitchen'!E16+'F&B Admin'!E16 -> 0 | F63: ='Lobby Lounge'!F40+'Fangfei Lounge'!F40+'Royal Court'!F40+'MP Cafe'!F40+'Pingju Zhuhai'!F40+'Room Service'!F40+Banquet!F41+Minibar!F28+STW!F16+'Main Kitchen'!F16+'F&B Admin'!F16 -> 0 | G63: ='Lobby Lounge'!G40+'Fangfei Lounge'!G40+'Royal Court'!G40+'MP Cafe'!G40+'Pingju Zhuhai'!G40+'Room Service'!G40+Banquet!G41+Minibar!G28+STW!G16+'Main Kitchen'!G16+'F&B Admin'!G16 -> 0 | H63: ='Lobby Lounge'!H40+'Fangfei Lounge'!H40+'Royal Court'!H40+'MP Cafe'!H40+'Pingju Zhuhai'!H40+'Room Service'!H40+Banquet!H41+Minibar!H28+STW!H16+'Main Kitchen'!H16+'F&B Admin'!H16 -> 0 | I63: ='Lobby Lounge'!I40+'Fangfei Lounge'!I40+'Royal Court'!I40+'MP Cafe'!I40+'Pingju Zhuhai'!I40+'Room Service'!I40+Banquet!I41+Minibar!I28+STW!I16+'Main Kitchen'!I16+'F&B Admin'!I16 -> 0 | J63: ='Lobby Lounge'!J40+'Fangfei Lounge'!J40+'Royal Court'!J40+'MP Cafe'!J40+'Pingju Zhuhai'!J40+'Room Service'!J40+Banquet!J41+Minibar!J28+STW!J16+'Main Kitchen'!J16+'F&B Admin'!J16 -> 0 | K63: ='Lobby Lounge'!K40+'Fangfei Lounge'!K40+'Royal Court'!K40+'MP Cafe'!K40+'Pingju Zhuhai'!K40+'Room Service'!K40+Banquet!K41+Minibar!K28+STW!K16+'Main Kitchen'!K16+'F&B Admin'!K16 -> 0 | L63: ='Lobby Lounge'!L40+'Fangfei Lounge'!L40+'Royal Court'!L40+'MP Cafe'!L40+'Pingju Zhuhai'!L40+'Room Service'!L40+Banquet!L41+Minibar!L28+STW!L16+'Main Kitchen'!L16+'F&B Admin'!L16 -> 0 | ... P63: ='Lobby Lounge'!P40+'Fangfei Lounge'!P40+'Royal Court'!P40+'MP Cafe'!P40+'Pingju Zhuhai'!P40+'Room Service'!P40+Banquet!P41+Minibar!P28+STW!P16+'Main Kitchen'!P16+'F&B Admin'!P16 -> 0 | Q63: =SUM(E63:P63) -> 0 | R63: 0 | S63: =Q63/$Q$148 -> 0 | V63: =(Q63-U63)/U63 -> #DIV/0!
A64: <<60010013 | B64: <<2..29999 | D64: Comm - DMH Reservation Fees DMH预订系统费用 | E64: ='Lobby Lounge'!E41+'Fangfei Lounge'!E41+'Royal Court'!E41+'MP Cafe'!E41+'Pingju Zhuhai'!E41+'Room Service'!E41+Banquet!E42+Minibar!E29+STW!E17+'Main Kitchen'!E17+'F&B Admin'!E17 -> 0 | F64: ='Lobby Lounge'!F41+'Fangfei Lounge'!F41+'Royal Court'!F41+'MP Cafe'!F41+'Pingju Zhuhai'!F41+'Room Service'!F41+Banquet!F42+Minibar!F29+STW!F17+'Main Kitchen'!F17+'F&B Admin'!F17 -> 0 | G64: ='Lobby Lounge'!G41+'Fangfei Lounge'!G41+'Royal Court'!G41+'MP Cafe'!G41+'Pingju Zhuhai'!G41+'Room Service'!G41+Banquet!G42+Minibar!G29+STW!G17+'Main Kitchen'!G17+'F&B Admin'!G17 -> 0 | H64: ='Lobby Lounge'!H41+'Fangfei Lounge'!H41+'Royal Court'!H41+'MP Cafe'!H41+'Pingju Zhuhai'!H41+'Room Service'!H41+Banquet!H42+Minibar!H29+STW!H17+'Main Kitchen'!H17+'F&B Admin'!H17 -> 0 | I64: ='Lobby Lounge'!I41+'Fangfei Lounge'!I41+'Royal Court'!I41+'MP Cafe'!I41+'Pingju Zhuhai'!I41+'Room Service'!I41+Banquet!I42+Minibar!I29+STW!I17+'Main Kitchen'!I17+'F&B Admin'!I17 -> 0 | J64: ='Lobby Lounge'!J41+'Fangfei Lounge'!J41+'Royal Court'!J41+'MP Cafe'!J41+'Pingju Zhuhai'!J41+'Room Service'!J41+Banquet!J42+Minibar!J29+STW!J17+'Main Kitchen'!J17+'F&B Admin'!J17 -> 0 | K64: ='Lobby Lounge'!K41+'Fangfei Lounge'!K41+'Royal Court'!K41+'MP Cafe'!K41+'Pingju Zhuhai'!K41+'Room Service'!K41+Banquet!K42+Minibar!K29+STW!K17+'Main Kitchen'!K17+'F&B Admin'!K17 -> 0 | L64: ='Lobby Lounge'!L41+'Fangfei Lounge'!L41+'Royal Court'!L41+'MP Cafe'!L41+'Pingju Zhuhai'!L41+'Room Service'!L41+Banquet!L42+Minibar!L29+STW!L17+'Main Kitchen'!L17+'F&B Admin'!L17 -> 0 | ... P64: ='Lobby Lounge'!P41+'Fangfei Lounge'!P41+'Royal Court'!P41+'MP Cafe'!P41+'Pingju Zhuhai'!P41+'Room Service'!P41+Banquet!P42+Minibar!P29+STW!P17+'Main Kitchen'!P17+'F&B Admin'!P17 -> 0 | Q64: =SUM(E64:P64) -> 0 | R64: 0 | S64: =Q64/$Q$148 -> 0 | V64: =(Q64-U64)/U64 -> #DIV/0!
A65: <<60010014 | B65: <<2..29999 | D65: Comm - Other 佣金 - 其他 | E65: ='Lobby Lounge'!E42+'Fangfei Lounge'!E42+'Royal Court'!E42+'MP Cafe'!E42+'Pingju Zhuhai'!E42+'Room Service'!E42+Banquet!E43+Minibar!E30+STW!E18+'Main Kitchen'!E18+'F&B Admin'!E18 -> 10385 | F65: ='Lobby Lounge'!F42+'Fangfei Lounge'!F42+'Royal Court'!F42+'MP Cafe'!F42+'Pingju Zhuhai'!F42+'Room Service'!F42+Banquet!F43+Minibar!F30+STW!F18+'Main Kitchen'!F18+'F&B Admin'!F18 -> 6497 | G65: ='Lobby Lounge'!G42+'Fangfei Lounge'!G42+'Royal Court'!G42+'MP Cafe'!G42+'Pingju Zhuhai'!G42+'Room Service'!G42+Banquet!G43+Minibar!G30+STW!G18+'Main Kitchen'!G18+'F&B Admin'!G18 -> 11905 | H65: ='Lobby Lounge'!H42+'Fangfei Lounge'!H42+'Royal Court'!H42+'MP Cafe'!H42+'Pingju Zhuhai'!H42+'Room Service'!H42+Banquet!H43+Minibar!H30+STW!H18+'Main Kitchen'!H18+'F&B Admin'!H18 -> 9450 | I65: ='Lobby Lounge'!I42+'Fangfei Lounge'!I42+'Royal Court'!I42+'MP Cafe'!I42+'Pingju Zhuhai'!I42+'Room Service'!I42+Banquet!I43+Minibar!I30+STW!I18+'Main Kitchen'!I18+'F&B Admin'!I18 -> 11215 | J65: ='Lobby Lounge'!J42+'Fangfei Lounge'!J42+'Royal Court'!J42+'MP Cafe'!J42+'Pingju Zhuhai'!J42+'Room Service'!J42+Banquet!J43+Minibar!J30+STW!J18+'Main Kitchen'!J18+'F&B Admin'!J18 -> 11280 | K65: ='Lobby Lounge'!K42+'Fangfei Lounge'!K42+'Royal Court'!K42+'MP Cafe'!K42+'Pingju Zhuhai'!K42+'Room Service'!K42+Banquet!K43+Minibar!K30+STW!K18+'Main Kitchen'!K18+'F&B Admin'!K18 -> 10385 | L65: ='Lobby Lounge'!L42+'Fangfei Lounge'!L42+'Royal Court'!L42+'MP Cafe'!L42+'Pingju Zhuhai'!L42+'Room Service'!L42+Banquet!L43+Minibar!L30+STW!L18+'Main Kitchen'!L18+'F&B Admin'!L18 -> 9017 | ... P65: ='Lobby Lounge'!P42+'Fangfei Lounge'!P42+'Royal Court'!P42+'MP Cafe'!P42+'Pingju Zhuhai'!P42+'Room Service'!P42+Banquet!P43+Minibar!P30+STW!P18+'Main Kitchen'!P18+'F&B Admin'!P18 -> 14227 | Q65: =SUM(E65:P65) -> 131213 | R65: 3812.44 | S65: =Q65/$Q$148 -> 1.0125632 | V65: =(Q65-U65)/U65 -> #DIV/0!
A66: <<60010021 | B66: <<2..29999 | D66: Complimentaries - Give Away 免费赠送 | E66: ='Lobby Lounge'!E43+'Fangfei Lounge'!E43+'Royal Court'!E43+'MP Cafe'!E43+'Pingju Zhuhai'!E43+'Room Service'!E43+Banquet!E44+Minibar!E31+STW!E19+'Main Kitchen'!E19+'F&B Admin'!E19 -> 0 | F66: ='Lobby Lounge'!F43+'Fangfei Lounge'!F43+'Royal Court'!F43+'MP Cafe'!F43+'Pingju Zhuhai'!F43+'Room Service'!F43+Banquet!F44+Minibar!F31+STW!F19+'Main Kitchen'!F19+'F&B Admin'!F19 -> 0 | G66: ='Lobby Lounge'!G43+'Fangfei Lounge'!G43+'Royal Court'!G43+'MP Cafe'!G43+'Pingju Zhuhai'!G43+'Room Service'!G43+Banquet!G44+Minibar!G31+STW!G19+'Main Kitchen'!G19+'F&B Admin'!G19 -> 0 | H66: ='Lobby Lounge'!H43+'Fangfei Lounge'!H43+'Royal Court'!H43+'MP Cafe'!H43+'Pingju Zhuhai'!H43+'Room Service'!H43+Banquet!H44+Minibar!H31+STW!H19+'Main Kitchen'!H19+'F&B Admin'!H19 -> 0 | I66: ='Lobby Lounge'!I43+'Fangfei Lounge'!I43+'Royal Court'!I43+'MP Cafe'!I43+'Pingju Zhuhai'!I43+'Room Service'!I43+Banquet!I44+Minibar!I31+STW!I19+'Main Kitchen'!I19+'F&B Admin'!I19 -> 0 | J66: ='Lobby Lounge'!J43+'Fangfei Lounge'!J43+'Royal Court'!J43+'MP Cafe'!J43+'Pingju Zhuhai'!J43+'Room Service'!J43+Banquet!J44+Minibar!J31+STW!J19+'Main Kitchen'!J19+'F&B Admin'!J19 -> 0 | K66: ='Lobby Lounge'!K43+'Fangfei Lounge'!K43+'Royal Court'!K43+'MP Cafe'!K43+'Pingju Zhuhai'!K43+'Room Service'!K43+Banquet!K44+Minibar!K31+STW!K19+'Main Kitchen'!K19+'F&B Admin'!K19 -> 0 | L66: ='Lobby Lounge'!L43+'Fangfei Lounge'!L43+'Royal Court'!L43+'MP Cafe'!L43+'Pingju Zhuhai'!L43+'Room Service'!L43+Banquet!L44+Minibar!L31+STW!L19+'Main Kitchen'!L19+'F&B Admin'!L19 -> 0 | ... P66: ='Lobby Lounge'!P43+'Fangfei Lounge'!P43+'Royal Court'!P43+'MP Cafe'!P43+'Pingju Zhuhai'!P43+'Room Service'!P43+Banquet!P44+Minibar!P31+STW!P19+'Main Kitchen'!P19+'F&B Admin'!P19 -> 0 | Q66: =SUM(E66:P66) -> 0 | R66: 0 | S66: =Q66/$Q$148 -> 0 | V66: =(Q66-U66)/U66 -> #DIV/0!
A67: <<60010022 | B67: <<2..29999 | D67: Complimentary Food&Beverage 免费餐饮 | E67: ='Lobby Lounge'!E44+'Fangfei Lounge'!E44+'Royal Court'!E44+'MP Cafe'!E44+'Pingju Zhuhai'!E44+'Room Service'!E44+Banquet!E45+Minibar!E32+STW!E20+'Main Kitchen'!E20+'F&B Admin'!E20 -> 0 | F67: ='Lobby Lounge'!F44+'Fangfei Lounge'!F44+'Royal Court'!F44+'MP Cafe'!F44+'Pingju Zhuhai'!F44+'Room Service'!F44+Banquet!F45+Minibar!F32+STW!F20+'Main Kitchen'!F20+'F&B Admin'!F20 -> 0 | G67: ='Lobby Lounge'!G44+'Fangfei Lounge'!G44+'Royal Court'!G44+'MP Cafe'!G44+'Pingju Zhuhai'!G44+'Room Service'!G44+Banquet!G45+Minibar!G32+STW!G20+'Main Kitchen'!G20+'F&B Admin'!G20 -> 0 | H67: ='Lobby Lounge'!H44+'Fangfei Lounge'!H44+'Royal Court'!H44+'MP Cafe'!H44+'Pingju Zhuhai'!H44+'Room Service'!H44+Banquet!H45+Minibar!H32+STW!H20+'Main Kitchen'!H20+'F&B Admin'!H20 -> 0 | I67: ='Lobby Lounge'!I44+'Fangfei Lounge'!I44+'Royal Court'!I44+'MP Cafe'!I44+'Pingju Zhuhai'!I44+'Room Service'!I44+Banquet!I45+Minibar!I32+STW!I20+'Main Kitchen'!I20+'F&B Admin'!I20 -> 0 | J67: ='Lobby Lounge'!J44+'Fangfei Lounge'!J44+'Royal Court'!J44+'MP Cafe'!J44+'Pingju Zhuhai'!J44+'Room Service'!J44+Banquet!J45+Minibar!J32+STW!J20+'Main Kitchen'!J20+'F&B Admin'!J20 -> 0 | K67: ='Lobby Lounge'!K44+'Fangfei Lounge'!K44+'Royal Court'!K44+'MP Cafe'!K44+'Pingju Zhuhai'!K44+'Room Service'!K44+Banquet!K45+Minibar!K32+STW!K20+'Main Kitchen'!K20+'F&B Admin'!K20 -> 0 | L67: ='Lobby Lounge'!L44+'Fangfei Lounge'!L44+'Royal Court'!L44+'MP Cafe'!L44+'Pingju Zhuhai'!L44+'Room Service'!L44+Banquet!L45+Minibar!L32+STW!L20+'Main Kitchen'!L20+'F&B Admin'!L20 -> 0 | ... P67: ='Lobby Lounge'!P44+'Fangfei Lounge'!P44+'Royal Court'!P44+'MP Cafe'!P44+'Pingju Zhuhai'!P44+'Room Service'!P44+Banquet!P45+Minibar!P32+STW!P20+'Main Kitchen'!P20+'F&B Admin'!P20 -> 0 | Q67: =SUM(E67:P67) -> 0 | R67: 0 | S67: =Q67/$Q$148 -> 0 | V67: =(Q67-U67)/U67 -> #DIV/0!
A68: <<60010030 | B68: <<2..29999 | D68: Competitor Survey竞争对手调研费 | E68: ='Lobby Lounge'!E45+'Fangfei Lounge'!E45+'Royal Court'!E45+'MP Cafe'!E45+'Pingju Zhuhai'!E45+'Room Service'!E45+Banquet!E46+Minibar!E33+STW!E21+'Main Kitchen'!E21+'F&B Admin'!E21 -> 1000 | F68: ='Lobby Lounge'!F45+'Fangfei Lounge'!F45+'Royal Court'!F45+'MP Cafe'!F45+'Pingju Zhuhai'!F45+'Room Service'!F45+Banquet!F46+Minibar!F33+STW!F21+'Main Kitchen'!F21+'F&B Admin'!F21 -> 1000 | G68: ='Lobby Lounge'!G45+'Fangfei Lounge'!G45+'Royal Court'!G45+'MP Cafe'!G45+'Pingju Zhuhai'!G45+'Room Service'!G45+Banquet!G46+Minibar!G33+STW!G21+'Main Kitchen'!G21+'F&B Admin'!G21 -> 2500 | H68: ='Lobby Lounge'!H45+'Fangfei Lounge'!H45+'Royal Court'!H45+'MP Cafe'!H45+'Pingju Zhuhai'!H45+'Room Service'!H45+Banquet!H46+Minibar!H33+STW!H21+'Main Kitchen'!H21+'F&B Admin'!H21 -> 1000 | I68: ='Lobby Lounge'!I45+'Fangfei Lounge'!I45+'Royal Court'!I45+'MP Cafe'!I45+'Pingju Zhuhai'!I45+'Room Service'!I45+Banquet!I46+Minibar!I33+STW!I21+'Main Kitchen'!I21+'F&B Admin'!I21 -> 1000 | J68: ='Lobby Lounge'!J45+'Fangfei Lounge'!J45+'Royal Court'!J45+'MP Cafe'!J45+'Pingju Zhuhai'!J45+'Room Service'!J45+Banquet!J46+Minibar!J33+STW!J21+'Main Kitchen'!J21+'F&B Admin'!J21 -> 2500 | K68: ='Lobby Lounge'!K45+'Fangfei Lounge'!K45+'Royal Court'!K45+'MP Cafe'!K45+'Pingju Zhuhai'!K45+'Room Service'!K45+Banquet!K46+Minibar!K33+STW!K21+'Main Kitchen'!K21+'F&B Admin'!K21 -> 1000 | L68: ='Lobby Lounge'!L45+'Fangfei Lounge'!L45+'Royal Court'!L45+'MP Cafe'!L45+'Pingju Zhuhai'!L45+'Room Service'!L45+Banquet!L46+Minibar!L33+STW!L21+'Main Kitchen'!L21+'F&B Admin'!L21 -> 1000 | ... P68: ='Lobby Lounge'!P45+'Fangfei Lounge'!P45+'Royal Court'!P45+'MP Cafe'!P45+'Pingju Zhuhai'!P45+'Room Service'!P45+Banquet!P46+Minibar!P33+STW!P21+'Main Kitchen'!P21+'F&B Admin'!P21 -> 2500 | Q68: =SUM(E68:P68) -> 18000 | R68: 3813.29 | S68: =Q68/$Q$148 -> 0.13890497 | V68: =(Q68-U68)/U68 -> #DIV/0!
